Workbook

Sheet Summary
B1: Billing Determinant Summary
B2: 2027 | C2: kWh | D2: kW | E2: Customers / Devices
B3: =B30 -> Residential | C3: =N13 -> 92832140 | E3: =N30 -> 10599.534
B4: =B31 -> GS < 50 | C4: =N14 -> 30243420 | E4: =N31 -> 1267.1854
B5: =B32 -> GS > 50 | C5: =N15 -> 64938559 | D5: =N23 -> 196084.64 | E5: =N32 -> 132.82234
B6: =B33 -> Street Light | C6: =N16 -> 1016551 | D6: =N24 -> 2837.2201 | E6: =N33 -> 2948.3028
B7: =B34 -> Sentinel Light | C7: =N17 -> 149812.2 | D7: =N25 -> 414.87251 | E7: =N34 -> 175.85432
B8: =B35 -> USL | C8: =N18 -> 598467.09 | E8: =N35 -> 19
B9: Total | C9: =SUM(C3:C8) -> 1.8977895e+08 | D9: =SUM(D3:D8) -> 199336.73 | E9: =SUM(E3:E8) -> 15142.699
B11: Consumption (kWh)
B12: kWh | C12: 2016 Actual | D12: 2017 Actual | E12: 2018 Actual | F12: 2019 Actual | G12: 2020 Actual | H12: 2021 Actual | I12: 2022 Actual | J12: 2023 Actual | K12: 2024 Actual | L12: 2025 Actual | M12: 2026 Forecast | N12: 2027 Forecast
B13: Residential | C13: ='Summary Tables'!C3 -> 76635115 | D13: ='Summary Tables'!D3 -> 76119517 | E13: ='Summary Tables'!E3 -> 81716499 | F13: ='Summary Tables'!F3 -> 85932903 | G13: ='Summary Tables'!G3 -> 85141857 | H13: ='Summary Tables'!H3 -> 85333075 | I13: ='Summary Tables'!I3 -> 86112039 | J13: ='Summary Tables'!J3 -> 85022917 | ... L13: ='Summary Tables'!L3 -> 90973051 | M13: ='Summary Tables'!N3-'CDM Adjustment'!N7 -> 91218659 | N13: ='Summary Tables'!E13 -> 92832140
B14: GS < 50 | C14: ='Summary Tables'!C4 -> 29514061 | D14: ='Summary Tables'!D4 -> 28872534 | E14: ='Summary Tables'!E4 -> 30060062 | F14: ='Summary Tables'!F4 -> 30767208 | G14: ='Summary Tables'!G4 -> 26233400 | H14: ='Summary Tables'!H4 -> 27003039 | I14: ='Summary Tables'!I4 -> 28785066 | J14: ='Summary Tables'!J4 -> 29063129 | ... L14: ='Summary Tables'!L4 -> 30749969 | M14: ='Summary Tables'!N4-'CDM Adjustment'!N8 -> 30138183 | N14: ='Summary Tables'!E14 -> 30243420
B15: GS > 50 | C15: ='Summary Tables'!C5 -> 75048053 | D15: ='Summary Tables'!D5 -> 70829349 | E15: ='Summary Tables'!E5 -> 71502339 | F15: ='Summary Tables'!F5 -> 73532152 | G15: ='Summary Tables'!G5 -> 65161090 | H15: ='Summary Tables'!H5 -> 67961294 | I15: ='Summary Tables'!I5 -> 68211369 | J15: ='Summary Tables'!J5 -> 64679344 | ... L15: ='Summary Tables'!L5 -> 72102178 | M15: ='Summary Tables'!N5-'CDM Adjustment'!N9 -> 65316237 | N15: ='Summary Tables'!E15 -> 64938559
B16: Street Light | C16: ='Summary Tables'!C6 -> 1307703 | D16: ='Summary Tables'!D6 -> 1297582 | E16: ='Summary Tables'!E6 -> 1110658 | F16: ='Summary Tables'!F6 -> 1053969 | G16: ='Summary Tables'!G6 -> 1015667 | H16: ='Summary Tables'!H6 -> 1011635.6 | I16: ='Summary Tables'!I6 -> 1002092 | J16: ='Summary Tables'!J6 -> 998543 | ... L16: ='Summary Tables'!L6 -> 1016652 | M16: ='Summary Tables'!N6-'CDM Adjustment'!N10 -> 1012496.4 | N16: ='Summary Tables'!E16 -> 1016551
B17: Sentinel Light | C17: ='Summary Tables'!C7 -> 217806 | D17: ='Summary Tables'!D7 -> 203681 | E17: ='Summary Tables'!E7 -> 203849 | F17: ='Summary Tables'!F7 -> 211785 | G17: ='Summary Tables'!G7 -> 199124 | H17: ='Summary Tables'!H7 -> 189809.42 | I17: ='Summary Tables'!I7 -> 190718 | J17: ='Summary Tables'!J7 -> 175555 | ... L17: ='Summary Tables'!L7 -> 162265 | M17: ='Summary Tables'!N7-'CDM Adjustment'!N11 -> 157402.6 | N17: ='Summary Tables'!E17 -> 149812.2
B18: USL | C18: ='Summary Tables'!C8 -> 594265 | D18: ='Summary Tables'!D8 -> 606897.73 | E18: ='Summary Tables'!E8 -> 605298.17 | F18: ='Summary Tables'!F8 -> 613238 | G18: ='Summary Tables'!G8 -> 602100 | H18: ='Summary Tables'!H8 -> 613643.61 | I18: ='Summary Tables'!I8 -> 588782 | J18: ='Summary Tables'!J8 -> 589689 | ... L18: ='Summary Tables'!L8 -> 587172 | M18: ='Summary Tables'!N8-'CDM Adjustment'!N12 -> -256127.3 | N18: ='Summary Tables'!E18 -> 598467.09
B19: Total | C19: =SUM(C13:C18) -> 183317003 | D19: =SUM(D13:D18) -> 1.7792956e+08 | E19: =SUM(E13:E18) -> 1.8519871e+08 | F19: =SUM(F13:F18) -> 192111255 | G19: =SUM(G13:G18) -> 178353238 | H19: =SUM(H13:H18) -> 1.821125e+08 | I19: =SUM(I13:I18) -> 1.8489007e+08 | J19: =SUM(J13:J18) -> 180529177 | ... N19: =SUM(N13:N18) -> 1.8977895e+08
B21: Billed Demand (kW)
B22: kW | C22: 2016 Actual | D22: 2017 Actual | E22: 2018 Actual | F22: 2019 Actual | G22: 2020 Actual | H22: 2021 Actual | I22: 2022 Actual | J22: 2023 Actual | K22: 2024 Actual | L22: 2025 Actual | M22: 2026 Forecast | N22: 2027 Forecast
B23: GS > 50 | C23: ='Summary Tables'!C23 -> 223174 | D23: ='Summary Tables'!D23 -> 218669 | E23: ='Summary Tables'!E23 -> 229114 | F23: ='Summary Tables'!F23 -> 230501 | G23: ='Summary Tables'!G23 -> 193232.88 | H23: ='Summary Tables'!H23 -> 184340.4 | I23: ='Summary Tables'!I23 -> 204528.16 | J23: ='Summary Tables'!J23 -> 205270.34 | ... L23: ='Summary Tables'!L23 -> 214176.6 | M23: ='Summary Tables'!N23-'CDM Adjustment'!N20 -> 197167.48 | N23: ='Summary Tables'!E30 -> 196084.64
B24: Street Light | C24: ='Summary Tables'!C24 -> 3918 | D24: ='Summary Tables'!D24 -> 3609 | E24: ='Summary Tables'!E24 -> 3152 | F24: ='Summary Tables'!F24 -> 2923 | G24: ='Summary Tables'!G24 -> 2832 | H24: ='Summary Tables'!H24 -> 2822.7 | I24: ='Summary Tables'!I24 -> 2822.2 | J24: ='Summary Tables'!J24 -> 2784.3 | ... L24: ='Summary Tables'!L24 -> 2824 | M24: ='Summary Tables'!N24-'CDM Adjustment'!N21 -> 2825.9036 | N24: ='Summary Tables'!E31 -> 2837.2201
B25: Sentinel Light | C25: ='Summary Tables'!C25 -> 629 | D25: ='Summary Tables'!D25 -> 546 | E25: ='Summary Tables'!E25 -> 529 | F25: ='Summary Tables'!F25 -> 517 | G25: ='Summary Tables'!G25 -> 516 | H25: ='Summary Tables'!H25 -> 512 | I25: ='Summary Tables'!I25 -> 528.3 | J25: ='Summary Tables'!J25 -> 479 | ... L25: ='Summary Tables'!L25 -> 443.6 | M25: ='Summary Tables'!N25-'CDM Adjustment'!N22 -> 435.89248 | N25: ='Summary Tables'!E32 -> 414.87251
B26: Total | C26: =SUM(C23:C25) -> 227721 | D26: =SUM(D23:D25) -> 222824 | E26: =SUM(E23:E25) -> 232795 | F26: =SUM(F23:F25) -> 233941 | G26: =SUM(G23:G25) -> 196580.88 | H26: =SUM(H23:H25) -> 187675.1 | I26: =SUM(I23:I25) -> 207878.66 | J26: =SUM(J23:J25) -> 208533.64 | ... N26: =SUM(N23:N25) -> 199336.73
B28: Customers / Devices
B29: Customers | C29: 2016 Actual | D29: 2017 Actual | E29: 2018 Actual | F29: 2019 Actual | G29: 2020 Actual | H29: 2021 Actual | I29: 2022 Actual | J29: 2023 Actual | K29: 2024 Actual | L29: 2025 Actual | M29: 2026 Forecast | N29: 2027 Forecast
B30: =B13 -> Residential | C30: ='Summary Tables'!C37 -> 9506 | D30: ='Summary Tables'!D37 -> 9600 | E30: ='Summary Tables'!E37 -> 9740.8333 | F30: ='Summary Tables'!F37 -> 9857.25 | G30: ='Summary Tables'!G37 -> 9959.0833 | H30: ='Summary Tables'!H37 -> 10078.083 | I30: ='Summary Tables'!I37 -> 10168.75 | J30: ='Summary Tables'!J37 -> 10282.667 | ... N30: ='Summary Tables'!N37 -> 10599.534
B31: =B14 -> GS < 50 | C31: ='Summary Tables'!C38 -> 1292.5 | D31: ='Summary Tables'!D38 -> 1282 | E31: ='Summary Tables'!E38 -> 1287.4167 | F31: ='Summary Tables'!F38 -> 1285.75 | G31: ='Summary Tables'!G38 -> 1276.9167 | H31: ='Summary Tables'!H38 -> 1278.4167 | I31: ='Summary Tables'!I38 -> 1277.75 | J31: ='Summary Tables'!J38 -> 1269.5833 | ... N31: ='Summary Tables'!N38 -> 1267.1854
B32: =B15 -> GS > 50 | C32: ='Summary Tables'!C39 -> 149.75 | D32: ='Summary Tables'!D39 -> 151.25 | E32: ='Summary Tables'!E39 -> 149.25 | F32: ='Summary Tables'!F39 -> 149.33333 | G32: ='Summary Tables'!G39 -> 149.66667 | H32: ='Summary Tables'!H39 -> 144.58333 | I32: ='Summary Tables'!I39 -> 141.91667 | J32: ='Summary Tables'!J39 -> 139.33333 | ... N32: ='Summary Tables'!N39 -> 132.82234
B33: =B16 -> Street Light | C33: ='Summary Tables'!C40 -> 2821.5 | D33: ='Summary Tables'!D40 -> 2840 | E33: ='Summary Tables'!E40 -> 2877.5 | F33: ='Summary Tables'!F40 -> 2897 | G33: ='Summary Tables'!G40 -> 2905 | H33: ='Summary Tables'!H40 -> 2920 | I33: ='Summary Tables'!I40 -> 2920 | J33: ='Summary Tables'!J40 -> 2903.6667 | ... N33: ='Summary Tables'!N40 -> 2948.3028
B34: =B17 -> Sentinel Light | C34: ='Summary Tables'!C41 -> 182.25 | D34: ='Summary Tables'!D41 -> 178 | E34: ='Summary Tables'!E41 -> 178 | F34: ='Summary Tables'!F41 -> 175 | G34: ='Summary Tables'!G41 -> 171 | H34: ='Summary Tables'!H41 -> 171 | I34: ='Summary Tables'!I41 -> 177 | J34: ='Summary Tables'!J41 -> 173.91667 | ... N34: ='Summary Tables'!N41 -> 175.85432
B35: =B18 -> USL | C35: ='Summary Tables'!C42 -> 19 | D35: ='Summary Tables'!D42 -> 19 | E35: ='Summary Tables'!E42 -> 19 | F35: ='Summary Tables'!F42 -> 19 | G35: ='Summary Tables'!G42 -> 19 | H35: ='Summary Tables'!H42 -> 19 | I35: ='Summary Tables'!I42 -> 19 | J35: ='Summary Tables'!J42 -> 18.916667 | ... N35: ='Summary Tables'!N42 -> 19
B36: Total | C36: =SUM(C30:C35) -> 13971 | D36: =SUM(D30:D35) -> 14070.25 | E36: =SUM(E30:E35) -> 14252 | F36: =SUM(F30:F35) -> 14383.333 | G36: =SUM(G30:G35) -> 14480.667 | H36: =SUM(H30:H35) -> 14611.083 | I36: =SUM(I30:I35) -> 14704.417 | J36: =SUM(J30:J35) -> 14788.083 | ... N36: =SUM(N30:N35) -> 15142.699

Sheet Monthly Data
A1: Date | B1: Year | C1: Month | D1: Residential_kWh | E1: Res_CDM | F1: Res_NoCDM | G1: Residential_Customers | H1: GS_lt_50_kWh | I1: GS_lt_50_CDM | J1: GS_lt_50_NoCDM | K1: GS_lt_50_Customers | L1: GS_gt_50_kWh | M1: GS_gt_50_CDM | N1: GS_gt_50_NoCDM | O1: GS_gt_50_kW | P1: GS_gt_50_Customers | Q1: Streetlights_kWh | R1: Streetlights_kW | S1: Streetlights_Connections | T1: SentinelLights_kWh | U1: SentinelLights_kW | V1: SentinelLights_Connections | W1: USL_kWh | X1: USL_Customers | Y1: LargekWh | Z1: LargekW | AA1: GSgtxLCkWh | AB1: GSgtxLCkWh_NoCDM | AC1: GSgtxLCkW | AD1: ON GDP | AE1: OEA_GDP | AF1: Ont_FTEAdj | AG1: Ont_FTE | AH1: Ott_FTEAdj | AI1: Ott_FTE | AJ1: Ont_FTEAdjChange | AK1: Ont_FTEChange | AL1: Tor_FTEAdjChange | AM1: Tor_FTEChange | AN1: ON GDPChange | AO1: OEA_GDPChange | AP1: MeanTemp | AQ1: HDD20 | AR1: CDD20 | AS1: HDD18 | AT1: CDD18 | AU1: HDD16 | AV1: CDD16 | AW1: HDD14 | AX1: CDD14 | AY1: HDD12 | AZ1: CDD12 | BA1: HDD10 | BB1: CDD10 | BC1: HDD8 | BD1: CDD8 | BE1: Jan | BF1: Feb | BG1: Mar | BH1: Apr | BI1: May | BJ1: Jun | BK1: Jul | BL1: Aug | BM1: Sept | BN1: Oct | BO1: Nov | BP1: Dec | BQ1: Spring | BR1: Fall | BS1: Shoulder | BT1: Trend | BU1: Month Days | BV1: Peak Days | BW1: COVID | BX1: COVID_AM | BY1: COVID_WFH | BZ1: COVID2020 | CA1: CovHDD20 | CB1: CovCDD20 | CC1: CovHDD18 | CD1: CovCDD18 | CE1: CovHDD16 | CF1: CovCDD16 | CG1: CovHDD14 | CH1: CovCDD14 | CI1: CovHDD12 | CJ1: CovCDD12 | CK1: CovHDD10 | CL1: CovCDD10 | CM1: CovHDD8 | CN1: CovCDD8 | CO1: CWFHHDD20 | CP1: CWFHCDD20 | CQ1: CWFHHDD18 | CR1: CWFHCDD18 | CS1: CWFHHDD16 | CT1: CWFHCDD16 | CU1: CWFHHDD14 | CV1: CWFHCDD14 | CW1: CWFHHDD12 | CX1: CWFHCDD12 | CY1: CWFHHDD10 | CZ1: CWFHCDD10 | DA1: CWFHHDD8 | DB1: CWFHCDD8 | DC1: AvgRes | DD1: AvgResD | DE1: ResD | DF1: AvgGSlt50 | DG1: AvgGSlt50D | DH1: GSlt50D | DI1: AvgGSgt50 | DJ1: AvgGSgt50MD | DK1: AvgGSgt50PD | DL1: GSgt50MD | DM1: GSgt50PD | DN1: FlagNov25 | DO1: FlagDec25
A2: 42370 | B2: =YEAR(A2) -> 2016 | C2: =MONTH(A2) -> 1 | D2: 0 | E2: =IFERROR(VLOOKUP($B2-1,CDM!$J$6:$P$19,2,FALSE)/12,0)+IFERROR(VLOOKUP($B2,CDM!$J$37:$M$48,2,FALSE)/24,0)+IFERROR(VLOOKUP($B2,CDM!$J$37:$M$48,2,FALSE)/2*$C2/78,0) -> 18730.361 | F2: =D2+E2 -> 18730.361 | G2: 9443 | H2: 0 | I2: =IFERROR(VLOOKUP($B2-1,CDM!$J$6:$P$19,3,FALSE)/12,0)+IFERROR(VLOOKUP($B2,CDM!$J$37:$M$47,3,FALSE)/24,0)+IFERROR(VLOOKUP($B2,CDM!$J$37:$M$47,3,FALSE)/2*$C2/78,0) -> 17466.899 | J2: =H2+I2 -> 17466.899 | K2: 1292 | L2: 0 | M2: =IFERROR(VLOOKUP($B2-1,CDM!$J$6:$P$19,4,FALSE)/12,0)+IFERROR(VLOOKUP($B2,CDM!$J$37:$M$47,4,FALSE)/24,0)+IFERROR(VLOOKUP($B2,CDM!$J$37:$M$47,4,FALSE)/2*$C2/78,0) -> 15958.101 | N2: =L2+M2 -> 15958.101 | O2: 0 | P2: 150 | Q2: 0 | R2: 0 | S2: 2794 | T2: 0 | U2: 0 | V2: 183 | W2: 0 | X2: 19 | Y2: 30480 | Z2: 1248 | AA2: =L2-Y2 -> -30480 | AB2: =N2-Z2 -> 14710.101 | AC2: =O2-Z2 -> -1248 | AD2: =Economic!H4 -> 743976.2 | AE2: =Economic!I4 -> 743835 | AF2: =Economic!D4 -> 6882.9 | AG2: =Economic!E4 -> 6848.3 | AH2: =Economic!F4 -> 554.5 | AI2: =Economic!G4 -> 552 | AJ2: =Economic!J4 -> 0 | AK2: =Economic!K4 -> 0 | AL2: =Economic!L4 -> 0 | AM2: =Economic!M4 -> 0 | AN2: =Economic!N4 -> 0 | AO2: =Economic!O4 -> 0 | AP2: =Weather!D2 -> -8.6215726 | AQ2: =Weather!E2 -> 887.26875 | AR2: =Weather!F2 -> 0 | AS2: =Weather!G2 -> 825.26875 | AT2: =Weather!H2 -> 0 | AU2: =Weather!I2 -> 763.26875 | AV2: =Weather!J2 -> 0 | AW2: =Weather!K2 -> 701.26875 | ... BD2: =Weather!R2 -> 0 | BE2: 1 | BF2: 0 | BG2: 0 | BH2: 0 | BI2: 0 | BJ2: 0 | BK2: 0 | BL2: 0 | BM2: 0 | BN2: 0 | BO2: 0 | BP2: 0 | BQ2: 0 | BR2: 0 | BS2: 0 | BT2: 1 | BU2: 31 | BV2: 22 | BW2: 0 | BX2: 0 | BY2: 0 | BZ2: 0 | CA2: =$BX2*AQ2 -> 0 | CB2: =$BX2*AR2 -> 0 | CC2: =$BX2*AS2 -> 0 | CD2: =$BX2*AT2 -> 0 | CE2: =$BX2*AU2 -> 0 | CF2: =$BX2*AV2 -> 0 | CG2: =$BX2*AW2 -> 0 | CH2: =$BX2*AX2 -> 0 | ... CN2: =$BX2*BD2 -> 0 | CO2: =$BY2*AQ2 -> 0 | CP2: =$BY2*AR2 -> 0 | CQ2: =$BY2*AS2 -> 0 | CR2: =$BY2*AT2 -> 0 | CS2: =$BY2*AU2 -> 0 | CT2: =$BY2*AV2 -> 0 | CU2: =$BY2*AW2 -> 0 | CV2: =$BY2*AX2 -> 0 | ... DB2: =$BY2*BD2 -> 0 | DC2: =F2/G2 -> 1.983518 | DD2: =DC2/BU2 -> 0.063984452 | DE2: =F2/BU2 -> 604.20518 | DF2: =J2/K2 -> 13.519272 | DG2: =DF2/BU2 -> 0.43610554 | DH2: =J2/BU2 -> 563.44836 | DI2: =N2/P2 -> 106.38734 | DJ2: =DI2/BU2 -> 3.4318497 | DK2: =DI2/BV2 -> 4.8357882 | DL2: =N2/BU2 -> 514.77745 | DM2: =N2/BV2 -> 725.36823 | DN2: 0 | DO2: 0
A3: =EOMONTH(A2,0)+1 -> 42401 | B3: =YEAR(A3) -> 2016 | C3: =MONTH(A3) -> 2 | D3: 0 | E3: =IFERROR(VLOOKUP($B3-1,CDM!$J$6:$P$19,2,FALSE)/12,0)+IFERROR(VLOOKUP($B3,CDM!$J$37:$M$48,2,FALSE)/24,0)+IFERROR(VLOOKUP($B3,CDM!$J$37:$M$48,2,FALSE)/2*$C3/78,0) -> 21227.742 | F3: =D3+E3 -> 21227.742 | G3: 9443 | H3: 0 | I3: =IFERROR(VLOOKUP($B3-1,CDM!$J$6:$P$19,3,FALSE)/12,0)+IFERROR(VLOOKUP($B3,CDM!$J$37:$M$47,3,FALSE)/24,0)+IFERROR(VLOOKUP($B3,CDM!$J$37:$M$47,3,FALSE)/2*$C3/78,0) -> 19795.819 | J3: =H3+I3 -> 19795.819 | K3: 1292 | L3: 0 | M3: =IFERROR(VLOOKUP($B3-1,CDM!$J$6:$P$19,4,FALSE)/12,0)+IFERROR(VLOOKUP($B3,CDM!$J$37:$M$47,4,FALSE)/24,0)+IFERROR(VLOOKUP($B3,CDM!$J$37:$M$47,4,FALSE)/2*$C3/78,0) -> 18085.848 | N3: =L3+M3 -> 18085.848 | O3: 0 | P3: 150 | Q3: 0 | R3: 0 | S3: 2794 | T3: 0 | U3: 0 | V3: 183 | W3: 0 | X3: 19 | Y3: 118530 | Z3: 3864 | AA3: =L3-Y3 -> -118530 | AB3: =N3-Z3 -> 14221.848 | AC3: =O3-Z3 -> -3864 | AD3: =Economic!H5 -> 743976.2 | AE3: =Economic!I5 -> 743835 | AF3: =Economic!D5 -> 6899.5 | AG3: =Economic!E5 -> 6829.1 | AH3: =Economic!F5 -> 557.6 | AI3: =Economic!G5 -> 554.2 | AJ3: =Economic!J5 -> 0 | AK3: =Economic!K5 -> 0 | AL3: =Economic!L5 -> 0 | AM3: =Economic!M5 -> 0 | AN3: =Economic!N5 -> 0 | AO3: =Economic!O5 -> 0 | AP3: =Weather!D3 -> -9.8030172 | AQ3: =Weather!E3 -> 864.2875 | AR3: =Weather!F3 -> 0 | AS3: =Weather!G3 -> 806.2875 | AT3: =Weather!H3 -> 0 | AU3: =Weather!I3 -> 748.2875 | AV3: =Weather!J3 -> 0 | AW3: =Weather!K3 -> 690.2875 | ... BD3: =Weather!R3 -> 0 | BE3: 0 | BF3: 1 | BG3: 0 | BH3: 0 | BI3: 0 | BJ3: 0 | BK3: 0 | BL3: 0 | BM3: 0 | BN3: 0 | BO3: 0 | BP3: 0 | BQ3: 0 | BR3: 0 | BS3: 0 | BT3: =1+BT2 -> 2 | BU3: 28 | BV3: 19 | BW3: 0 | BX3: 0 | BY3: 0 | BZ3: 0 | CA3: =$BX3*AQ3 -> 0 | CB3: =$BX3*AR3 -> 0 | CC3: =$BX3*AS3 -> 0 | CD3: =$BX3*AT3 -> 0 | CE3: =$BX3*AU3 -> 0 | CF3: =$BX3*AV3 -> 0 | CG3: =$BX3*AW3 -> 0 | CH3: =$BX3*AX3 -> 0 | ... CN3: =$BX3*BD3 -> 0 | CO3: =$BY3*AQ3 -> 0 | CP3: =$BY3*AR3 -> 0 | CQ3: =$BY3*AS3 -> 0 | CR3: =$BY3*AT3 -> 0 | CS3: =$BY3*AU3 -> 0 | CT3: =$BY3*AV3 -> 0 | CU3: =$BY3*AW3 -> 0 | CV3: =$BY3*AX3 -> 0 | ... DB3: =$BY3*BD3 -> 0 | DC3: =F3/G3 -> 2.2479871 | DD3: =DC3/BU3 -> 0.080285253 | DE3: =F3/BU3 -> 758.13364 | DF3: =J3/K3 -> 15.321841 | DG3: =DF3/BU3 -> 0.54720862 | DH3: =J3/BU3 -> 706.99353 | DI3: =N3/P3 -> 120.57232 | DJ3: =DI3/BU3 -> 4.3061542 | DK3: =DI3/BV3 -> 6.3459115 | DL3: =N3/BU3 -> 645.92313 | DM3: =N3/BV3 -> 951.88672 | DN3: 0 | DO3: 0
A4: =EOMONTH(A3,0)+1 -> 42430 | B4: =YEAR(A4) -> 2016 | C4: =MONTH(A4) -> 3 | D4: 0 | E4: =IFERROR(VLOOKUP($B4-1,CDM!$J$6:$P$19,2,FALSE)/12,0)+IFERROR(VLOOKUP($B4,CDM!$J$37:$M$48,2,FALSE)/24,0)+IFERROR(VLOOKUP($B4,CDM!$J$37:$M$48,2,FALSE)/2*$C4/78,0) -> 23725.123 | F4: =D4+E4 -> 23725.123 | G4: 9443 | H4: 0 | I4: =IFERROR(VLOOKUP($B4-1,CDM!$J$6:$P$19,3,FALSE)/12,0)+IFERROR(VLOOKUP($B4,CDM!$J$37:$M$47,3,FALSE)/24,0)+IFERROR(VLOOKUP($B4,CDM!$J$37:$M$47,3,FALSE)/2*$C4/78,0) -> 22124.739 | J4: =H4+I4 -> 22124.739 | K4: 1292 | L4: 0 | M4: =IFERROR(VLOOKUP($B4-1,CDM!$J$6:$P$19,4,FALSE)/12,0)+IFERROR(VLOOKUP($B4,CDM!$J$37:$M$47,4,FALSE)/24,0)+IFERROR(VLOOKUP($B4,CDM!$J$37:$M$47,4,FALSE)/2*$C4/78,0) -> 20213.595 | N4: =L4+M4 -> 20213.595 | O4: 0 | P4: 150 | Q4: 0 | R4: 0 | S4: 2794 | T4: 0 | U4: 0 | V4: 183 | W4: 0 | X4: 19 | Y4: 558 | Z4: 336 | AA4: =L4-Y4 -> -558 | AB4: =N4-Y4 -> 19655.595 | AC4: =O4-Z4 -> -336 | AD4: =Economic!H6 -> 743976.2 | AE4: =Economic!I6 -> 743835 | AF4: =Economic!D6 -> 6908.6 | AG4: =Economic!E6 -> 6808.7 | AH4: =Economic!F6 -> 559.7 | AI4: =Economic!G6 -> 555.6 | AJ4: =Economic!J6 -> 0 | AK4: =Economic!K6 -> 0 | AL4: =Economic!L6 -> 0 | AM4: =Economic!M6 -> 0 | AN4: =Economic!N6 -> 0 | AO4: =Economic!O6 -> 0 | AP4: =Weather!D4 -> -2.3917339 | AQ4: =Weather!E4 -> 694.14375 | AR4: =Weather!F4 -> 0 | AS4: =Weather!G4 -> 632.14375 | AT4: =Weather!H4 -> 0 | AU4: =Weather!I4 -> 570.14375 | AV4: =Weather!J4 -> 0 | AW4: =Weather!K4 -> 508.14375 | ... BD4: =Weather!R4 -> 0 | BE4: 0 | BF4: 0 | BG4: 1 | BH4: 0 | BI4: 0 | BJ4: 0 | BK4: 0 | BL4: 0 | BM4: 0 | BN4: 0 | BO4: 0 | BP4: 0 | BQ4: 1 | BR4: 0 | BS4: 1 | BT4: =1+BT3 -> 3 | BU4: 31 | BV4: 21 | BW4: 0 | BX4: 0 | BY4: 0 | BZ4: 0 | CA4: =$BX4*AQ4 -> 0 | CB4: =$BX4*AR4 -> 0 | CC4: =$BX4*AS4 -> 0 | CD4: =$BX4*AT4 -> 0 | CE4: =$BX4*AU4 -> 0 | CF4: =$BX4*AV4 -> 0 | CG4: =$BX4*AW4 -> 0 | CH4: =$BX4*AX4 -> 0 | ... CN4: =$BX4*BD4 -> 0 | CO4: =$BY4*AQ4 -> 0 | CP4: =$BY4*AR4 -> 0 | CQ4: =$BY4*AS4 -> 0 | CR4: =$BY4*AT4 -> 0 | CS4: =$BY4*AU4 -> 0 | CT4: =$BY4*AV4 -> 0 | CU4: =$BY4*AW4 -> 0 | CV4: =$BY4*AX4 -> 0 | ... DB4: =$BY4*BD4 -> 0 | DC4: =F4/G4 -> 2.5124561 | DD4: =DC4/BU4 -> 0.081046972 | DE4: =F4/BU4 -> 765.32656 | DF4: =J4/K4 -> 17.124411 | DG4: =DF4/BU4 -> 0.55240035 | DH4: =J4/BU4 -> 713.70125 | DI4: =N4/P4 -> 134.7573 | DJ4: =DI4/BU4 -> 4.3470096 | DK4: =DI4/BV4 -> 6.4170141 | DL4: =N4/BU4 -> 652.05144 | DM4: =N4/BV4 -> 962.55212 | DN4: 0 | DO4: 0
A5: =EOMONTH(A4,0)+1 -> 42461 | B5: =YEAR(A5) -> 2016 | C5: =MONTH(A5) -> 4 | D5: 0 | E5: =IFERROR(VLOOKUP($B5-1,CDM!$J$6:$P$19,2,FALSE)/12,0)+IFERROR(VLOOKUP($B5,CDM!$J$37:$M$48,2,FALSE)/24,0)+IFERROR(VLOOKUP($B5,CDM!$J$37:$M$48,2,FALSE)/2*$C5/78,0) -> 26222.505 | F5: =D5+E5 -> 26222.505 | G5: 9491 | H5: 0 | I5: =IFERROR(VLOOKUP($B5-1,CDM!$J$6:$P$19,3,FALSE)/12,0)+IFERROR(VLOOKUP($B5,CDM!$J$37:$M$47,3,FALSE)/24,0)+IFERROR(VLOOKUP($B5,CDM!$J$37:$M$47,3,FALSE)/2*$C5/78,0) -> 24453.659 | J5: =H5+I5 -> 24453.659 | K5: 1291 | L5: 0 | M5: =IFERROR(VLOOKUP($B5-1,CDM!$J$6:$P$19,4,FALSE)/12,0)+IFERROR(VLOOKUP($B5,CDM!$J$37:$M$47,4,FALSE)/24,0)+IFERROR(VLOOKUP($B5,CDM!$J$37:$M$47,4,FALSE)/2*$C5/78,0) -> 22341.341 | N5: =L5+M5 -> 22341.341 | O5: 0 | P5: 149 | Q5: 0 | R5: 0 | S5: 2833 | T5: 0 | U5: 0 | V5: 182 | W5: 0 | X5: 19 | Y5: 6 | Z5: 24 | AA5: =L5-Y5 -> -6 | AB5: =N5-Y5 -> 22335.341 | AC5: =O5-Z5 -> -24 | AD5: =Economic!H7 -> 743976.2 | AE5: =Economic!I7 -> 740829 | AF5: =Economic!D7 -> 6909 | AG5: =Economic!E7 -> 6823.1 | AH5: =Economic!F7 -> 556.9 | AI5: =Economic!G7 -> 555.4 | AJ5: =Economic!J7 -> 0 | AK5: =Economic!K7 -> 0 | AL5: =Economic!L7 -> 0 | AM5: =Economic!M7 -> 0 | AN5: =Economic!N7 -> 0 | AO5: =Economic!O7 -> 0 | AP5: =Weather!D5 -> 1.8519444 | AQ5: =Weather!E5 -> 544.44167 | AR5: =Weather!F5 -> 0 | AS5: =Weather!G5 -> 484.44167 | AT5: =Weather!H5 -> 0 | AU5: =Weather!I5 -> 424.44167 | AV5: =Weather!J5 -> 0 | AW5: =Weather!K5 -> 364.44167 | ... BD5: =Weather!R5 -> 3.2875 | BE5: 0 | BF5: 0 | BG5: 0 | BH5: 1 | BI5: 0 | BJ5: 0 | BK5: 0 | BL5: 0 | BM5: 0 | BN5: 0 | BO5: 0 | BP5: 0 | BQ5: 1 | BR5: 0 | BS5: 1 | BT5: =1+BT4 -> 4 | BU5: 30 | BV5: 20 | BW5: 0 | BX5: 0 | BY5: 0 | BZ5: 0 | CA5: =$BX5*AQ5 -> 0 | CB5: =$BX5*AR5 -> 0 | CC5: =$BX5*AS5 -> 0 | CD5: =$BX5*AT5 -> 0 | CE5: =$BX5*AU5 -> 0 | CF5: =$BX5*AV5 -> 0 | CG5: =$BX5*AW5 -> 0 | CH5: =$BX5*AX5 -> 0 | ... CN5: =$BX5*BD5 -> 0 | CO5: =$BY5*AQ5 -> 0 | CP5: =$BY5*AR5 -> 0 | CQ5: =$BY5*AS5 -> 0 | CR5: =$BY5*AT5 -> 0 | CS5: =$BY5*AU5 -> 0 | CT5: =$BY5*AV5 -> 0 | CU5: =$BY5*AW5 -> 0 | CV5: =$BY5*AX5 -> 0 | ... DB5: =$BY5*BD5 -> 0 | DC5: =F5/G5 -> 2.7628811 | DD5: =DC5/BU5 -> 0.092096038 | DE5: =F5/BU5 -> 874.08349 | DF5: =J5/K5 -> 18.941641 | DG5: =DF5/BU5 -> 0.63138804 | DH5: =J5/BU5 -> 815.12196 | DI5: =N5/P5 -> 149.94189 | DJ5: =DI5/BU5 -> 4.9980629 | DK5: =DI5/BV5 -> 7.4970944 | DL5: =N5/BU5 -> 744.71138 | DM5: =N5/BV5 -> 1117.0671 | DN5: 0 | DO5: 0
A6: =EOMONTH(A5,0)+1 -> 42491 | B6: =YEAR(A6) -> 2016 | C6: =MONTH(A6) -> 5 | D6: 0 | E6: =IFERROR(VLOOKUP($B6-1,CDM!$J$6:$P$19,2,FALSE)/12,0)+IFERROR(VLOOKUP($B6,CDM!$J$37:$M$48,2,FALSE)/24,0)+IFERROR(VLOOKUP($B6,CDM!$J$37:$M$48,2,FALSE)/2*$C6/78,0) -> 28719.886 | F6: =D6+E6 -> 28719.886 | G6: 9491 | H6: 0 | I6: =IFERROR(VLOOKUP($B6-1,CDM!$J$6:$P$19,3,FALSE)/12,0)+IFERROR(VLOOKUP($B6,CDM!$J$37:$M$47,3,FALSE)/24,0)+IFERROR(VLOOKUP($B6,CDM!$J$37:$M$47,3,FALSE)/2*$C6/78,0) -> 26782.579 | J6: =H6+I6 -> 26782.579 | K6: 1291 | L6: 0 | M6: =IFERROR(VLOOKUP($B6-1,CDM!$J$6:$P$19,4,FALSE)/12,0)+IFERROR(VLOOKUP($B6,CDM!$J$37:$M$47,4,FALSE)/24,0)+IFERROR(VLOOKUP($B6,CDM!$J$37:$M$47,4,FALSE)/2*$C6/78,0) -> 24469.088 | N6: =L6+M6 -> 24469.088 | O6: 0 | P6: 149 | Q6: 0 | R6: 0 | S6: 2833 | T6: 0 | U6: 0 | V6: 182 | W6: 0 | X6: 19 | Y6: 22242 | Z6: 3696 | AA6: =L6-Y6 -> -22242 | AB6: =N6-Y6 -> 2227.0881 | AC6: =O6-Z6 -> -3696 | AD6: =Economic!H8 -> 743976.2 | AE6: =Economic!I8 -> 740829 | AF6: =Economic!D8 -> 6919.1 | AG6: =Economic!E8 -> 6889.6 | AH6: =Economic!F8 -> 561.4 | AI6: =Economic!G8 -> 562.4 | AJ6: =Economic!J8 -> 0 | AK6: =Economic!K8 -> 0 | AL6: =Economic!L8 -> 0 | AM6: =Economic!M8 -> 0 | AN6: =Economic!N8 -> 0 | AO6: =Economic!O8 -> 0 | AP6: =Weather!D6 -> 13.282124 | AQ6: =Weather!E6 -> 215.85833 | AR6: =Weather!F6 -> 7.6041667 | AS6: =Weather!G6 -> 163.84583 | AT6: =Weather!H6 -> 17.591667 | AU6: =Weather!I6 -> 118.72917 | AV6: =Weather!J6 -> 34.475 | AW6: =Weather!K6 -> 82.825 | ... BD6: =Weather!R6 -> 177.97083 | BE6: 0 | BF6: 0 | BG6: 0 | BH6: 0 | BI6: 1 | BJ6: 0 | BK6: 0 | BL6: 0 | BM6: 0 | BN6: 0 | BO6: 0 | BP6: 0 | BQ6: 1 | BR6: 0 | BS6: 1 | BT6: =1+BT5 -> 5 | BU6: 31 | BV6: 22 | BW6: 0 | BX6: 0 | BY6: 0 | BZ6: 0 | CA6: =$BX6*AQ6 -> 0 | CB6: =$BX6*AR6 -> 0 | CC6: =$BX6*AS6 -> 0 | CD6: =$BX6*AT6 -> 0 | CE6: =$BX6*AU6 -> 0 | CF6: =$BX6*AV6 -> 0 | CG6: =$BX6*AW6 -> 0 | CH6: =$BX6*AX6 -> 0 | ... CN6: =$BX6*BD6 -> 0 | CO6: =$BY6*AQ6 -> 0 | CP6: =$BY6*AR6 -> 0 | CQ6: =$BY6*AS6 -> 0 | CR6: =$BY6*AT6 -> 0 | CS6: =$BY6*AU6 -> 0 | CT6: =$BY6*AV6 -> 0 | CU6: =$BY6*AW6 -> 0 | CV6: =$BY6*AX6 -> 0 | ... DB6: =$BY6*BD6 -> 0 | DC6: =F6/G6 -> 3.0260127 | DD6: =DC6/BU6 -> 0.097613312 | DE6: =F6/BU6 -> 926.44794 | DF6: =J6/K6 -> 20.745607 | DG6: =DF6/BU6 -> 0.66921313 | DH6: =J6/BU6 -> 863.95415 | DI6: =N6/P6 -> 164.22207 | DJ6: =DI6/BU6 -> 5.2974861 | DK6: =DI6/BV6 -> 7.4646395 | DL6: =N6/BU6 -> 789.32542 | DM6: =N6/BV6 -> 1112.2313 | DN6: 0 | DO6: 0
A7: =EOMONTH(A6,0)+1 -> 42522 | B7: =YEAR(A7) -> 2016 | C7: =MONTH(A7) -> 6 | D7: 0 | E7: =IFERROR(VLOOKUP($B7-1,CDM!$J$6:$P$19,2,FALSE)/12,0)+IFERROR(VLOOKUP($B7,CDM!$J$37:$M$48,2,FALSE)/24,0)+IFERROR(VLOOKUP($B7,CDM!$J$37:$M$48,2,FALSE)/2*$C7/78,0) -> 31217.268 | F7: =D7+E7 -> 31217.268 | G7: 9491 | H7: 0 | I7: =IFERROR(VLOOKUP($B7-1,CDM!$J$6:$P$19,3,FALSE)/12,0)+IFERROR(VLOOKUP($B7,CDM!$J$37:$M$47,3,FALSE)/24,0)+IFERROR(VLOOKUP($B7,CDM!$J$37:$M$47,3,FALSE)/2*$C7/78,0) -> 29111.498 | J7: =H7+I7 -> 29111.498 | K7: 1291 | L7: 0 | M7: =IFERROR(VLOOKUP($B7-1,CDM!$J$6:$P$19,4,FALSE)/12,0)+IFERROR(VLOOKUP($B7,CDM!$J$37:$M$47,4,FALSE)/24,0)+IFERROR(VLOOKUP($B7,CDM!$J$37:$M$47,4,FALSE)/2*$C7/78,0) -> 26596.835 | N7: =L7+M7 -> 26596.835 | O7: 0 | P7: 149 | Q7: 0 | R7: 0 | S7: 2833 | T7: 0 | U7: 0 | V7: 182 | W7: 0 | X7: 19 | Y7: 6738 | Z7: 1224 | AA7: =L7-Y7 -> -6738 | AB7: =N7-Y7 -> 19858.835 | AC7: =O7-Z7 -> -1224 | AD7: =Economic!H9 -> 743976.2 | AE7: =Economic!I9 -> 740829 | AF7: =Economic!D9 -> 6930 | AG7: =Economic!E9 -> 6973 | AH7: =Economic!F9 -> 564.4 | AI7: =Economic!G9 -> 568.2 | AJ7: =Economic!J9 -> 0 | AK7: =Economic!K9 -> 0 | AL7: =Economic!L9 -> 0 | AM7: =Economic!M9 -> 0 | AN7: =Economic!N9 -> 0 | AO7: =Economic!O9 -> 0 | AP7: =Weather!D7 -> 17.330278 | AQ7: =Weather!E7 -> 99.395833 | AR7: =Weather!F7 -> 19.304167 | AS7: =Weather!G7 -> 59.65 | AT7: =Weather!H7 -> 39.558333 | AU7: =Weather!I7 -> 34.066667 | AV7: =Weather!J7 -> 73.975 | AW7: =Weather!K7 -> 16.004167 | ... BD7: =Weather!R7 -> 279.90833 | BE7: 0 | BF7: 0 | BG7: 0 | BH7: 0 | BI7: 0 | BJ7: 1 | BK7: 0 | BL7: 0 | BM7: 0 | BN7: 0 | BO7: 0 | BP7: 0 | BQ7: 0 | BR7: 0 | BS7: 0 | BT7: =1+BT6 -> 6 | BU7: 30 | BV7: 21 | BW7: 0 | BX7: 0 | BY7: 0 | BZ7: 0 | CA7: =$BX7*AQ7 -> 0 | CB7: =$BX7*AR7 -> 0 | CC7: =$BX7*AS7 -> 0 | CD7: =$BX7*AT7 -> 0 | CE7: =$BX7*AU7 -> 0 | CF7: =$BX7*AV7 -> 0 | CG7: =$BX7*AW7 -> 0 | CH7: =$BX7*AX7 -> 0 | ... CN7: =$BX7*BD7 -> 0 | CO7: =$BY7*AQ7 -> 0 | CP7: =$BY7*AR7 -> 0 | CQ7: =$BY7*AS7 -> 0 | CR7: =$BY7*AT7 -> 0 | CS7: =$BY7*AU7 -> 0 | CT7: =$BY7*AV7 -> 0 | CU7: =$BY7*AW7 -> 0 | CV7: =$BY7*AX7 -> 0 | ... DB7: =$BY7*BD7 -> 0 | DC7: =F7/G7 -> 3.2891442 | DD7: =DC7/BU7 -> 0.10963814 | DE7: =F7/BU7 -> 1040.5756 | DF7: =J7/K7 -> 22.549573 | DG7: =DF7/BU7 -> 0.75165242 | DH7: =J7/BU7 -> 970.38328 | DI7: =N7/P7 -> 178.50225 | DJ7: =DI7/BU7 -> 5.9500749 | DK7: =DI7/BV7 -> 8.500107 | DL7: =N7/BU7 -> 886.56116 | DM7: =N7/BV7 -> 1266.5159 | DN7: 0 | DO7: 0
A8: =EOMONTH(A7,0)+1 -> 42552 | B8: =YEAR(A8) -> 2016 | C8: =MONTH(A8) -> 7 | D8: 0 | E8: =IFERROR(VLOOKUP($B8-1,CDM!$J$6:$P$19,2,FALSE)/12,0)+IFERROR(VLOOKUP($B8,CDM!$J$37:$M$48,2,FALSE)/24,0)+IFERROR(VLOOKUP($B8,CDM!$J$37:$M$48,2,FALSE)/2*$C8/78,0) -> 33714.649 | F8: =D8+E8 -> 33714.649 | G8: 9540 | H8: 0 | I8: =IFERROR(VLOOKUP($B8-1,CDM!$J$6:$P$19,3,FALSE)/12,0)+IFERROR(VLOOKUP($B8,CDM!$J$37:$M$47,3,FALSE)/24,0)+IFERROR(VLOOKUP($B8,CDM!$J$37:$M$47,3,FALSE)/2*$C8/78,0) -> 31440.418 | J8: =H8+I8 -> 31440.418 | K8: 1293 | L8: 0 | M8: =IFERROR(VLOOKUP($B8-1,CDM!$J$6:$P$19,4,FALSE)/12,0)+IFERROR(VLOOKUP($B8,CDM!$J$37:$M$47,4,FALSE)/24,0)+IFERROR(VLOOKUP($B8,CDM!$J$37:$M$47,4,FALSE)/2*$C8/78,0) -> 28724.582 | N8: =L8+M8 -> 28724.582 | O8: 0 | P8: 150 | Q8: 0 | R8: 0 | S8: 2816 | T8: 0 | U8: 0 | V8: 182 | W8: 0 | X8: 19 | Y8: 21684 | Z8: 4992 | AA8: =L8-Y8 -> -21684 | AB8: =N8-Y8 -> 7040.5817 | AC8: =O8-Z8 -> -4992 | AD8: =Economic!H10 -> 743976.2 | AE8: =Economic!I10 -> 746710 | AF8: =Economic!D10 -> 6933.8 | AG8: =Economic!E10 -> 7021.7 | AH8: =Economic!F10 -> 570.7 | AI8: =Economic!G10 -> 576.4 | AJ8: =Economic!J10 -> 0 | AK8: =Economic!K10 -> 0 | AL8: =Economic!L10 -> 0 | AM8: =Economic!M10 -> 0 | AN8: =Economic!N10 -> 0 | AO8: =Economic!O10 -> 0 | AP8: =Weather!D8 -> 20.335349 | AQ8: =Weather!E8 -> 31.595833 | AR8: =Weather!F8 -> 41.991667 | AS8: =Weather!G8 -> 7.4375 | AT8: =Weather!H8 -> 79.833333 | AU8: =Weather!I8 -> 0.4875 | AV8: =Weather!J8 -> 134.88333 | AW8: =Weather!K8 -> 0 | ... BD8: =Weather!R8 -> 382.39583 | BE8: 0 | BF8: 0 | BG8: 0 | BH8: 0 | BI8: 0 | BJ8: 0 | BK8: 1 | BL8: 0 | BM8: 0 | BN8: 0 | BO8: 0 | BP8: 0 | BQ8: 0 | BR8: 0 | BS8: 0 | BT8: =1+BT7 -> 7 | BU8: 31 | BV8: 22 | BW8: 0 | BX8: 0 | BY8: 0 | BZ8: 0 | CA8: =$BX8*AQ8 -> 0 | CB8: =$BX8*AR8 -> 0 | CC8: =$BX8*AS8 -> 0 | CD8: =$BX8*AT8 -> 0 | CE8: =$BX8*AU8 -> 0 | CF8: =$BX8*AV8 -> 0 | CG8: =$BX8*AW8 -> 0 | CH8: =$BX8*AX8 -> 0 | ... CN8: =$BX8*BD8 -> 0 | CO8: =$BY8*AQ8 -> 0 | CP8: =$BY8*AR8 -> 0 | CQ8: =$BY8*AS8 -> 0 | CR8: =$BY8*AT8 -> 0 | CS8: =$BY8*AU8 -> 0 | CT8: =$BY8*AV8 -> 0 | CU8: =$BY8*AW8 -> 0 | CV8: =$BY8*AX8 -> 0 | ... DB8: =$BY8*BD8 -> 0 | DC8: =F8/G8 -> 3.5340303 | DD8: =DC8/BU8 -> 0.11400098 | DE8: =F8/BU8 -> 1087.5693 | DF8: =J8/K8 -> 24.315869 | DG8: =DF8/BU8 -> 0.78438286 | DH8: =J8/BU8 -> 1014.207 | DI8: =N8/P8 -> 191.49721 | DJ8: =DI8/BU8 -> 6.1773294 | DK8: =DI8/BV8 -> 8.7044187 | DL8: =N8/BU8 -> 926.59941 | DM8: =N8/BV8 -> 1305.6628 | DN8: 0 | DO8: 0
A9: =EOMONTH(A8,0)+1 -> 42583 | B9: =YEAR(A9) -> 2016 | C9: =MONTH(A9) -> 8 | D9: 0 | E9: =IFERROR(VLOOKUP($B9-1,CDM!$J$6:$P$19,2,FALSE)/12,0)+IFERROR(VLOOKUP($B9,CDM!$J$37:$M$48,2,FALSE)/24,0)+IFERROR(VLOOKUP($B9,CDM!$J$37:$M$48,2,FALSE)/2*$C9/78,0) -> 36212.03 | F9: =D9+E9 -> 36212.03 | G9: 9540 | H9: 0 | I9: =IFERROR(VLOOKUP($B9-1,CDM!$J$6:$P$19,3,FALSE)/12,0)+IFERROR(VLOOKUP($B9,CDM!$J$37:$M$47,3,FALSE)/24,0)+IFERROR(VLOOKUP($B9,CDM!$J$37:$M$47,3,FALSE)/2*$C9/78,0) -> 33769.338 | J9: =H9+I9 -> 33769.338 | K9: 1293 | L9: 0 | M9: =IFERROR(VLOOKUP($B9-1,CDM!$J$6:$P$19,4,FALSE)/12,0)+IFERROR(VLOOKUP($B9,CDM!$J$37:$M$47,4,FALSE)/24,0)+IFERROR(VLOOKUP($B9,CDM!$J$37:$M$47,4,FALSE)/2*$C9/78,0) -> 30852.329 | N9: =L9+M9 -> 30852.329 | O9: 0 | P9: 150 | Q9: 0 | R9: 0 | S9: 2816 | T9: 0 | U9: 0 | V9: 182 | W9: 0 | X9: 19 | Y9: 13710 | Z9: 2736 | AA9: =L9-Y9 -> -13710 | AB9: =N9-Y9 -> 17142.329 | AC9: =O9-Z9 -> -2736 | AD9: =Economic!H11 -> 743976.2 | AE9: =Economic!I11 -> 746710 | AF9: =Economic!D11 -> 6931.2 | AG9: =Economic!E11 -> 7018.7 | AH9: =Economic!F11 -> 571.8 | AI9: =Economic!G11 -> 574.1 | AJ9: =Economic!J11 -> 0 | AK9: =Economic!K11 -> 0 | AL9: =Economic!L11 -> 0 | AM9: =Economic!M11 -> 0 | AN9: =Economic!N11 -> 0 | AO9: =Economic!O11 -> 0 | AP9: =Weather!D9 -> 20.850269 | AQ9: =Weather!E9 -> 19.4625 | AR9: =Weather!F9 -> 45.820833 | AS9: =Weather!G9 -> 3.7375 | AT9: =Weather!H9 -> 92.095833 | AU9: =Weather!I9 -> 1.1125 | AV9: =Weather!J9 -> 151.47083 | AW9: =Weather!K9 -> 0 | ... BD9: =Weather!R9 -> 398.35833 | BE9: 0 | BF9: 0 | BG9: 0 | BH9: 0 | BI9: 0 | BJ9: 0 | BK9: 0 | BL9: 1 | BM9: 0 | BN9: 0 | BO9: 0 | BP9: 0 | BQ9: 0 | BR9: 0 | BS9: 0 | BT9: =1+BT8 -> 8 | BU9: 31 | BV9: 20 | BW9: 0 | BX9: 0 | BY9: 0 | BZ9: 0 | CA9: =$BX9*AQ9 -> 0 | CB9: =$BX9*AR9 -> 0 | CC9: =$BX9*AS9 -> 0 | CD9: =$BX9*AT9 -> 0 | CE9: =$BX9*AU9 -> 0 | CF9: =$BX9*AV9 -> 0 | CG9: =$BX9*AW9 -> 0 | CH9: =$BX9*AX9 -> 0 | ... CN9: =$BX9*BD9 -> 0 | CO9: =$BY9*AQ9 -> 0 | CP9: =$BY9*AR9 -> 0 | CQ9: =$BY9*AS9 -> 0 | CR9: =$BY9*AT9 -> 0 | CS9: =$BY9*AU9 -> 0 | CT9: =$BY9*AV9 -> 0 | CU9: =$BY9*AW9 -> 0 | CV9: =$BY9*AX9 -> 0 | ... DB9: =$BY9*BD9 -> 0 | DC9: =F9/G9 -> 3.7958103 | DD9: =DC9/BU9 -> 0.12244549 | DE9: =F9/BU9 -> 1168.13 | DF9: =J9/K9 -> 26.117044 | DG9: =DF9/BU9 -> 0.8424853 | DH9: =J9/BU9 -> 1089.3335 | DI9: =N9/P9 -> 205.68219 | DJ9: =DI9/BU9 -> 6.6349094 | DK9: =DI9/BV9 -> 10.28411 | DL9: =N9/BU9 -> 995.2364 | DM9: =N9/BV9 -> 1542.6164 | DN9: 0 | DO9: 0
A10: =EOMONTH(A9,0)+1 -> 42614 | B10: =YEAR(A10) -> 2016 | C10: =MONTH(A10) -> 9 | D10: 0 | E10: =IFERROR(VLOOKUP($B10-1,CDM!$J$6:$P$19,2,FALSE)/12,0)+IFERROR(VLOOKUP($B10,CDM!$J$37:$M$48,2,FALSE)/24,0)+IFERROR(VLOOKUP($B10,CDM!$J$37:$M$48,2,FALSE)/2*$C10/78,0) -> 38709.412 | F10: =D10+E10 -> 38709.412 | G10: 9540 | H10: 0 | I10: =IFERROR(VLOOKUP($B10-1,CDM!$J$6:$P$19,3,FALSE)/12,0)+IFERROR(VLOOKUP($B10,CDM!$J$37:$M$47,3,FALSE)/24,0)+IFERROR(VLOOKUP($B10,CDM!$J$37:$M$47,3,FALSE)/2*$C10/78,0) -> 36098.258 | J10: =H10+I10 -> 36098.258 | K10: 1293 | L10: 0 | M10: =IFERROR(VLOOKUP($B10-1,CDM!$J$6:$P$19,4,FALSE)/12,0)+IFERROR(VLOOKUP($B10,CDM!$J$37:$M$47,4,FALSE)/24,0)+IFERROR(VLOOKUP($B10,CDM!$J$37:$M$47,4,FALSE)/2*$C10/78,0) -> 32980.075 | N10: =L10+M10 -> 32980.075 | O10: 0 | P10: 150 | Q10: 0 | R10: 0 | S10: 2816 | T10: 0 | U10: 0 | V10: 182 | W10: 0 | X10: 19 | Y10: 210 | Z10: 432 | AA10: =L10-Y10 -> -210 | AB10: =N10-Y10 -> 32770.075 | AC10: =O10-Z10 -> -432 | AD10: =Economic!H12 -> 743976.2 | AE10: =Economic!I12 -> 746710 | AF10: =Economic!D12 -> 6929.7 | AG10: =Economic!E12 -> 6973.4 | AH10: =Economic!F12 -> 569.2 | AI10: =Economic!G12 -> 567.2 | AJ10: =Economic!J12 -> 0 | AK10: =Economic!K12 -> 0 | AL10: =Economic!L12 -> 0 | AM10: =Economic!M12 -> 0 | AN10: =Economic!N12 -> 0 | AO10: =Economic!O12 -> 0 | AP10: =Weather!D10 -> 15.191389 | AQ10: =Weather!E10 -> 150.00417 | AR10: =Weather!F10 -> 5.7458333 | AS10: =Weather!G10 -> 100.48333 | AT10: =Weather!H10 -> 16.225 | AU10: =Weather!I10 -> 59.129167 | AV10: =Weather!J10 -> 34.870833 | AW10: =Weather!K10 -> 29.379167 | ... BD10: =Weather!R10 -> 215.775 | BE10: 0 | BF10: 0 | BG10: 0 | BH10: 0 | BI10: 0 | BJ10: 0 | BK10: 0 | BL10: 0 | BM10: 1 | BN10: 0 | BO10: 0 | BP10: 0 | BQ10: 0 | BR10: 1 | BS10: 1 | BT10: =1+BT9 -> 9 | BU10: 30 | BV10: 21 | BW10: 0 | BX10: 0 | BY10: 0 | BZ10: 0 | CA10: =$BX10*AQ10 -> 0 | CB10: =$BX10*AR10 -> 0 | CC10: =$BX10*AS10 -> 0 | CD10: =$BX10*AT10 -> 0 | CE10: =$BX10*AU10 -> 0 | CF10: =$BX10*AV10 -> 0 | CG10: =$BX10*AW10 -> 0 | CH10: =$BX10*AX10 -> 0 | ... CN10: =$BX10*BD10 -> 0 | CO10: =$BY10*AQ10 -> 0 | CP10: =$BY10*AR10 -> 0 | CQ10: =$BY10*AS10 -> 0 | CR10: =$BY10*AT10 -> 0 | CS10: =$BY10*AU10 -> 0 | CT10: =$BY10*AV10 -> 0 | CU10: =$BY10*AW10 -> 0 | CV10: =$BY10*AX10 -> 0 | ... DB10: =$BY10*BD10 -> 0 | DC10: =F10/G10 -> 4.0575903 | DD10: =DC10/BU10 -> 0.13525301 | DE10: =F10/BU10 -> 1290.3137 | DF10: =J10/K10 -> 27.91822 | DG10: =DF10/BU10 -> 0.93060732 | DH10: =J10/BU10 -> 1203.2753 | DI10: =N10/P10 -> 219.86717 | DJ10: =DI10/BU10 -> 7.3289056 | DK10: =DI10/BV10 -> 10.469865 | DL10: =N10/BU10 -> 1099.3358 | DM10: =N10/BV10 -> 1570.4798 | DN10: 0 | DO10: 0
A11: =EOMONTH(A10,0)+1 -> 42644 | B11: =YEAR(A11) -> 2016 | C11: =MONTH(A11) -> 10 | D11: 0 | E11: =IFERROR(VLOOKUP($B11-1,CDM!$J$6:$P$19,2,FALSE)/12,0)+IFERROR(VLOOKUP($B11,CDM!$J$37:$M$48,2,FALSE)/24,0)+IFERROR(VLOOKUP($B11,CDM!$J$37:$M$48,2,FALSE)/2*$C11/78,0) -> 41206.793 | F11: =D11+E11 -> 41206.793 | G11: 9550 | H11: 0 | I11: =IFERROR(VLOOKUP($B11-1,CDM!$J$6:$P$19,3,FALSE)/12,0)+IFERROR(VLOOKUP($B11,CDM!$J$37:$M$47,3,FALSE)/24,0)+IFERROR(VLOOKUP($B11,CDM!$J$37:$M$47,3,FALSE)/2*$C11/78,0) -> 38427.178 | J11: =H11+I11 -> 38427.178 | K11: 1294 | L11: 0 | M11: =IFERROR(VLOOKUP($B11-1,CDM!$J$6:$P$19,4,FALSE)/12,0)+IFERROR(VLOOKUP($B11,CDM!$J$37:$M$47,4,FALSE)/24,0)+IFERROR(VLOOKUP($B11,CDM!$J$37:$M$47,4,FALSE)/2*$C11/78,0) -> 35107.822 | N11: =L11+M11 -> 35107.822 | O11: 0 | P11: 150 | Q11: 0 | R11: 0 | S11: 2843 | T11: 0 | U11: 0 | V11: 182 | W11: 0 | X11: 19 | Y11: 542682 | Z11: 3528 | AA11: =L11-Y11 -> -542682 | AB11: =N11-Y11 -> -507574.18 | AC11: =O11-Z11 -> -3528 | AD11: =Economic!H13 -> 743976.2 | AE11: =Economic!I13 -> 745246 | AF11: =Economic!D13 -> 6942 | AG11: =Economic!E13 -> 6966.9 | AH11: =Economic!F13 -> 571 | AI11: =Economic!G13 -> 568.3 | AJ11: =Economic!J13 -> 0 | AK11: =Economic!K13 -> 0 | AL11: =Economic!L13 -> 0 | AM11: =Economic!M13 -> 0 | AN11: =Economic!N13 -> 0 | AO11: =Economic!O13 -> 0 | AP11: =Weather!D11 -> 8.0197581 | AQ11: =Weather!E11 -> 371.3875 | AR11: =Weather!F11 -> 0 | AS11: =Weather!G11 -> 309.3875 | AT11: =Weather!H11 -> 0 | AU11: =Weather!I11 -> 248.13333 | AV11: =Weather!J11 -> 0.74583333 | AW11: =Weather!K11 -> 191.43333 | ... BD11: =Weather!R11 -> 68.266667 | BE11: 0 | BF11: 0 | BG11: 0 | BH11: 0 | BI11: 0 | BJ11: 0 | BK11: 0 | BL11: 0 | BM11: 0 | BN11: 1 | BO11: 0 | BP11: 0 | BQ11: 0 | BR11: 1 | BS11: 1 | BT11: =1+BT10 -> 10 | BU11: 31 | BV11: 22 | BW11: 0 | BX11: 0 | BY11: 0 | BZ11: 0 | CA11: =$BX11*AQ11 -> 0 | CB11: =$BX11*AR11 -> 0 | CC11: =$BX11*AS11 -> 0 | CD11: =$BX11*AT11 -> 0 | CE11: =$BX11*AU11 -> 0 | CF11: =$BX11*AV11 -> 0 | CG11: =$BX11*AW11 -> 0 | CH11: =$BX11*AX11 -> 0 | ... CN11: =$BX11*BD11 -> 0 | CO11: =$BY11*AQ11 -> 0 | CP11: =$BY11*AR11 -> 0 | CQ11: =$BY11*AS11 -> 0 | CR11: =$BY11*AT11 -> 0 | CS11: =$BY11*AU11 -> 0 | CT11: =$BY11*AV11 -> 0 | CU11: =$BY11*AW11 -> 0 | CV11: =$BY11*AX11 -> 0 | ... DB11: =$BY11*BD11 -> 0 | DC11: =F11/G11 -> 4.3148475 | DD11: =DC11/BU11 -> 0.13918863 | DE11: =F11/BU11 -> 1329.2514 | DF11: =J11/K11 -> 29.696428 | DG11: =DF11/BU11 -> 0.95794929 | DH11: =J11/BU11 -> 1239.5864 | DI11: =N11/P11 -> 234.05215 | DJ11: =DI11/BU11 -> 7.5500693 | DK11: =DI11/BV11 -> 10.638734 | DL11: =N11/BU11 -> 1132.5104 | DM11: =N11/BV11 -> 1595.8101 | DN11: 0 | DO11: 0
A12: =EOMONTH(A11,0)+1 -> 42675 | B12: =YEAR(A12) -> 2016 | C12: =MONTH(A12) -> 11 | D12: 0 | E12: =IFERROR(VLOOKUP($B12-1,CDM!$J$6:$P$19,2,FALSE)/12,0)+IFERROR(VLOOKUP($B12,CDM!$J$37:$M$48,2,FALSE)/24,0)+IFERROR(VLOOKUP($B12,CDM!$J$37:$M$48,2,FALSE)/2*$C12/78,0) -> 43704.175 | F12: =D12+E12 -> 43704.175 | G12: 9550 | H12: 0 | I12: =IFERROR(VLOOKUP($B12-1,CDM!$J$6:$P$19,3,FALSE)/12,0)+IFERROR(VLOOKUP($B12,CDM!$J$37:$M$47,3,FALSE)/24,0)+IFERROR(VLOOKUP($B12,CDM!$J$37:$M$47,3,FALSE)/2*$C12/78,0) -> 40756.098 | J12: =H12+I12 -> 40756.098 | K12: 1294 | L12: 0 | M12: =IFERROR(VLOOKUP($B12-1,CDM!$J$6:$P$19,4,FALSE)/12,0)+IFERROR(VLOOKUP($B12,CDM!$J$37:$M$47,4,FALSE)/24,0)+IFERROR(VLOOKUP($B12,CDM!$J$37:$M$47,4,FALSE)/2*$C12/78,0) -> 37235.569 | N12: =L12+M12 -> 37235.569 | O12: 0 | P12: 150 | Q12: 0 | R12: 0 | S12: 2843 | T12: 0 | U12: 0 | V12: 182 | W12: 0 | X12: 19 | Y12: 1170024.3 | Z12: 6216 | AA12: =L12-Y12 -> -1170024.3 | AB12: =N12-Y12 -> -1132788.7 | AC12: =O12-Z12 -> -6216 | AD12: =Economic!H14 -> 743976.2 | AE12: =Economic!I14 -> 745246 | AF12: =Economic!D14 -> 6959 | AG12: =Economic!E14 -> 6964.3 | AH12: =Economic!F14 -> 572.9 | AI12: =Economic!G14 -> 571 | AJ12: =Economic!J14 -> 0 | AK12: =Economic!K14 -> 0 | AL12: =Economic!L14 -> 0 | AM12: =Economic!M14 -> 0 | AN12: =Economic!N14 -> 0 | AO12: =Economic!O14 -> 0 | AP12: =Weather!D12 -> 2.2409722 | AQ12: =Weather!E12 -> 532.77083 | AR12: =Weather!F12 -> 0 | AS12: =Weather!G12 -> 472.77083 | AT12: =Weather!H12 -> 0 | AU12: =Weather!I12 -> 412.77083 | AV12: =Weather!J12 -> 0 | AW12: =Weather!K12 -> 352.77083 | ... BD12: =Weather!R12 -> 0 | BE12: 0 | BF12: 0 | BG12: 0 | BH12: 0 | BI12: 0 | BJ12: 0 | BK12: 0 | BL12: 0 | BM12: 0 | BN12: 0 | BO12: 1 | BP12: 0 | BQ12: 0 | BR12: 1 | BS12: 1 | BT12: =1+BT11 -> 11 | BU12: 30 | BV12: 20 | BW12: 0 | BX12: 0 | BY12: 0 | BZ12: 0 | CA12: =$BX12*AQ12 -> 0 | CB12: =$BX12*AR12 -> 0 | CC12: =$BX12*AS12 -> 0 | CD12: =$BX12*AT12 -> 0 | CE12: =$BX12*AU12 -> 0 | CF12: =$BX12*AV12 -> 0 | CG12: =$BX12*AW12 -> 0 | CH12: =$BX12*AX12 -> 0 | ... CN12: =$BX12*BD12 -> 0 | CO12: =$BY12*AQ12 -> 0 | CP12: =$BY12*AR12 -> 0 | CQ12: =$BY12*AS12 -> 0 | CR12: =$BY12*AT12 -> 0 | CS12: =$BY12*AU12 -> 0 | CT12: =$BY12*AV12 -> 0 | CU12: =$BY12*AW12 -> 0 | CV12: =$BY12*AX12 -> 0 | ... DB12: =$BY12*BD12 -> 0 | DC12: =F12/G12 -> 4.5763534 | DD12: =DC12/BU12 -> 0.15254511 | DE12: =F12/BU12 -> 1456.8058 | DF12: =J12/K12 -> 31.496212 | DG12: =DF12/BU12 -> 1.0498737 | DH12: =J12/BU12 -> 1358.5366 | DI12: =N12/P12 -> 248.23713 | DJ12: =DI12/BU12 -> 8.2745709 | DK12: =DI12/BV12 -> 12.411856 | DL12: =N12/BU12 -> 1241.1856 | DM12: =N12/BV12 -> 1861.7784 | DN12: 0 | DO12: 0
A13: =EOMONTH(A12,0)+1 -> 42705 | B13: =YEAR(A13) -> 2016 | C13: =MONTH(A13) -> 12 | D13: 76635115 | E13: =IFERROR(VLOOKUP($B13-1,CDM!$J$6:$P$19,2,FALSE)/12,0)+IFERROR(VLOOKUP($B13,CDM!$J$37:$M$48,2,FALSE)/24,0)+IFERROR(VLOOKUP($B13,CDM!$J$37:$M$48,2,FALSE)/2*$C13/78,0) -> 46201.556 | F13: =D13+E13 -> 76681317 | G13: 9550 | H13: 29514061 | I13: =IFERROR(VLOOKUP($B13-1,CDM!$J$6:$P$19,3,FALSE)/12,0)+IFERROR(VLOOKUP($B13,CDM!$J$37:$M$47,3,FALSE)/24,0)+IFERROR(VLOOKUP($B13,CDM!$J$37:$M$47,3,FALSE)/2*$C13/78,0) -> 43085.018 | J13: =H13+I13 -> 29557146 | K13: 1294 | L13: 75048053 | M13: =IFERROR(VLOOKUP($B13-1,CDM!$J$6:$P$19,4,FALSE)/12,0)+IFERROR(VLOOKUP($B13,CDM!$J$37:$M$47,4,FALSE)/24,0)+IFERROR(VLOOKUP($B13,CDM!$J$37:$M$47,4,FALSE)/2*$C13/78,0) -> 39363.316 | N13: =L13+M13 -> 75087416 | O13: 223174 | P13: 150 | Q13: 1307703 | R13: 3918 | S13: 2843 | T13: 217806 | U13: 629 | V13: 182 | W13: 594265 | X13: 19 | Y13: 409794 | Z13: 4296 | AA13: =L13-Y13 -> 74638259 | AB13: =N13-Y13 -> 74677622 | AC13: =O13-Z13 -> 218878 | AD13: =Economic!H15 -> 743976.2 | AE13: =Economic!I15 -> 745246 | AF13: =Economic!D15 -> 6974.4 | AG13: =Economic!E15 -> 6983 | AH13: =Economic!F15 -> 574.5 | AI13: =Economic!G15 -> 575.2 | AJ13: =Economic!J15 -> 0 | AK13: =Economic!K15 -> 0 | AL13: =Economic!L15 -> 0 | AM13: =Economic!M15 -> 0 | AN13: =Economic!N15 -> 0 | AO13: =Economic!O15 -> 0 | AP13: =Weather!D13 -> -6.2139785 | AQ13: =Weather!E13 -> 812.63333 | AR13: =Weather!F13 -> 0 | AS13: =Weather!G13 -> 750.63333 | AT13: =Weather!H13 -> 0 | AU13: =Weather!I13 -> 688.63333 | AV13: =Weather!J13 -> 0 | AW13: =Weather!K13 -> 626.63333 | ... BD13: =Weather!R13 -> 0 | BE13: 0 | BF13: 0 | BG13: 0 | BH13: 0 | BI13: 0 | BJ13: 0 | BK13: 0 | BL13: 0 | BM13: 0 | BN13: 0 | BO13: 0 | BP13: 1 | BQ13: 0 | BR13: 0 | BS13: 0 | BT13: =1+BT12 -> 12 | BU13: 31 | BV13: 21 | BW13: 0 | BX13: 0 | BY13: 0 | BZ13: 0 | CA13: =$BX13*AQ13 -> 0 | CB13: =$BX13*AR13 -> 0 | CC13: =$BX13*AS13 -> 0 | CD13: =$BX13*AT13 -> 0 | CE13: =$BX13*AU13 -> 0 | CF13: =$BX13*AV13 -> 0 | CG13: =$BX13*AW13 -> 0 | CH13: =$BX13*AX13 -> 0 | ... CN13: =$BX13*BD13 -> 0 | CO13: =$BY13*AQ13 -> 0 | CP13: =$BY13*AR13 -> 0 | CQ13: =$BY13*AS13 -> 0 | CR13: =$BY13*AT13 -> 0 | CS13: =$BY13*AU13 -> 0 | CT13: =$BY13*AV13 -> 0 | CU13: =$BY13*AW13 -> 0 | CV13: =$BY13*AX13 -> 0 | ... DB13: =$BY13*BD13 -> 0 | DC13: =F13/G13 -> 8029.4572 | DD13: =DC13/BU13 -> 259.01475 | DE13: =F13/BU13 -> 2473590.9 | DF13: =J13/K13 -> 22841.689 | DG13: =DF13/BU13 -> 736.82869 | DH13: =J13/BU13 -> 953456.32 | DI13: =N13/P13 -> 500582.78 | DJ13: =DI13/BU13 -> 16147.831 | DK13: =DI13/BV13 -> 23837.275 | DL13: =N13/BU13 -> 2422174.7 | DM13: =N13/BV13 -> 3575591.3 | DN13: 0 | DO13: 0
A14: =EOMONTH(A13,0)+1 -> 42736 | B14: =YEAR(A14) -> 2017 | C14: =MONTH(A14) -> 1 | D14: 0 | E14: =IFERROR(VLOOKUP($B14-1,CDM!$J$6:$P$19,2,FALSE)/12,0)+IFERROR(VLOOKUP($B14,CDM!$J$37:$M$48,2,FALSE)/24,0)+IFERROR(VLOOKUP($B14,CDM!$J$37:$M$48,2,FALSE)/2*$C14/78,0) -> 80079.324 | F14: =D14+E14 -> 80079.324 | G14: 9560 | H14: 0 | I14: =IFERROR(VLOOKUP($B14-1,CDM!$J$6:$P$19,3,FALSE)/12,0)+IFERROR(VLOOKUP($B14,CDM!$J$37:$M$47,3,FALSE)/24,0)+IFERROR(VLOOKUP($B14,CDM!$J$37:$M$47,3,FALSE)/2*$C14/78,0) -> 63199.167 | J14: =H14+I14 -> 63199.167 | K14: 1287 | L14: 0 | M14: =IFERROR(VLOOKUP($B14-1,CDM!$J$6:$P$19,4,FALSE)/12,0)+IFERROR(VLOOKUP($B14,CDM!$J$37:$M$47,4,FALSE)/24,0)+IFERROR(VLOOKUP($B14,CDM!$J$37:$M$47,4,FALSE)/2*$C14/78,0) -> 55821.97 | N14: =L14+M14 -> 55821.97 | O14: 0 | P14: 151 | Q14: 0 | R14: 0 | S14: 2843 | T14: 0 | U14: 0 | V14: 178 | W14: 0 | X14: 19 | Y14: 109206 | Z14: 2448 | AA14: =L14-Y14 -> -109206 | AB14: =N14-Y14 -> -53384.03 | AC14: =O14-Z14 -> -2448 | AD14: =Economic!H16 -> 764464.8 | AE14: =Economic!I16 -> 756670 | AF14: =Economic!D16 -> 6998.9 | AG14: =Economic!E16 -> 6968.1 | AH14: =Economic!F16 -> 576.2 | AI14: =Economic!G16 -> 576.7 | AJ14: =Economic!J16 -> 116 | AK14: =Economic!K16 -> 119.8 | AL14: =Economic!L16 -> 21.7 | AM14: =Economic!M16 -> 24.7 | AN14: =Economic!N16 -> 20488.6 | AO14: =Economic!O16 -> 11424 | AP14: =Weather!D14 -> -6.9409946 | AQ14: =Weather!E14 -> 835.17083 | AR14: =Weather!F14 -> 0 | AS14: =Weather!G14 -> 773.17083 | AT14: =Weather!H14 -> 0 | AU14: =Weather!I14 -> 711.17083 | AV14: =Weather!J14 -> 0 | AW14: =Weather!K14 -> 649.17083 | ... BD14: =Weather!R14 -> 0 | BE14: 1 | BF14: 0 | BG14: 0 | BH14: 0 | BI14: 0 | BJ14: 0 | BK14: 0 | BL14: 0 | BM14: 0 | BN14: 0 | BO14: 0 | BP14: 0 | BQ14: 0 | BR14: 0 | BS14: 0 | BT14: =1+BT13 -> 13 | BU14: 31 | BV14: 21 | BW14: 0 | BX14: 0 | BY14: 0 | BZ14: 0 | CA14: =$BX14*AQ14 -> 0 | CB14: =$BX14*AR14 -> 0 | CC14: =$BX14*AS14 -> 0 | CD14: =$BX14*AT14 -> 0 | CE14: =$BX14*AU14 -> 0 | CF14: =$BX14*AV14 -> 0 | CG14: =$BX14*AW14 -> 0 | CH14: =$BX14*AX14 -> 0 | ... CN14: =$BX14*BD14 -> 0 | CO14: =$BY14*AQ14 -> 0 | CP14: =$BY14*AR14 -> 0 | CQ14: =$BY14*AS14 -> 0 | CR14: =$BY14*AT14 -> 0 | CS14: =$BY14*AU14 -> 0 | CT14: =$BY14*AV14 -> 0 | CU14: =$BY14*AW14 -> 0 | CV14: =$BY14*AX14 -> 0 | ... DB14: =$BY14*BD14 -> 0 | DC14: =F14/G14 -> 8.3764983 | DD14: =DC14/BU14 -> 0.27020962 | DE14: =F14/BU14 -> 2583.204 | DF14: =J14/K14 -> 49.105802 | DG14: =DF14/BU14 -> 1.5840581 | DH14: =J14/BU14 -> 2038.6828 | DI14: =N14/P14 -> 369.68192 | DJ14: =DI14/BU14 -> 11.925223 | DK14: =DI14/BV14 -> 17.603901 | DL14: =N14/BU14 -> 1800.7087 | DM14: =N14/BV14 -> 2658.1891 | DN14: 0 | DO14: 0
A15: =EOMONTH(A14,0)+1 -> 42767 | B15: =YEAR(A15) -> 2017 | C15: =MONTH(A15) -> 2 | D15: 0 | E15: =IFERROR(VLOOKUP($B15-1,CDM!$J$6:$P$19,2,FALSE)/12,0)+IFERROR(VLOOKUP($B15,CDM!$J$37:$M$48,2,FALSE)/24,0)+IFERROR(VLOOKUP($B15,CDM!$J$37:$M$48,2,FALSE)/2*$C15/78,0) -> 86427.772 | F15: =D15+E15 -> 86427.772 | G15: 9560 | H15: 0 | I15: =IFERROR(VLOOKUP($B15-1,CDM!$J$6:$P$19,3,FALSE)/12,0)+IFERROR(VLOOKUP($B15,CDM!$J$37:$M$47,3,FALSE)/24,0)+IFERROR(VLOOKUP($B15,CDM!$J$37:$M$47,3,FALSE)/2*$C15/78,0) -> 67588.929 | J15: =H15+I15 -> 67588.929 | K15: 1287 | L15: 0 | M15: =IFERROR(VLOOKUP($B15-1,CDM!$J$6:$P$19,4,FALSE)/12,0)+IFERROR(VLOOKUP($B15,CDM!$J$37:$M$47,4,FALSE)/24,0)+IFERROR(VLOOKUP($B15,CDM!$J$37:$M$47,4,FALSE)/2*$C15/78,0) -> 59576.805 | N15: =L15+M15 -> 59576.805 | O15: 0 | P15: 151 | Q15: 0 | R15: 0 | S15: 2843 | T15: 0 | U15: 0 | V15: 178 | W15: 0 | X15: 19 | Y15: 18972 | Z15: 1176 | AA15: =L15-Y15 -> -18972 | AB15: =N15-Y15 -> 40604.805 | AC15: =O15-Z15 -> -1176 | AD15: =Economic!H17 -> 764464.8 | AE15: =Economic!I17 -> 756670 | AF15: =Economic!D17 -> 7017.3 | AG15: =Economic!E17 -> 6948.4 | AH15: =Economic!F17 -> 577.2 | AI15: =Economic!G17 -> 576.9 | AJ15: =Economic!J17 -> 117.8 | AK15: =Economic!K17 -> 119.3 | AL15: =Economic!L17 -> 19.6 | AM15: =Economic!M17 -> 22.7 | AN15: =Economic!N17 -> 20488.6 | AO15: =Economic!O17 -> 11424 | AP15: =Weather!D15 -> -6.3861607 | AQ15: =Weather!E15 -> 738.8125 | AR15: =Weather!F15 -> 0 | AS15: =Weather!G15 -> 682.8125 | AT15: =Weather!H15 -> 0 | AU15: =Weather!I15 -> 626.8125 | AV15: =Weather!J15 -> 0 | AW15: =Weather!K15 -> 570.8125 | ... BD15: =Weather!R15 -> 0 | BE15: 0 | BF15: 1 | BG15: 0 | BH15: 0 | BI15: 0 | BJ15: 0 | BK15: 0 | BL15: 0 | BM15: 0 | BN15: 0 | BO15: 0 | BP15: 0 | BQ15: 0 | BR15: 0 | BS15: 0 | BT15: =1+BT14 -> 14 | BU15: 28 | BV15: 19 | BW15: 0 | BX15: 0 | BY15: 0 | BZ15: 0 | CA15: =$BX15*AQ15 -> 0 | CB15: =$BX15*AR15 -> 0 | CC15: =$BX15*AS15 -> 0 | CD15: =$BX15*AT15 -> 0 | CE15: =$BX15*AU15 -> 0 | CF15: =$BX15*AV15 -> 0 | CG15: =$BX15*AW15 -> 0 | CH15: =$BX15*AX15 -> 0 | ... CN15: =$BX15*BD15 -> 0 | CO15: =$BY15*AQ15 -> 0 | CP15: =$BY15*AR15 -> 0 | CQ15: =$BY15*AS15 -> 0 | CR15: =$BY15*AT15 -> 0 | CS15: =$BY15*AU15 -> 0 | CT15: =$BY15*AV15 -> 0 | CU15: =$BY15*AW15 -> 0 | CV15: =$BY15*AX15 -> 0 | ... DB15: =$BY15*BD15 -> 0 | DC15: =F15/G15 -> 9.040562 | DD15: =DC15/BU15 -> 0.32287721 | DE15: =F15/BU15 -> 3086.7062 | DF15: =J15/K15 -> 52.51665 | DG15: =DF15/BU15 -> 1.8755946 | DH15: =J15/BU15 -> 2413.8903 | DI15: =N15/P15 -> 394.54838 | DJ15: =DI15/BU15 -> 14.091014 | DK15: =DI15/BV15 -> 20.765704 | DL15: =N15/BU15 -> 2127.743 | DM15: =N15/BV15 -> 3135.6213 | DN15: 0 | DO15: 0
... A52: =EOMONTH(A51,0)+1 -> 43891 | B52: =YEAR(A52) -> 2020 | C52: =MONTH(A52) -> 3 | D52: 7390200 | E52: =IFERROR(VLOOKUP($B52-1,CDM!$J$6:$P$19,2,FALSE)/12,0)+IFERROR(VLOOKUP($B52,CDM!$J$37:$M$48,2,FALSE)/24,0)+IFERROR(VLOOKUP($B52,CDM!$J$37:$M$48,2,FALSE)/2*$C52/78,0) -> 161850.21 | F52: =D52+E52 -> 7552050.2 | G52: 9928 | H52: 2392130 | I52: =IFERROR(VLOOKUP($B52-1,CDM!$J$6:$P$19,3,FALSE)/12,0)+IFERROR(VLOOKUP($B52,CDM!$J$37:$M$47,3,FALSE)/24,0)+IFERROR(VLOOKUP($B52,CDM!$J$37:$M$47,3,FALSE)/2*$C52/78,0) -> 157671.54 | J52: =H52+I52 -> 2549801.5 | K52: 1280 | L52: 5610578 | M52: =IFERROR(VLOOKUP($B52-1,CDM!$J$6:$P$19,4,FALSE)/12,0)+IFERROR(VLOOKUP($B52,CDM!$J$37:$M$47,4,FALSE)/24,0)+IFERROR(VLOOKUP($B52,CDM!$J$37:$M$47,4,FALSE)/2*$C52/78,0) -> 135976.2 | N52: =L52+M52 -> 5746554.2 | O52: 14021 | P52: 149 | Q52: 87913 | R52: 236 | S52: 2875 | T52: 16258 | U52: 44 | V52: 171 | W52: 49981 | X52: 19 | Y52: 16681.76 | Z52: 3181.4 | AA52: =L52-Y52 -> 5593896.2 | AB52: =N52-Y52 -> 5729872.4 | AC52: =O52-Z52 -> 10839.6 | AD52: =Economic!H54 -> 769942 | AE52: =Economic!I54 -> 801246 | AF52: =Economic!D54 -> 7351.6 | AG52: =Economic!E54 -> 7258.8 | AH52: =Economic!F54 -> 611.6 | AI52: =Economic!G54 -> 605.2 | AJ52: =Economic!J54 -> 9.7 | AK52: =Economic!K54 -> 19.3 | AL52: =Economic!L54 -> 14.7 | AM52: =Economic!M54 -> 13.3 | AN52: =Economic!N54 -> -37332.5 | AO52: =Economic!O54 -> -10918 | AP52: =Weather!D52 -> -1.2733871 | AQ52: =Weather!E52 -> 659.475 | AR52: =Weather!F52 -> 0 | AS52: =Weather!G52 -> 597.475 | AT52: =Weather!H52 -> 0 | AU52: =Weather!I52 -> 535.475 | AV52: =Weather!J52 -> 0 | AW52: =Weather!K52 -> 473.475 | ... BD52: =Weather!R52 -> 0 | BE52: 0 | BF52: 0 | BG52: 1 | BH52: 0 | BI52: 0 | BJ52: 0 | BK52: 0 | BL52: 0 | BM52: 0 | BN52: 0 | BO52: 0 | BP52: 0 | BQ52: 1 | BR52: 0 | BS52: 1 | BT52: =1+BT51 -> 51 | BU52: 31 | BV52: 21 | BW52: 1 | BX52: 0.5 | BY52: 0.5 | BZ52: 0.5 | CA52: =$BX52*AQ52 -> 329.7375 | CB52: =$BX52*AR52 -> 0 | CC52: =$BX52*AS52 -> 298.7375 | CD52: =$BX52*AT52 -> 0 | CE52: =$BX52*AU52 -> 267.7375 | CF52: =$BX52*AV52 -> 0 | CG52: =$BX52*AW52 -> 236.7375 | CH52: =$BX52*AX52 -> 0 | ... CN52: =$BX52*BD52 -> 0 | CO52: =$BY52*AQ52 -> 329.7375 | CP52: =$BY52*AR52 -> 0 | CQ52: =$BY52*AS52 -> 298.7375 | CR52: =$BY52*AT52 -> 0 | CS52: =$BY52*AU52 -> 267.7375 | CT52: =$BY52*AV52 -> 0 | CU52: =$BY52*AW52 -> 236.7375 | CV52: =$BY52*AX52 -> 0 | ... DB52: =$BY52*BD52 -> 0 | DC52: =F52/G52 -> 760.68193 | DD52: =DC52/BU52 -> 24.538127 | DE52: =F52/BU52 -> 243614.52 | DF52: =J52/K52 -> 1992.0325 | DG52: =DF52/BU52 -> 64.259111 | DH52: =J52/BU52 -> 82251.663 | DI52: =N52/P52 -> 38567.478 | DJ52: =DI52/BU52 -> 1244.1122 | DK52: =DI52/BV52 -> 1836.5466 | DL52: =N52/BU52 -> 185372.72 | DM52: =N52/BV52 -> 273645.44 | DN52: 0 | DO52: 0
A53: =EOMONTH(A52,0)+1 -> 43922 | B53: =YEAR(A53) -> 2020 | C53: =MONTH(A53) -> 4 | D53: 6556759 | E53: =IFERROR(VLOOKUP($B53-1,CDM!$J$6:$P$19,2,FALSE)/12,0)+IFERROR(VLOOKUP($B53,CDM!$J$37:$M$48,2,FALSE)/24,0)+IFERROR(VLOOKUP($B53,CDM!$J$37:$M$48,2,FALSE)/2*$C53/78,0) -> 161852.23 | F53: =D53+E53 -> 6718611.2 | G53: 9943 | H53: 1855781 | I53: =IFERROR(VLOOKUP($B53-1,CDM!$J$6:$P$19,3,FALSE)/12,0)+IFERROR(VLOOKUP($B53,CDM!$J$37:$M$47,3,FALSE)/24,0)+IFERROR(VLOOKUP($B53,CDM!$J$37:$M$47,3,FALSE)/2*$C53/78,0) -> 157287.18 | J53: =H53+I53 -> 2013068.2 | K53: 1281 | L53: 4999240 | M53: =IFERROR(VLOOKUP($B53-1,CDM!$J$6:$P$19,4,FALSE)/12,0)+IFERROR(VLOOKUP($B53,CDM!$J$37:$M$47,4,FALSE)/24,0)+IFERROR(VLOOKUP($B53,CDM!$J$37:$M$47,4,FALSE)/2*$C53/78,0) -> 135845.82 | N53: =L53+M53 -> 5135085.8 | O53: =AVERAGE(O52/N52,O54/N54)*N53 -> 13418.879 | P53: 149 | Q53: 74549 | R53: 236 | S53: 2875 | T53: 16645 | U53: 43 | V53: 171 | W53: 46957 | X53: 19 | Y53: 3969.44 | Z53: 6635.5 | AA53: =L53-Y53 -> 4995270.6 | AB53: =N53-Y53 -> 5131116.4 | AC53: =O53-Z53 -> 6783.3787 | AD53: =Economic!H55 -> 769942 | AE53: =Economic!I55 -> 705711 | AF53: =Economic!D55 -> 6961.6 | AG53: =Economic!E55 -> 6893.7 | AH53: =Economic!F55 -> 585 | AI53: =Economic!G55 -> 582.4 | AJ53: =Economic!J55 -> -400 | AK53: =Economic!K55 -> -382 | AL53: =Economic!L55 -> -10 | AM53: =Economic!M55 -> -11.3 | AN53: =Economic!N55 -> -37332.5 | AO53: =Economic!O55 -> -95535 | AP53: =Weather!D53 -> 3.5943056 | AQ53: =Weather!E53 -> 492.17083 | AR53: =Weather!F53 -> 0 | AS53: =Weather!G53 -> 432.17083 | AT53: =Weather!H53 -> 0 | AU53: =Weather!I53 -> 372.17083 | AV53: =Weather!J53 -> 0 | AW53: =Weather!K53 -> 312.17083 | ... BD53: =Weather!R53 -> 3.4583333 | BE53: 0 | BF53: 0 | BG53: 0 | BH53: 1 | BI53: 0 | BJ53: 0 | BK53: 0 | BL53: 0 | BM53: 0 | BN53: 0 | BO53: 0 | BP53: 0 | BQ53: 1 | BR53: 0 | BS53: 1 | BT53: =1+BT52 -> 52 | BU53: 30 | BV53: 21 | BW53: 1 | BX53: 1 | BY53: 1 | BZ53: 1 | CA53: =$BX53*AQ53 -> 492.17083 | CB53: =$BX53*AR53 -> 0 | CC53: =$BX53*AS53 -> 432.17083 | CD53: =$BX53*AT53 -> 0 | CE53: =$BX53*AU53 -> 372.17083 | CF53: =$BX53*AV53 -> 0 | CG53: =$BX53*AW53 -> 312.17083 | CH53: =$BX53*AX53 -> 0 | ... CN53: =$BX53*BD53 -> 3.4583333 | CO53: =$BY53*AQ53 -> 492.17083 | CP53: =$BY53*AR53 -> 0 | CQ53: =$BY53*AS53 -> 432.17083 | CR53: =$BY53*AT53 -> 0 | CS53: =$BY53*AU53 -> 372.17083 | CT53: =$BY53*AV53 -> 0 | CU53: =$BY53*AW53 -> 312.17083 | CV53: =$BY53*AX53 -> 0 | ... DB53: =$BY53*BD53 -> 3.4583333 | DC53: =F53/G53 -> 675.71269 | DD53: =DC53/BU53 -> 22.523756 | DE53: =F53/BU53 -> 223953.71 | DF53: =J53/K53 -> 1571.4818 | DG53: =DF53/BU53 -> 52.382727 | DH53: =J53/BU53 -> 67102.273 | DI53: =N53/P53 -> 34463.663 | DJ53: =DI53/BU53 -> 1148.7888 | DK53: =DI53/BV53 -> 1641.1268 | DL53: =N53/BU53 -> 171169.53 | DM53: =N53/BV53 -> 244527.9 | DN53: 0 | DO53: 0
A54: =EOMONTH(A53,0)+1 -> 43952 | B54: =YEAR(A54) -> 2020 | C54: =MONTH(A54) -> 5 | D54: 6323124 | E54: =IFERROR(VLOOKUP($B54-1,CDM!$J$6:$P$19,2,FALSE)/12,0)+IFERROR(VLOOKUP($B54,CDM!$J$37:$M$48,2,FALSE)/24,0)+IFERROR(VLOOKUP($B54,CDM!$J$37:$M$48,2,FALSE)/2*$C54/78,0) -> 161854.25 | F54: =D54+E54 -> 6484978.2 | G54: 9945 | H54: 1785317 | I54: =IFERROR(VLOOKUP($B54-1,CDM!$J$6:$P$19,3,FALSE)/12,0)+IFERROR(VLOOKUP($B54,CDM!$J$37:$M$47,3,FALSE)/24,0)+IFERROR(VLOOKUP($B54,CDM!$J$37:$M$47,3,FALSE)/2*$C54/78,0) -> 156902.82 | J54: =H54+I54 -> 1942219.8 | K54: 1281 | L54: 4744682 | M54: =IFERROR(VLOOKUP($B54-1,CDM!$J$6:$P$19,4,FALSE)/12,0)+IFERROR(VLOOKUP($B54,CDM!$J$37:$M$47,4,FALSE)/24,0)+IFERROR(VLOOKUP($B54,CDM!$J$37:$M$47,4,FALSE)/2*$C54/78,0) -> 135715.43 | N54: =L54+M54 -> 4880397.4 | O54: 13599 | P54: 150 | Q54: 67740 | R54: 236 | S54: 2920 | T54: 16468 | U54: 43 | V54: 171 | W54: 50359 | X54: 19 | Y54: 528 | Z54: 524.8 | AA54: =L54-Y54 -> 4744154 | AB54: =N54-Y54 -> 4879869.4 | AC54: =O54-Z54 -> 13074.2 | AD54: =Economic!H56 -> 769942 | AE54: =Economic!I56 -> 705711 | AF54: =Economic!D56 -> 6572.6 | AG54: =Economic!E56 -> 6550.9 | AH54: =Economic!F56 -> 564.2 | AI54: =Economic!G56 -> 564.5 | AJ54: =Economic!J56 -> -803.8 | AK54: =Economic!K56 -> -794.8 | AL54: =Economic!L56 -> -31.1 | AM54: =Economic!M56 -> -32.6 | AN54: =Economic!N56 -> -37332.5 | AO54: =Economic!O56 -> -95535 | AP54: =Weather!D54 -> 11.401882 | AQ54: =Weather!E54 -> 278.2125 | AR54: =Weather!F54 -> 11.670833 | AS54: =Weather!G54 -> 227.0375 | AT54: =Weather!H54 -> 22.495833 | AU54: =Weather!I54 -> 182.64583 | AV54: =Weather!J54 -> 40.104167 | AW54: =Weather!K54 -> 140.46667 | ... BD54: =Weather!R54 -> 152.78333 | BE54: 0 | BF54: 0 | BG54: 0 | BH54: 0 | BI54: 1 | BJ54: 0 | BK54: 0 | BL54: 0 | BM54: 0 | BN54: 0 | BO54: 0 | BP54: 0 | BQ54: 1 | BR54: 0 | BS54: 1 | BT54: =1+BT53 -> 53 | BU54: 31 | BV54: 22 | BW54: 1 | BX54: 1 | BY54: 1 | BZ54: 1 | CA54: =$BX54*AQ54 -> 278.2125 | CB54: =$BX54*AR54 -> 11.670833 | CC54: =$BX54*AS54 -> 227.0375 | CD54: =$BX54*AT54 -> 22.495833 | CE54: =$BX54*AU54 -> 182.64583 | CF54: =$BX54*AV54 -> 40.104167 | CG54: =$BX54*AW54 -> 140.46667 | CH54: =$BX54*AX54 -> 59.925 | ... CN54: =$BX54*BD54 -> 152.78333 | CO54: =$BY54*AQ54 -> 278.2125 | CP54: =$BY54*AR54 -> 11.670833 | CQ54: =$BY54*AS54 -> 227.0375 | CR54: =$BY54*AT54 -> 22.495833 | CS54: =$BY54*AU54 -> 182.64583 | CT54: =$BY54*AV54 -> 40.104167 | CU54: =$BY54*AW54 -> 140.46667 | CV54: =$BY54*AX54 -> 59.925 | ... DB54: =$BY54*BD54 -> 152.78333 | DC54: =F54/G54 -> 652.08429 | DD54: =DC54/BU54 -> 21.034977 | DE54: =F54/BU54 -> 209192.85 | DF54: =J54/K54 -> 1516.1747 | DG54: =DF54/BU54 -> 48.908862 | DH54: =J54/BU54 -> 62652.252 | DI54: =N54/P54 -> 32535.983 | DJ54: =DI54/BU54 -> 1049.5478 | DK54: =DI54/BV54 -> 1478.9083 | DL54: =N54/BU54 -> 157432.18 | DM54: =N54/BV54 -> 221836.25 | DN54: 0 | DO54: 0
A55: =EOMONTH(A54,0)+1 -> 43983 | B55: =YEAR(A55) -> 2020 | C55: =MONTH(A55) -> 6 | D55: 6629679 | E55: =IFERROR(VLOOKUP($B55-1,CDM!$J$6:$P$19,2,FALSE)/12,0)+IFERROR(VLOOKUP($B55,CDM!$J$37:$M$48,2,FALSE)/24,0)+IFERROR(VLOOKUP($B55,CDM!$J$37:$M$48,2,FALSE)/2*$C55/78,0) -> 161856.27 | F55: =D55+E55 -> 6791535.3 | G55: 9949 | H55: 1892488 | I55: =IFERROR(VLOOKUP($B55-1,CDM!$J$6:$P$19,3,FALSE)/12,0)+IFERROR(VLOOKUP($B55,CDM!$J$37:$M$47,3,FALSE)/24,0)+IFERROR(VLOOKUP($B55,CDM!$J$37:$M$47,3,FALSE)/2*$C55/78,0) -> 156518.46 | J55: =H55+I55 -> 2049006.5 | K55: 1276 | L55: 5036829 | M55: =IFERROR(VLOOKUP($B55-1,CDM!$J$6:$P$19,4,FALSE)/12,0)+IFERROR(VLOOKUP($B55,CDM!$J$37:$M$47,4,FALSE)/24,0)+IFERROR(VLOOKUP($B55,CDM!$J$37:$M$47,4,FALSE)/2*$C55/78,0) -> 135585.05 | N55: =L55+M55 -> 5172414.1 | O55: 15696 | P55: 150 | Q55: 61049 | R55: 236 | S55: 2920 | T55: 16451 | U55: 43 | V55: 171 | W55: 48889 | X55: 19 | Y55: 3140.96 | Z55: 1978.24 | AA55: =L55-Y55 -> 5033688 | AB55: =N55-Y55 -> 5169273.1 | AC55: =O55-Z55 -> 13717.76 | AD55: =Economic!H57 -> 769942 | AE55: =Economic!I57 -> 705711 | AF55: =Economic!D57 -> 6477.4 | AG55: =Economic!E57 -> 6515.6 | AH55: =Economic!F57 -> 555.7 | AI55: =Economic!G57 -> 560.1 | AJ55: =Economic!J57 -> -918.7 | AK55: =Economic!K57 -> -921.2 | AL55: =Economic!L57 -> -41.4 | AM55: =Economic!M57 -> -43.3 | AN55: =Economic!N57 -> -37332.5 | AO55: =Economic!O57 -> -95535 | AP55: =Weather!D55 -> 17.740833 | AQ55: =Weather!E55 -> 92.391667 | AR55: =Weather!F55 -> 24.616667 | AS55: =Weather!G55 -> 55.383333 | AT55: =Weather!H55 -> 47.608333 | AU55: =Weather!I55 -> 32.708333 | AV55: =Weather!J55 -> 84.933333 | AW55: =Weather!K55 -> 17.5375 | ... BD55: =Weather!R55 -> 292.225 | BE55: 0 | BF55: 0 | BG55: 0 | BH55: 0 | BI55: 0 | BJ55: 1 | BK55: 0 | BL55: 0 | BM55: 0 | BN55: 0 | BO55: 0 | BP55: 0 | BQ55: 0 | BR55: 0 | BS55: 0 | BT55: =1+BT54 -> 54 | BU55: 30 | BV55: 21 | BW55: 1 | BX55: 0.5 | BY55: 1 | BZ55: 0.5 | CA55: =$BX55*AQ55 -> 46.195833 | CB55: =$BX55*AR55 -> 12.308333 | CC55: =$BX55*AS55 -> 27.691667 | CD55: =$BX55*AT55 -> 23.804167 | CE55: =$BX55*AU55 -> 16.354167 | CF55: =$BX55*AV55 -> 42.466667 | CG55: =$BX55*AW55 -> 8.76875 | CH55: =$BX55*AX55 -> 64.88125 | ... CN55: =$BX55*BD55 -> 146.1125 | CO55: =$BY55*AQ55 -> 92.391667 | CP55: =$BY55*AR55 -> 24.616667 | CQ55: =$BY55*AS55 -> 55.383333 | CR55: =$BY55*AT55 -> 47.608333 | CS55: =$BY55*AU55 -> 32.708333 | CT55: =$BY55*AV55 -> 84.933333 | CU55: =$BY55*AW55 -> 17.5375 | CV55: =$BY55*AX55 -> 129.7625 | ... DB55: =$BY55*BD55 -> 292.225 | DC55: =F55/G55 -> 682.63496 | DD55: =DC55/BU55 -> 22.754499 | DE55: =F55/BU55 -> 226384.51 | DF55: =J55/K55 -> 1605.8044 | DG55: =DF55/BU55 -> 53.526815 | DH55: =J55/BU55 -> 68300.215 | DI55: =N55/P55 -> 34482.76 | DJ55: =DI55/BU55 -> 1149.4253 | DK55: =DI55/BV55 -> 1642.0362 | DL55: =N55/BU55 -> 172413.8 | DM55: =N55/BV55 -> 246305.43 | DN55: 0 | DO55: 0
A56: =EOMONTH(A55,0)+1 -> 44013 | B56: =YEAR(A56) -> 2020 | C56: =MONTH(A56) -> 7 | D56: 8725974 | E56: =IFERROR(VLOOKUP($B56-1,CDM!$J$6:$P$19,2,FALSE)/12,0)+IFERROR(VLOOKUP($B56,CDM!$J$37:$M$48,2,FALSE)/24,0)+IFERROR(VLOOKUP($B56,CDM!$J$37:$M$48,2,FALSE)/2*$C56/78,0) -> 161858.29 | F56: =D56+E56 -> 8887832.3 | G56: 9955 | H56: 2323074 | I56: =IFERROR(VLOOKUP($B56-1,CDM!$J$6:$P$19,3,FALSE)/12,0)+IFERROR(VLOOKUP($B56,CDM!$J$37:$M$47,3,FALSE)/24,0)+IFERROR(VLOOKUP($B56,CDM!$J$37:$M$47,3,FALSE)/2*$C56/78,0) -> 156134.1 | J56: =H56+I56 -> 2479208.1 | K56: 1275 | L56: 5743151 | M56: =IFERROR(VLOOKUP($B56-1,CDM!$J$6:$P$19,4,FALSE)/12,0)+IFERROR(VLOOKUP($B56,CDM!$J$37:$M$47,4,FALSE)/24,0)+IFERROR(VLOOKUP($B56,CDM!$J$37:$M$47,4,FALSE)/2*$C56/78,0) -> 135454.67 | N56: =L56+M56 -> 5878605.7 | O56: 18614 | P56: 150 | Q56: 65464 | R56: 236 | S56: 2920 | T56: 16451 | U56: 43 | V56: 171 | W56: 50149 | X56: 19 | Y56: 44336.8 | Z56: 4268.8 | AA56: =L56-Y56 -> 5698814.2 | AB56: =N56-Y56 -> 5834268.9 | AC56: =O56-Z56 -> 14345.2 | AD56: =Economic!H58 -> 769942 | AE56: =Economic!I58 -> 778294 | AF56: =Economic!D58 -> 6666.4 | AG56: =Economic!E58 -> 6730.9 | AH56: =Economic!F58 -> 567.1 | AI56: =Economic!G58 -> 575.7 | AJ56: =Economic!J58 -> -733.2 | AK56: =Economic!K58 -> -753.6 | AL56: =Economic!L58 -> -37.5 | AM56: =Economic!M58 -> -38.8 | AN56: =Economic!N58 -> -37332.5 | AO56: =Economic!O58 -> 72583 | AP56: =Weather!D56 -> 22.358871 | AQ56: =Weather!E56 -> 3.85 | AR56: =Weather!F56 -> 76.975 | AS56: =Weather!G56 -> 0 | AT56: =Weather!H56 -> 135.125 | AU56: =Weather!I56 -> 0 | AV56: =Weather!J56 -> 197.125 | AW56: =Weather!K56 -> 0 | ... BD56: =Weather!R56 -> 445.125 | BE56: 0 | BF56: 0 | BG56: 0 | BH56: 0 | BI56: 0 | BJ56: 0 | BK56: 1 | BL56: 0 | BM56: 0 | BN56: 0 | BO56: 0 | BP56: 0 | BQ56: 0 | BR56: 0 | BS56: 0 | BT56: =1+BT55 -> 55 | BU56: 31 | BV56: 21 | BW56: 1 | BX56: 0.5 | BY56: 1 | BZ56: 0 | CA56: =$BX56*AQ56 -> 1.925 | CB56: =$BX56*AR56 -> 38.4875 | CC56: =$BX56*AS56 -> 0 | CD56: =$BX56*AT56 -> 67.5625 | CE56: =$BX56*AU56 -> 0 | CF56: =$BX56*AV56 -> 98.5625 | CG56: =$BX56*AW56 -> 0 | CH56: =$BX56*AX56 -> 129.5625 | ... CN56: =$BX56*BD56 -> 222.5625 | CO56: =$BY56*AQ56 -> 3.85 | CP56: =$BY56*AR56 -> 76.975 | CQ56: =$BY56*AS56 -> 0 | CR56: =$BY56*AT56 -> 135.125 | CS56: =$BY56*AU56 -> 0 | CT56: =$BY56*AV56 -> 197.125 | CU56: =$BY56*AW56 -> 0 | CV56: =$BY56*AX56 -> 259.125 | ... DB56: =$BY56*BD56 -> 445.125 | DC56: =F56/G56 -> 892.80083 | DD56: =DC56/BU56 -> 28.800027 | DE56: =F56/BU56 -> 286704.27 | DF56: =J56/K56 -> 1944.4769 | DG56: =DF56/BU56 -> 62.725063 | DH56: =J56/BU56 -> 79974.455 | DI56: =N56/P56 -> 39190.704 | DJ56: =DI56/BU56 -> 1264.2163 | DK56: =DI56/BV56 -> 1866.224 | DL56: =N56/BU56 -> 189632.44 | DM56: =N56/BV56 -> 279933.6 | DN56: 0 | DO56: 0
A57: =EOMONTH(A56,0)+1 -> 44044 | B57: =YEAR(A57) -> 2020 | C57: =MONTH(A57) -> 8 | D57: 6819648 | E57: =IFERROR(VLOOKUP($B57-1,CDM!$J$6:$P$19,2,FALSE)/12,0)+IFERROR(VLOOKUP($B57,CDM!$J$37:$M$48,2,FALSE)/24,0)+IFERROR(VLOOKUP($B57,CDM!$J$37:$M$48,2,FALSE)/2*$C57/78,0) -> 161860.3 | F57: =D57+E57 -> 6981508.3 | G57: 9965 | H57: 2013319 | I57: =IFERROR(VLOOKUP($B57-1,CDM!$J$6:$P$19,3,FALSE)/12,0)+IFERROR(VLOOKUP($B57,CDM!$J$37:$M$47,3,FALSE)/24,0)+IFERROR(VLOOKUP($B57,CDM!$J$37:$M$47,3,FALSE)/2*$C57/78,0) -> 155749.75 | J57: =H57+I57 -> 2169068.7 | K57: 1274 | L57: 5542475 | M57: =IFERROR(VLOOKUP($B57-1,CDM!$J$6:$P$19,4,FALSE)/12,0)+IFERROR(VLOOKUP($B57,CDM!$J$37:$M$47,4,FALSE)/24,0)+IFERROR(VLOOKUP($B57,CDM!$J$37:$M$47,4,FALSE)/2*$C57/78,0) -> 135324.29 | N57: =L57+M57 -> 5677799.3 | O57: 18179 | P57: 150 | Q57: 73705 | R57: 236 | S57: 2920 | T57: 16457 | U57: 43 | V57: 171 | W57: 49855 | X57: 19 | Y57: 7553.6 | Z57: 3788.8 | AA57: =L57-Y57 -> 5534921.4 | AB57: =N57-Y57 -> 5670245.7 | AC57: =O57-Z57 -> 14390.2 | AD57: =Economic!H59 -> 769942 | AE57: =Economic!I59 -> 778294 | AF57: =Economic!D59 -> 6904.3 | AG57: =Economic!E59 -> 6971.5 | AH57: =Economic!F59 -> 579.2 | AI57: =Economic!G59 -> 586.6 | AJ57: =Economic!J59 -> -509.7 | AK57: =Economic!K59 -> -530 | AL57: =Economic!L59 -> -37.4 | AM57: =Economic!M59 -> -37.8 | AN57: =Economic!N59 -> -37332.5 | AO57: =Economic!O59 -> 72583 | AP57: =Weather!D57 -> 17.764785 | AQ57: =Weather!E57 -> 79.675 | AR57: =Weather!F57 -> 10.383333 | AS57: =Weather!G57 -> 40.033333 | AT57: =Weather!H57 -> 32.741667 | AU57: =Weather!I57 -> 17.466667 | AV57: =Weather!J57 -> 72.175 | AW57: =Weather!K57 -> 3.9583333 | ... BD57: =Weather!R57 -> 302.70833 | BE57: 0 | BF57: 0 | BG57: 0 | BH57: 0 | BI57: 0 | BJ57: 0 | BK57: 0 | BL57: 1 | BM57: 0 | BN57: 0 | BO57: 0 | BP57: 0 | BQ57: 0 | BR57: 0 | BS57: 0 | BT57: =1+BT56 -> 56 | BU57: 31 | BV57: 22 | BW57: 1 | BX57: 0.5 | BY57: 1 | BZ57: 0 | CA57: =$BX57*AQ57 -> 39.8375 | CB57: =$BX57*AR57 -> 5.1916667 | CC57: =$BX57*AS57 -> 20.016667 | CD57: =$BX57*AT57 -> 16.370833 | CE57: =$BX57*AU57 -> 8.7333333 | CF57: =$BX57*AV57 -> 36.0875 | CG57: =$BX57*AW57 -> 1.9791667 | CH57: =$BX57*AX57 -> 60.333333 | ... CN57: =$BX57*BD57 -> 151.35417 | CO57: =$BY57*AQ57 -> 79.675 | CP57: =$BY57*AR57 -> 10.383333 | CQ57: =$BY57*AS57 -> 40.033333 | CR57: =$BY57*AT57 -> 32.741667 | CS57: =$BY57*AU57 -> 17.466667 | CT57: =$BY57*AV57 -> 72.175 | CU57: =$BY57*AW57 -> 3.9583333 | CV57: =$BY57*AX57 -> 120.66667 | ... DB57: =$BY57*BD57 -> 302.70833 | DC57: =F57/G57 -> 700.60294 | DD57: =DC57/BU57 -> 22.600095 | DE57: =F57/BU57 -> 225209.95 | DF57: =J57/K57 -> 1702.5657 | DG57: =DF57/BU57 -> 54.921475 | DH57: =J57/BU57 -> 69969.96 | DI57: =N57/P57 -> 37851.995 | DJ57: =DI57/BU57 -> 1221.0321 | DK57: =DI57/BV57 -> 1720.5452 | DL57: =N57/BU57 -> 183154.82 | DM57: =N57/BV57 -> 258081.79 | DN57: 0 | DO57: 0
A58: =EOMONTH(A57,0)+1 -> 44075 | B58: =YEAR(A58) -> 2020 | C58: =MONTH(A58) -> 9 | D58: 5431156 | E58: =IFERROR(VLOOKUP($B58-1,CDM!$J$6:$P$19,2,FALSE)/12,0)+IFERROR(VLOOKUP($B58,CDM!$J$37:$M$48,2,FALSE)/24,0)+IFERROR(VLOOKUP($B58,CDM!$J$37:$M$48,2,FALSE)/2*$C58/78,0) -> 161862.32 | F58: =D58+E58 -> 5593018.3 | G58: 9980 | H58: 1782342 | I58: =IFERROR(VLOOKUP($B58-1,CDM!$J$6:$P$19,3,FALSE)/12,0)+IFERROR(VLOOKUP($B58,CDM!$J$37:$M$47,3,FALSE)/24,0)+IFERROR(VLOOKUP($B58,CDM!$J$37:$M$47,3,FALSE)/2*$C58/78,0) -> 155365.39 | J58: =H58+I58 -> 1937707.4 | K58: 1274 | L58: 4718668 | M58: =IFERROR(VLOOKUP($B58-1,CDM!$J$6:$P$19,4,FALSE)/12,0)+IFERROR(VLOOKUP($B58,CDM!$J$37:$M$47,4,FALSE)/24,0)+IFERROR(VLOOKUP($B58,CDM!$J$37:$M$47,4,FALSE)/2*$C58/78,0) -> 135193.9 | N58: =L58+M58 -> 4853861.9 | O58: 15554 | P58: 150 | Q58: 81378 | R58: 236 | S58: 2920 | T58: 16312 | U58: 43 | V58: 171 | W58: 49681 | X58: 19 | Y58: 1851.2 | Z58: 2880 | AA58: =L58-Y58 -> 4716816.8 | AB58: =N58-Y58 -> 4852010.7 | AC58: =O58-Z58 -> 12674 | AD58: =Economic!H60 -> 769942 | AE58: =Economic!I60 -> 778294 | AF58: =Economic!D60 -> 7065.2 | AG58: =Economic!E60 -> 7098.8 | AH58: =Economic!F60 -> 589.6 | AI58: =Economic!G60 -> 592 | AJ58: =Economic!J60 -> -367.2 | AK58: =Economic!K60 -> -390.5 | AL58: =Economic!L60 -> -38.1 | AM58: =Economic!M60 -> -37.9 | AN58: =Economic!N60 -> -37332.5 | AO58: =Economic!O60 -> 72583 | AP58: =Weather!D58 -> 13.11625 | AQ58: =Weather!E58 -> 206.675 | AR58: =Weather!F58 -> 0.1625 | AS58: =Weather!G58 -> 153.40417 | AT58: =Weather!H58 -> 6.8916667 | AU58: =Weather!I58 -> 104.86667 | AV58: =Weather!J58 -> 18.354167 | AW58: =Weather!K58 -> 66.75 | ... BD58: =Weather!R58 -> 158.79167 | BE58: 0 | BF58: 0 | BG58: 0 | BH58: 0 | BI58: 0 | BJ58: 0 | BK58: 0 | BL58: 0 | BM58: 1 | BN58: 0 | BO58: 0 | BP58: 0 | BQ58: 0 | BR58: 1 | BS58: 1 | BT58: =1+BT57 -> 57 | BU58: 30 | BV58: 19 | BW58: 1 | BX58: 0.5 | BY58: 1 | BZ58: 0 | CA58: =$BX58*AQ58 -> 103.3375 | CB58: =$BX58*AR58 -> 0.08125 | CC58: =$BX58*AS58 -> 76.702083 | CD58: =$BX58*AT58 -> 3.4458333 | CE58: =$BX58*AU58 -> 52.433333 | CF58: =$BX58*AV58 -> 9.1770833 | CG58: =$BX58*AW58 -> 33.375 | CH58: =$BX58*AX58 -> 20.11875 | ... CN58: =$BX58*BD58 -> 79.395833 | CO58: =$BY58*AQ58 -> 206.675 | CP58: =$BY58*AR58 -> 0.1625 | CQ58: =$BY58*AS58 -> 153.40417 | CR58: =$BY58*AT58 -> 6.8916667 | CS58: =$BY58*AU58 -> 104.86667 | CT58: =$BY58*AV58 -> 18.354167 | CU58: =$BY58*AW58 -> 66.75 | CV58: =$BY58*AX58 -> 40.2375 | ... DB58: =$BY58*BD58 -> 158.79167 | DC58: =F58/G58 -> 560.42268 | DD58: =DC58/BU58 -> 18.680756 | DE58: =F58/BU58 -> 186433.94 | DF58: =J58/K58 -> 1520.9634 | DG58: =DF58/BU58 -> 50.69878 | DH58: =J58/BU58 -> 64590.246 | DI58: =N58/P58 -> 32359.079 | DJ58: =DI58/BU58 -> 1078.636 | DK58: =DI58/BV58 -> 1703.1094 | DL58: =N58/BU58 -> 161795.4 | DM58: =N58/BV58 -> 255466.42 | DN58: 0 | DO58: 0
A59: =EOMONTH(A58,0)+1 -> 44105 | B59: =YEAR(A59) -> 2020 | C59: =MONTH(A59) -> 10 | D59: 6120244 | E59: =IFERROR(VLOOKUP($B59-1,CDM!$J$6:$P$19,2,FALSE)/12,0)+IFERROR(VLOOKUP($B59,CDM!$J$37:$M$48,2,FALSE)/24,0)+IFERROR(VLOOKUP($B59,CDM!$J$37:$M$48,2,FALSE)/2*$C59/78,0) -> 161864.34 | F59: =D59+E59 -> 6282108.3 | G59: 9996 | H59: 1924819 | I59: =IFERROR(VLOOKUP($B59-1,CDM!$J$6:$P$19,3,FALSE)/12,0)+IFERROR(VLOOKUP($B59,CDM!$J$37:$M$47,3,FALSE)/24,0)+IFERROR(VLOOKUP($B59,CDM!$J$37:$M$47,3,FALSE)/2*$C59/78,0) -> 154981.03 | J59: =H59+I59 -> 2079800 | K59: 1272 | L59: 5012347 | M59: =IFERROR(VLOOKUP($B59-1,CDM!$J$6:$P$19,4,FALSE)/12,0)+IFERROR(VLOOKUP($B59,CDM!$J$37:$M$47,4,FALSE)/24,0)+IFERROR(VLOOKUP($B59,CDM!$J$37:$M$47,4,FALSE)/2*$C59/78,0) -> 135063.52 | N59: =L59+M59 -> 5147410.5 | O59: 16239 | P59: 150 | Q59: 94879 | R59: 236 | S59: 2920 | T59: 16089 | U59: 42 | V59: 171 | W59: 49975 | X59: 19 | Y59: 1991.2 | Z59: 2896 | AA59: =L59-Y59 -> 5010355.8 | AB59: =N59-Y59 -> 5145419.3 | AC59: =O59-Z59 -> 13343 | AD59: =Economic!H61 -> 769942 | AE59: =Economic!I61 -> 797313 | AF59: =Economic!D61 -> 7186.6 | AG59: =Economic!E61 -> 7210.7 | AH59: =Economic!F61 -> 591.2 | AI59: =Economic!G61 -> 588.3 | AJ59: =Economic!J61 -> -263.4 | AK59: =Economic!K61 -> -280.4 | AL59: =Economic!L61 -> -47.9 | AM59: =Economic!M61 -> -47.5 | AN59: =Economic!N61 -> -37332.5 | AO59: =Economic!O61 -> 19019 | AP59: =Weather!D59 -> 6.055914 | AQ59: =Weather!E59 -> 432.26667 | AR59: =Weather!F59 -> 0 | AS59: =Weather!G59 -> 370.26667 | AT59: =Weather!H59 -> 0 | AU59: =Weather!I59 -> 308.26667 | AV59: =Weather!J59 -> 0 | AW59: =Weather!K59 -> 246.71667 | ... BD59: =Weather!R59 -> 27.883333 | BE59: 0 | BF59: 0 | BG59: 0 | BH59: 0 | BI59: 0 | BJ59: 0 | BK59: 0 | BL59: 0 | BM59: 0 | BN59: 1 | BO59: 0 | BP59: 0 | BQ59: 0 | BR59: 1 | BS59: 1 | BT59: =1+BT58 -> 58 | BU59: 31 | BV59: 22 | BW59: 1 | BX59: 0.5 | BY59: 1 | BZ59: 0 | CA59: =$BX59*AQ59 -> 216.13333 | CB59: =$BX59*AR59 -> 0 | CC59: =$BX59*AS59 -> 185.13333 | CD59: =$BX59*AT59 -> 0 | CE59: =$BX59*AU59 -> 154.13333 | CF59: =$BX59*AV59 -> 0 | CG59: =$BX59*AW59 -> 123.35833 | CH59: =$BX59*AX59 -> 0.225 | ... CN59: =$BX59*BD59 -> 13.941667 | CO59: =$BY59*AQ59 -> 432.26667 | CP59: =$BY59*AR59 -> 0 | CQ59: =$BY59*AS59 -> 370.26667 | CR59: =$BY59*AT59 -> 0 | CS59: =$BY59*AU59 -> 308.26667 | CT59: =$BY59*AV59 -> 0 | CU59: =$BY59*AW59 -> 246.71667 | CV59: =$BY59*AX59 -> 0.45 | ... DB59: =$BY59*BD59 -> 27.883333 | DC59: =F59/G59 -> 628.46222 | DD59: =DC59/BU59 -> 20.272975 | DE59: =F59/BU59 -> 202648.66 | DF59: =J59/K59 -> 1635.0629 | DG59: =DF59/BU59 -> 52.743965 | DH59: =J59/BU59 -> 67090.323 | DI59: =N59/P59 -> 34316.07 | DJ59: =DI59/BU59 -> 1106.97 | DK59: =DI59/BV59 -> 1559.8214 | DL59: =N59/BU59 -> 166045.5 | DM59: =N59/BV59 -> 233973.21 | DN59: 0 | DO59: 0
A60: =EOMONTH(A59,0)+1 -> 44136 | B60: =YEAR(A60) -> 2020 | C60: =MONTH(A60) -> 11 | D60: 6617422 | E60: =IFERROR(VLOOKUP($B60-1,CDM!$J$6:$P$19,2,FALSE)/12,0)+IFERROR(VLOOKUP($B60,CDM!$J$37:$M$48,2,FALSE)/24,0)+IFERROR(VLOOKUP($B60,CDM!$J$37:$M$48,2,FALSE)/2*$C60/78,0) -> 161866.36 | F60: =D60+E60 -> 6779288.4 | G60: 10001 | H60: 2153940 | I60: =IFERROR(VLOOKUP($B60-1,CDM!$J$6:$P$19,3,FALSE)/12,0)+IFERROR(VLOOKUP($B60,CDM!$J$37:$M$47,3,FALSE)/24,0)+IFERROR(VLOOKUP($B60,CDM!$J$37:$M$47,3,FALSE)/2*$C60/78,0) -> 154596.67 | J60: =H60+I60 -> 2308536.7 | K60: 1275 | L60: 5211201 | M60: =IFERROR(VLOOKUP($B60-1,CDM!$J$6:$P$19,4,FALSE)/12,0)+IFERROR(VLOOKUP($B60,CDM!$J$37:$M$47,4,FALSE)/24,0)+IFERROR(VLOOKUP($B60,CDM!$J$37:$M$47,4,FALSE)/2*$C60/78,0) -> 134933.14 | N60: =L60+M60 -> 5346134.1 | O60: 19093 | P60: 150 | Q60: 101060 | R60: 236 | S60: 2920 | T60: 16052 | U60: 43 | V60: 171 | W60: 52957 | X60: 19 | Y60: 4040 | Z60: 5180.8 | AA60: =L60-Y60 -> 5207161 | AB60: =N60-Y60 -> 5342094.1 | AC60: =O60-Z60 -> 13912.2 | AD60: =Economic!H62 -> 769942 | AE60: =Economic!I62 -> 797313 | AF60: =Economic!D62 -> 7271.8 | AG60: =Economic!E62 -> 7283 | AH60: =Economic!F62 -> 592.7 | AI60: =Economic!G62 -> 588.9 | AJ60: =Economic!J62 -> -186.4 | AK60: =Economic!K62 -> -196.5 | AL60: =Economic!L62 -> -47.2 | AM60: =Economic!M62 -> -48.1 | AN60: =Economic!N62 -> -37332.5 | AO60: =Economic!O62 -> 19019 | AP60: =Weather!D60 -> 2.8723611 | AQ60: =Weather!E60 -> 513.82917 | AR60: =Weather!F60 -> 0 | AS60: =Weather!G60 -> 453.82917 | AT60: =Weather!H60 -> 0 | AU60: =Weather!I60 -> 393.82917 | AV60: =Weather!J60 -> 0 | AW60: =Weather!K60 -> 334.75417 | ... BD60: =Weather!R60 -> 26.654167 | BE60: 0 | BF60: 0 | BG60: 0 | BH60: 0 | BI60: 0 | BJ60: 0 | BK60: 0 | BL60: 0 | BM60: 0 | BN60: 0 | BO60: 1 | BP60: 0 | BQ60: 0 | BR60: 1 | BS60: 1 | BT60: =1+BT59 -> 59 | BU60: 30 | BV60: 22 | BW60: 1 | BX60: 0.5 | BY60: 1 | BZ60: 0 | CA60: =$BX60*AQ60 -> 256.91458 | CB60: =$BX60*AR60 -> 0 | CC60: =$BX60*AS60 -> 226.91458 | CD60: =$BX60*AT60 -> 0 | CE60: =$BX60*AU60 -> 196.91458 | CF60: =$BX60*AV60 -> 0 | CG60: =$BX60*AW60 -> 167.37708 | CH60: =$BX60*AX60 -> 0.4625 | ... CN60: =$BX60*BD60 -> 13.327083 | CO60: =$BY60*AQ60 -> 513.82917 | CP60: =$BY60*AR60 -> 0 | CQ60: =$BY60*AS60 -> 453.82917 | CR60: =$BY60*AT60 -> 0 | CS60: =$BY60*AU60 -> 393.82917 | CT60: =$BY60*AV60 -> 0 | CU60: =$BY60*AW60 -> 334.75417 | CV60: =$BY60*AX60 -> 0.925 | ... DB60: =$BY60*BD60 -> 26.654167 | DC60: =F60/G60 -> 677.86105 | DD60: =DC60/BU60 -> 22.595368 | DE60: =F60/BU60 -> 225976.28 | DF60: =J60/K60 -> 1810.617 | DG60: =DF60/BU60 -> 60.3539 | DH60: =J60/BU60 -> 76951.222 | DI60: =N60/P60 -> 35640.894 | DJ60: =DI60/BU60 -> 1188.0298 | DK60: =DI60/BV60 -> 1620.0406 | DL60: =N60/BU60 -> 178204.47 | DM60: =N60/BV60 -> 243006.1 | DN60: 0 | DO60: 0
A61: =EOMONTH(A60,0)+1 -> 44166 | B61: =YEAR(A61) -> 2020 | C61: =MONTH(A61) -> 12 | D61: 8621253 | E61: =IFERROR(VLOOKUP($B61-1,CDM!$J$6:$P$19,2,FALSE)/12,0)+IFERROR(VLOOKUP($B61,CDM!$J$37:$M$48,2,FALSE)/24,0)+IFERROR(VLOOKUP($B61,CDM!$J$37:$M$48,2,FALSE)/2*$C61/78,0) -> 161868.38 | F61: =D61+E61 -> 8783121.4 | G61: 10019 | H61: 2603393 | I61: =IFERROR(VLOOKUP($B61-1,CDM!$J$6:$P$19,3,FALSE)/12,0)+IFERROR(VLOOKUP($B61,CDM!$J$37:$M$47,3,FALSE)/24,0)+IFERROR(VLOOKUP($B61,CDM!$J$37:$M$47,3,FALSE)/2*$C61/78,0) -> 154212.31 | J61: =H61+I61 -> 2757605.3 | K61: 1273 | L61: 6193301 | M61: =IFERROR(VLOOKUP($B61-1,CDM!$J$6:$P$19,4,FALSE)/12,0)+IFERROR(VLOOKUP($B61,CDM!$J$37:$M$47,4,FALSE)/24,0)+IFERROR(VLOOKUP($B61,CDM!$J$37:$M$47,4,FALSE)/2*$C61/78,0) -> 134802.76 | N61: =L61+M61 -> 6328103.8 | O61: 19008 | P61: 150 | Q61: 109459 | R61: 236 | S61: 2920 | T61: 15752 | U61: 43 | V61: 171 | W61: 53209 | X61: 19 | Y61: 8307.2 | Z61: 4297.6 | AA61: =L61-Y61 -> 6184993.8 | AB61: =N61-Y61 -> 6319796.6 | AC61: =O61-Z61 -> 14710.4 | AD61: =Economic!H63 -> 769942 | AE61: =Economic!I63 -> 797313 | AF61: =Economic!D63 -> 7289.8 | AG61: =Economic!E63 -> 7300.6 | AH61: =Economic!F63 -> 596.7 | AI61: =Economic!G63 -> 594.4 | AJ61: =Economic!J63 -> -184.2 | AK61: =Economic!K63 -> -185.2 | AL61: =Economic!L63 -> -45 | AM61: =Economic!M63 -> -45.9 | AN61: =Economic!N63 -> -37332.5 | AO61: =Economic!O63 -> 19019 | AP61: =Weather!D61 -> -5.0295699 | AQ61: =Weather!E61 -> 775.91667 | AR61: =Weather!F61 -> 0 | AS61: =Weather!G61 -> 713.91667 | AT61: =Weather!H61 -> 0 | AU61: =Weather!I61 -> 651.91667 | AV61: =Weather!J61 -> 0 | AW61: =Weather!K61 -> 589.91667 | ... BD61: =Weather!R61 -> 0 | BE61: 0 | BF61: 0 | BG61: 0 | BH61: 0 | BI61: 0 | BJ61: 0 | BK61: 0 | BL61: 0 | BM61: 0 | BN61: 0 | BO61: 0 | BP61: 1 | BQ61: 0 | BR61: 0 | BS61: 0 | BT61: =1+BT60 -> 60 | BU61: 31 | BV61: 19 | BW61: 1 | BX61: 0.5 | BY61: 1 | BZ61: 0 | CA61: =$BX61*AQ61 -> 387.95833 | CB61: =$BX61*AR61 -> 0 | CC61: =$BX61*AS61 -> 356.95833 | CD61: =$BX61*AT61 -> 0 | CE61: =$BX61*AU61 -> 325.95833 | CF61: =$BX61*AV61 -> 0 | CG61: =$BX61*AW61 -> 294.95833 | CH61: =$BX61*AX61 -> 0 | ... CN61: =$BX61*BD61 -> 0 | CO61: =$BY61*AQ61 -> 775.91667 | CP61: =$BY61*AR61 -> 0 | CQ61: =$BY61*AS61 -> 713.91667 | CR61: =$BY61*AT61 -> 0 | CS61: =$BY61*AU61 -> 651.91667 | CT61: =$BY61*AV61 -> 0 | CU61: =$BY61*AW61 -> 589.91667 | CV61: =$BY61*AX61 -> 0 | ... DB61: =$BY61*BD61 -> 0 | DC61: =F61/G61 -> 876.64651 | DD61: =DC61/BU61 -> 28.27892 | DE61: =F61/BU61 -> 283326.5 | DF61: =J61/K61 -> 2166.2257 | DG61: =DF61/BU61 -> 69.878248 | DH61: =J61/BU61 -> 88955.01 | DI61: =N61/P61 -> 42187.358 | DJ61: =DI61/BU61 -> 1360.8825 | DK61: =DI61/BV61 -> 2220.3873 | DL61: =N61/BU61 -> 204132.38 | DM61: =N61/BV61 -> 333058.09 | DN61: 0 | DO61: 0
A62: =EOMONTH(A61,0)+1 -> 44197 | B62: =YEAR(A62) -> 2021 | C62: =MONTH(A62) -> 1 | D62: 8785376 | E62: =IFERROR(VLOOKUP($B62-1,CDM!$J$6:$P$19,2,FALSE)/12,0)+IFERROR(VLOOKUP($B62,CDM!$J$37:$M$48,2,FALSE)/24,0)+IFERROR(VLOOKUP($B62,CDM!$J$37:$M$48,2,FALSE)/2*$C62/78,0) -> 162318.6 | F62: =D62+E62 -> 8947694.6 | G62: 10021 | H62: 2608498 | I62: =IFERROR(VLOOKUP($B62-1,CDM!$J$6:$P$19,3,FALSE)/12,0)+IFERROR(VLOOKUP($B62,CDM!$J$37:$M$47,3,FALSE)/24,0)+IFERROR(VLOOKUP($B62,CDM!$J$37:$M$47,3,FALSE)/2*$C62/78,0) -> 162595.62 | J62: =H62+I62 -> 2771093.6 | K62: 1276 | L62: 5749753 | M62: =IFERROR(VLOOKUP($B62-1,CDM!$J$6:$P$19,4,FALSE)/12,0)+IFERROR(VLOOKUP($B62,CDM!$J$37:$M$47,4,FALSE)/24,0)+IFERROR(VLOOKUP($B62,CDM!$J$37:$M$47,4,FALSE)/2*$C62/78,0) -> 143054.35 | N62: =L62+M62 -> 5892807.4 | O62: 14526.7 | P62: 150 | Q62: 106503 | R62: 235.2 | S62: 2920 | T62: 15789 | U62: 42.6 | V62: 171 | W62: 53335 | X62: 19 | Y62: 7844 | Z62: 1104 | AA62: =L62-Y62 -> 5741909 | AB62: =N62-Y62 -> 5884963.4 | AC62: =O62-Z62 -> 13422.7 | AD62: =Economic!H64 -> 817265.5 | AE62: =Economic!I64 -> 809994 | AF62: =Economic!D64 -> 7234.6 | AG62: =Economic!E64 -> 7207.2 | AH62: =Economic!F64 -> 605.2 | AI62: =Economic!G64 -> 598.5 | AJ62: =Economic!J64 -> -263.5 | AK62: =Economic!K64 -> -257.5 | AL62: =Economic!L64 -> -30.7 | AM62: =Economic!M64 -> -33.1 | AN62: =Economic!N64 -> 47323.5 | AO62: =Economic!O64 -> 12681 | AP62: =Weather!D62 -> -7.5153226 | AQ62: =Weather!E62 -> 852.975 | AR62: =Weather!F62 -> 0 | AS62: =Weather!G62 -> 790.975 | AT62: =Weather!H62 -> 0 | AU62: =Weather!I62 -> 728.975 | AV62: =Weather!J62 -> 0 | AW62: =Weather!K62 -> 666.975 | ... BD62: =Weather!R62 -> 0 | BE62: 1 | BF62: 0 | BG62: 0 | BH62: 0 | BI62: 0 | BJ62: 0 | BK62: 0 | BL62: 0 | BM62: 0 | BN62: 0 | BO62: 0 | BP62: 0 | BQ62: =BQ50 -> 0 | BR62: =BR50 -> 0 | BS62: =BS50 -> 0 | BT62: =1+BT61 -> 61 | BU62: =BU14 -> 31 | BV62: 22 | BW62: 1 | BX62: 0.5 | BY62: 0.75 | BZ62: 0 | CA62: =$BX62*AQ62 -> 426.4875 | CB62: =$BX62*AR62 -> 0 | CC62: =$BX62*AS62 -> 395.4875 | CD62: =$BX62*AT62 -> 0 | CE62: =$BX62*AU62 -> 364.4875 | CF62: =$BX62*AV62 -> 0 | CG62: =$BX62*AW62 -> 333.4875 | CH62: =$BX62*AX62 -> 0 | ... CN62: =$BX62*BD62 -> 0 | CO62: =$BY62*AQ62 -> 639.73125 | CP62: =$BY62*AR62 -> 0 | CQ62: =$BY62*AS62 -> 593.23125 | CR62: =$BY62*AT62 -> 0 | CS62: =$BY62*AU62 -> 546.73125 | CT62: =$BY62*AV62 -> 0 | CU62: =$BY62*AW62 -> 500.23125 | CV62: =$BY62*AX62 -> 0 | ... DB62: =$BY62*BD62 -> 0 | DC62: =F62/G62 -> 892.89438 | DD62: =DC62/BU62 -> 28.803045 | DE62: =F62/BU62 -> 288635.31 | DF62: =J62/K62 -> 2171.7035 | DG62: =DF62/BU62 -> 70.054951 | DH62: =J62/BU62 -> 89390.117 | DI62: =N62/P62 -> 39285.382 | DJ62: =DI62/BU62 -> 1267.2704 | DK62: =DI62/BV62 -> 1785.6992 | DL62: =N62/BU62 -> 190090.56 | DM62: =N62/BV62 -> 267854.88 | DN62: 0 | DO62: 0
A63: =EOMONTH(A62,0)+1 -> 44228 | B63: =YEAR(A63) -> 2021 | C63: =MONTH(A63) -> 2 | D63: 8120445 | E63: =IFERROR(VLOOKUP($B63-1,CDM!$J$6:$P$19,2,FALSE)/12,0)+IFERROR(VLOOKUP($B63,CDM!$J$37:$M$48,2,FALSE)/24,0)+IFERROR(VLOOKUP($B63,CDM!$J$37:$M$48,2,FALSE)/2*$C63/78,0) -> 162380.11 | F63: =D63+E63 -> 8282825.1 | G63: 10032 | H63: 2521210 | I63: =IFERROR(VLOOKUP($B63-1,CDM!$J$6:$P$19,3,FALSE)/12,0)+IFERROR(VLOOKUP($B63,CDM!$J$37:$M$47,3,FALSE)/24,0)+IFERROR(VLOOKUP($B63,CDM!$J$37:$M$47,3,FALSE)/2*$C63/78,0) -> 163431.54 | J63: =H63+I63 -> 2684641.5 | K63: 1274 | L63: 5518701 | M63: =IFERROR(VLOOKUP($B63-1,CDM!$J$6:$P$19,4,FALSE)/12,0)+IFERROR(VLOOKUP($B63,CDM!$J$37:$M$47,4,FALSE)/24,0)+IFERROR(VLOOKUP($B63,CDM!$J$37:$M$47,4,FALSE)/2*$C63/78,0) -> 144058.95 | N63: =L63+M63 -> 5662760 | O63: 16001.8 | P63: 151 | Q63: 88675 | R63: 235.2 | S63: 2920 | T63: 16215 | U63: 44.7 | V63: 171 | W63: 50185 | X63: 19 | Y63: 30622.4 | Z63: 1894.4 | AA63: =L63-Y63 -> 5488078.6 | AB63: =N63-Y63 -> 5632137.6 | AC63: =O63-Z63 -> 14107.4 | AD63: =Economic!H65 -> 817265.5 | AE63: =Economic!I65 -> 809994 | AF63: =Economic!D65 -> 7209.5 | AG63: =Economic!E65 -> 7151.3 | AH63: =Economic!F65 -> 616.4 | AI63: =Economic!G65 -> 610.9 | AJ63: =Economic!J65 -> -298.5 | AK63: =Economic!K65 -> -287.7 | AL63: =Economic!L65 -> -11.4 | AM63: =Economic!M65 -> -11 | AN63: =Economic!N65 -> 47323.5 | AO63: =Economic!O65 -> 12681 | AP63: =Weather!D63 -> -9.2827381 | AQ63: =Weather!E63 -> 819.91667 | AR63: =Weather!F63 -> 0 | AS63: =Weather!G63 -> 763.91667 | AT63: =Weather!H63 -> 0 | AU63: =Weather!I63 -> 707.91667 | AV63: =Weather!J63 -> 0 | AW63: =Weather!K63 -> 651.91667 | ... BD63: =Weather!R63 -> 0 | BE63: 0 | BF63: 1 | BG63: 0 | BH63: 0 | BI63: 0 | BJ63: 0 | BK63: 0 | BL63: 0 | BM63: 0 | BN63: 0 | BO63: 0 | BP63: 0 | BQ63: =BQ51 -> 0 | BR63: =BR51 -> 0 | BS63: =BS51 -> 0 | BT63: =1+BT62 -> 62 | BU63: =BU15 -> 28 | BV63: 19 | BW63: 1 | BX63: 0.5 | BY63: 0.75 | BZ63: 0 | CA63: =$BX63*AQ63 -> 409.95833 | CB63: =$BX63*AR63 -> 0 | CC63: =$BX63*AS63 -> 381.95833 | CD63: =$BX63*AT63 -> 0 | CE63: =$BX63*AU63 -> 353.95833 | CF63: =$BX63*AV63 -> 0 | CG63: =$BX63*AW63 -> 325.95833 | CH63: =$BX63*AX63 -> 0 | ... CN63: =$BX63*BD63 -> 0 | CO63: =$BY63*AQ63 -> 614.9375 | CP63: =$BY63*AR63 -> 0 | CQ63: =$BY63*AS63 -> 572.9375 | CR63: =$BY63*AT63 -> 0 | CS63: =$BY63*AU63 -> 530.9375 | CT63: =$BY63*AV63 -> 0 | CU63: =$BY63*AW63 -> 488.9375 | CV63: =$BY63*AX63 -> 0 | ... DB63: =$BY63*BD63 -> 0 | DC63: =F63/G63 -> 825.64046 | DD63: =DC63/BU63 -> 29.487159 | DE63: =F63/BU63 -> 295815.18 | DF63: =J63/K63 -> 2107.254 | DG63: =DF63/BU63 -> 75.25907 | DH63: =J63/BU63 -> 95880.055 | DI63: =N63/P63 -> 37501.722 | DJ63: =DI63/BU63 -> 1339.3472 | DK63: =DI63/BV63 -> 1973.7748 | DL63: =N63/BU63 -> 202241.43 | DM63: =N63/BV63 -> 298040 | DN63: 0 | DO63: 0
A64: =EOMONTH(A63,0)+1 -> 44256 | B64: =YEAR(A64) -> 2021 | C64: =MONTH(A64) -> 3 | D64: 7679053 | E64: =IFERROR(VLOOKUP($B64-1,CDM!$J$6:$P$19,2,FALSE)/12,0)+IFERROR(VLOOKUP($B64,CDM!$J$37:$M$48,2,FALSE)/24,0)+IFERROR(VLOOKUP($B64,CDM!$J$37:$M$48,2,FALSE)/2*$C64/78,0) -> 162441.61 | F64: =D64+E64 -> 7841494.6 | G64: 10053 | H64: 2523119 | I64: =IFERROR(VLOOKUP($B64-1,CDM!$J$6:$P$19,3,FALSE)/12,0)+IFERROR(VLOOKUP($B64,CDM!$J$37:$M$47,3,FALSE)/24,0)+IFERROR(VLOOKUP($B64,CDM!$J$37:$M$47,3,FALSE)/2*$C64/78,0) -> 164267.45 | J64: =H64+I64 -> 2687386.4 | K64: 1273 | L64: 5685859 | M64: =IFERROR(VLOOKUP($B64-1,CDM!$J$6:$P$19,4,FALSE)/12,0)+IFERROR(VLOOKUP($B64,CDM!$J$37:$M$47,4,FALSE)/24,0)+IFERROR(VLOOKUP($B64,CDM!$J$37:$M$47,4,FALSE)/2*$C64/78,0) -> 145063.55 | N64: =L64+M64 -> 5830922.5 | O64: 14039.9 | P64: 151 | Q64: 88166 | R64: 235.5 | S64: 2920 | T64: 15388 | U64: 43.3 | V64: 171 | W64: 52327 | X64: 19 | Y64: 34111.2 | Z64: 6684.8 | AA64: =L64-Y64 -> 5651747.8 | AB64: =N64-Y64 -> 5796811.3 | AC64: =O64-Z64 -> 7355.1 | AD64: =Economic!H66 -> 817265.5 | AE64: =Economic!I66 -> 809994 | AF64: =Economic!D66 -> 7237.4 | AG64: =Economic!E66 -> 7153.7 | AH64: =Economic!F66 -> 622.3 | AI64: =Economic!G66 -> 615.6 | AJ64: =Economic!J66 -> -114.2 | AK64: =Economic!K66 -> -105.1 | AL64: =Economic!L66 -> 10.7 | AM64: =Economic!M66 -> 10.4 | AN64: =Economic!N66 -> 47323.5 | AO64: =Economic!O66 -> 12681 | AP64: =Weather!D64 -> -1.0211022 | AQ64: =Weather!E64 -> 651.65417 | AR64: =Weather!F64 -> 0 | AS64: =Weather!G64 -> 589.65417 | AT64: =Weather!H64 -> 0 | AU64: =Weather!I64 -> 527.65417 | AV64: =Weather!J64 -> 0 | AW64: =Weather!K64 -> 465.65417 | ... BD64: =Weather!R64 -> 7.2375 | BE64: 0 | BF64: 0 | BG64: 1 | BH64: 0 | BI64: 0 | BJ64: 0 | BK64: 0 | BL64: 0 | BM64: 0 | BN64: 0 | BO64: 0 | BP64: 0 | BQ64: =BQ52 -> 1 | BR64: =BR52 -> 0 | BS64: =BS52 -> 1 | BT64: =1+BT63 -> 63 | BU64: =BU16 -> 31 | BV64: 22 | BW64: 1 | BX64: 0.5 | BY64: 0.75 | BZ64: 0 | CA64: =$BX64*AQ64 -> 325.82708 | CB64: =$BX64*AR64 -> 0 | CC64: =$BX64*AS64 -> 294.82708 | CD64: =$BX64*AT64 -> 0 | CE64: =$BX64*AU64 -> 263.82708 | CF64: =$BX64*AV64 -> 0 | CG64: =$BX64*AW64 -> 232.82708 | CH64: =$BX64*AX64 -> 0 | ... CN64: =$BX64*BD64 -> 3.61875 | CO64: =$BY64*AQ64 -> 488.74063 | CP64: =$BY64*AR64 -> 0 | CQ64: =$BY64*AS64 -> 442.24063 | CR64: =$BY64*AT64 -> 0 | CS64: =$BY64*AU64 -> 395.74063 | CT64: =$BY64*AV64 -> 0 | CU64: =$BY64*AW64 -> 349.24063 | CV64: =$BY64*AX64 -> 0 | ... DB64: =$BY64*BD64 -> 5.428125 | DC64: =F64/G64 -> 780.01538 | DD64: =DC64/BU64 -> 25.161786 | DE64: =F64/BU64 -> 252951.44 | DF64: =J64/K64 -> 2111.0656 | DG64: =DF64/BU64 -> 68.098889 | DH64: =J64/BU64 -> 86689.885 | DI64: =N64/P64 -> 38615.381 | DJ64: =DI64/BU64 -> 1245.6575 | DK64: =DI64/BV64 -> 1755.2446 | DL64: =N64/BU64 -> 188094.28 | DM64: =N64/BV64 -> 265041.93 | DN64: 0 | DO64: 0
A65: =EOMONTH(A64,0)+1 -> 44287 | B65: =YEAR(A65) -> 2021 | C65: =MONTH(A65) -> 4 | D65: 6013718 | E65: =IFERROR(VLOOKUP($B65-1,CDM!$J$6:$P$19,2,FALSE)/12,0)+IFERROR(VLOOKUP($B65,CDM!$J$37:$M$48,2,FALSE)/24,0)+IFERROR(VLOOKUP($B65,CDM!$J$37:$M$48,2,FALSE)/2*$C65/78,0) -> 162503.12 | F65: =D65+E65 -> 6176221.1 | G65: 10059 | H65: 1865695 | I65: =IFERROR(VLOOKUP($B65-1,CDM!$J$6:$P$19,3,FALSE)/12,0)+IFERROR(VLOOKUP($B65,CDM!$J$37:$M$47,3,FALSE)/24,0)+IFERROR(VLOOKUP($B65,CDM!$J$37:$M$47,3,FALSE)/2*$C65/78,0) -> 165103.36 | J65: =H65+I65 -> 2030798.4 | K65: 1272 | L65: 4525427 | M65: =IFERROR(VLOOKUP($B65-1,CDM!$J$6:$P$19,4,FALSE)/12,0)+IFERROR(VLOOKUP($B65,CDM!$J$37:$M$47,4,FALSE)/24,0)+IFERROR(VLOOKUP($B65,CDM!$J$37:$M$47,4,FALSE)/2*$C65/78,0) -> 146068.15 | N65: =L65+M65 -> 4671495.2 | O65: 12393.2 | P65: 151 | Q65: 74448 | R65: 235.2 | S65: 2920 | T65: 14996.224 | U65: 41.8 | V65: 171 | W65: 49933 | X65: 19 | Y65: 0 | Z65: 0 | AA65: =L65-Y65 -> 4525427 | AB65: =N65-Y65 -> 4671495.2 | AC65: =O65-Z65 -> 12393.2 | AD65: =Economic!H67 -> 817265.5 | AE65: =Economic!I67 -> 803585 | AF65: =Economic!D67 -> 7276.1 | AG65: =Economic!E67 -> 7213.2 | AH65: =Economic!F67 -> 625.7 | AI65: =Economic!G67 -> 623.7 | AJ65: =Economic!J67 -> 314.5 | AK65: =Economic!K67 -> 319.5 | AL65: =Economic!L67 -> 40.7 | AM65: =Economic!M67 -> 41.3 | AN65: =Economic!N67 -> 47323.5 | AO65: =Economic!O67 -> -6409 | AP65: =Weather!D65 -> 7.2934722 | AQ65: =Weather!E65 -> 381.19583 | AR65: =Weather!F65 -> 0 | AS65: =Weather!G65 -> 321.19583 | AT65: =Weather!H65 -> 0 | AU65: =Weather!I65 -> 261.19583 | AV65: =Weather!J65 -> 0 | AW65: =Weather!K65 -> 203.17083 | ... BD65: =Weather!R65 -> 50.775 | BE65: 0 | BF65: 0 | BG65: 0 | BH65: 1 | BI65: 0 | BJ65: 0 | BK65: 0 | BL65: 0 | BM65: 0 | BN65: 0 | BO65: 0 | BP65: 0 | BQ65: =BQ53 -> 1 | BR65: =BR53 -> 0 | BS65: =BS53 -> 1 | BT65: =1+BT64 -> 64 | BU65: =BU17 -> 30 | BV65: 21 | BW65: 1 | BX65: 0.5 | BY65: 0.75 | BZ65: 0 | CA65: =$BX65*AQ65 -> 190.59792 | CB65: =$BX65*AR65 -> 0 | CC65: =$BX65*AS65 -> 160.59792 | CD65: =$BX65*AT65 -> 0 | CE65: =$BX65*AU65 -> 130.59792 | CF65: =$BX65*AV65 -> 0 | CG65: =$BX65*AW65 -> 101.58542 | CH65: =$BX65*AX65 -> 0.9875 | ... CN65: =$BX65*BD65 -> 25.3875 | CO65: =$BY65*AQ65 -> 285.89688 | CP65: =$BY65*AR65 -> 0 | CQ65: =$BY65*AS65 -> 240.89687 | CR65: =$BY65*AT65 -> 0 | CS65: =$BY65*AU65 -> 195.89687 | CT65: =$BY65*AV65 -> 0 | CU65: =$BY65*AW65 -> 152.37812 | CV65: =$BY65*AX65 -> 1.48125 | ... DB65: =$BY65*BD65 -> 38.08125 | DC65: =F65/G65 -> 613.99952 | DD65: =DC65/BU65 -> 20.466651 | DE65: =F65/BU65 -> 205874.04 | DF65: =J65/K65 -> 1596.5396 | DG65: =DF65/BU65 -> 53.217986 | DH65: =J65/BU65 -> 67693.279 | DI65: =N65/P65 -> 30937.054 | DJ65: =DI65/BU65 -> 1031.2351 | DK65: =DI65/BV65 -> 1473.1931 | DL65: =N65/BU65 -> 155716.51 | DM65: =N65/BV65 -> 222452.15 | DN65: 0 | DO65: 0
A66: =EOMONTH(A65,0)+1 -> 44317 | B66: =YEAR(A66) -> 2021 | C66: =MONTH(A66) -> 5 | D66: 6083974 | E66: =IFERROR(VLOOKUP($B66-1,CDM!$J$6:$P$19,2,FALSE)/12,0)+IFERROR(VLOOKUP($B66,CDM!$J$37:$M$48,2,FALSE)/24,0)+IFERROR(VLOOKUP($B66,CDM!$J$37:$M$48,2,FALSE)/2*$C66/78,0) -> 162564.63 | F66: =D66+E66 -> 6246538.6 | G66: 10066 | H66: 1895909 | I66: =IFERROR(VLOOKUP($B66-1,CDM!$J$6:$P$19,3,FALSE)/12,0)+IFERROR(VLOOKUP($B66,CDM!$J$37:$M$47,3,FALSE)/24,0)+IFERROR(VLOOKUP($B66,CDM!$J$37:$M$47,3,FALSE)/2*$C66/78,0) -> 165939.27 | J66: =H66+I66 -> 2061848.3 | K66: 1272 | L66: 4820904.4 | M66: =IFERROR(VLOOKUP($B66-1,CDM!$J$6:$P$19,4,FALSE)/12,0)+IFERROR(VLOOKUP($B66,CDM!$J$37:$M$47,4,FALSE)/24,0)+IFERROR(VLOOKUP($B66,CDM!$J$37:$M$47,4,FALSE)/2*$C66/78,0) -> 147072.75 | N66: =L66+M66 -> 4967977.2 | O66: 15080.25 | P66: 151 | Q66: 67648 | R66: 235.2 | S66: 2920 | T66: 14994.224 | U66: 41.8 | V66: 171 | W66: 50521 | X66: 19 | Y66: 1284 | Z66: 2643 | AA66: =L66-Y66 -> 4819620.4 | AB66: =N66-Y66 -> 4966693.2 | AC66: =O66-Z66 -> 12437.25 | AD66: =Economic!H68 -> 817265.5 | AE66: =Economic!I68 -> 803585 | AF66: =Economic!D68 -> 7265.7 | AG66: =Economic!E68 -> 7247.3 | AH66: =Economic!F68 -> 626.1 | AI66: =Economic!G68 -> 625.1 | AJ66: =Economic!J68 -> 693.1 | AK66: =Economic!K68 -> 696.4 | AL66: =Economic!L68 -> 61.9 | AM66: =Economic!M68 -> 60.6 | AN66: =Economic!N68 -> 47323.5 | AO66: =Economic!O68 -> -6409 | AP66: =Weather!D66 -> 12.099731 | AQ66: =Weather!E66 -> 251.675 | AR66: =Weather!F66 -> 6.7666667 | AS66: =Weather!G66 -> 201.675 | AT66: =Weather!H66 -> 18.766667 | AU66: =Weather!I66 -> 153.41667 | AV66: =Weather!J66 -> 32.508333 | AW66: =Weather!K66 -> 110.9375 | ... BD66: =Weather!R66 -> 146.03333 | BE66: 0 | BF66: 0 | BG66: 0 | BH66: 0 | BI66: 1 | BJ66: 0 | BK66: 0 | BL66: 0 | BM66: 0 | BN66: 0 | BO66: 0 | BP66: 0 | BQ66: =BQ54 -> 1 | BR66: =BR54 -> 0 | BS66: =BS54 -> 1 | BT66: =1+BT65 -> 65 | BU66: =BU18 -> 31 | BV66: 20 | BW66: 1 | BX66: 0.5 | BY66: 0.75 | BZ66: 0 | CA66: =$BX66*AQ66 -> 125.8375 | CB66: =$BX66*AR66 -> 3.3833333 | CC66: =$BX66*AS66 -> 100.8375 | CD66: =$BX66*AT66 -> 9.3833333 | CE66: =$BX66*AU66 -> 76.708333 | CF66: =$BX66*AV66 -> 16.254167 | CG66: =$BX66*AW66 -> 55.46875 | CH66: =$BX66*AX66 -> 26.014583 | ... CN66: =$BX66*BD66 -> 73.016667 | CO66: =$BY66*AQ66 -> 188.75625 | CP66: =$BY66*AR66 -> 5.075 | CQ66: =$BY66*AS66 -> 151.25625 | CR66: =$BY66*AT66 -> 14.075 | CS66: =$BY66*AU66 -> 115.0625 | CT66: =$BY66*AV66 -> 24.38125 | CU66: =$BY66*AW66 -> 83.203125 | CV66: =$BY66*AX66 -> 39.021875 | ... DB66: =$BY66*BD66 -> 109.525 | DC66: =F66/G66 -> 620.55818 | DD66: =DC66/BU66 -> 20.018006 | DE66: =F66/BU66 -> 201501.25 | DF66: =J66/K66 -> 1620.9499 | DG66: =DF66/BU66 -> 52.288706 | DH66: =J66/BU66 -> 66511.235 | DI66: =N66/P66 -> 32900.511 | DJ66: =DI66/BU66 -> 1061.3068 | DK66: =DI66/BV66 -> 1645.0255 | DL66: =N66/BU66 -> 160257.33 | DM66: =N66/BV66 -> 248398.86 | DN66: 0 | DO66: 0
A67: =EOMONTH(A66,0)+1 -> 44348 | B67: =YEAR(A67) -> 2021 | C67: =MONTH(A67) -> 6 | D67: 6848419 | E67: =IFERROR(VLOOKUP($B67-1,CDM!$J$6:$P$19,2,FALSE)/12,0)+IFERROR(VLOOKUP($B67,CDM!$J$37:$M$48,2,FALSE)/24,0)+IFERROR(VLOOKUP($B67,CDM!$J$37:$M$48,2,FALSE)/2*$C67/78,0) -> 162626.14 | F67: =D67+E67 -> 7011045.1 | G67: 10064 | H67: 2035592 | I67: =IFERROR(VLOOKUP($B67-1,CDM!$J$6:$P$19,3,FALSE)/12,0)+IFERROR(VLOOKUP($B67,CDM!$J$37:$M$47,3,FALSE)/24,0)+IFERROR(VLOOKUP($B67,CDM!$J$37:$M$47,3,FALSE)/2*$C67/78,0) -> 166775.18 | J67: =H67+I67 -> 2202367.2 | K67: 1285 | L67: 5238853.8 | M67: =IFERROR(VLOOKUP($B67-1,CDM!$J$6:$P$19,4,FALSE)/12,0)+IFERROR(VLOOKUP($B67,CDM!$J$37:$M$47,4,FALSE)/24,0)+IFERROR(VLOOKUP($B67,CDM!$J$37:$M$47,4,FALSE)/2*$C67/78,0) -> 148077.35 | N67: =L67+M67 -> 5386931.2 | O67: 14816.5 | P67: 139 | Q67: 60965 | R67: 235.2 | S67: 2920 | T67: 14995.224 | U67: 39.7 | V67: 171 | W67: 50269 | X67: 19 | Y67: 2261.6 | Z67: 537.6 | AA67: =L67-Y67 -> 5236592.2 | AB67: =N67-Y67 -> 5384669.6 | AC67: =O67-Z67 -> 14278.9 | AD67: =Economic!H69 -> 817265.5 | AE67: =Economic!I69 -> 803585 | AF67: =Economic!D69 -> 7250 | AG67: =Economic!E69 -> 7295.8 | AH67: =Economic!F69 -> 628.2 | AI67: =Economic!G69 -> 632.6 | AJ67: =Economic!J69 -> 772.6 | AK67: =Economic!K69 -> 780.2 | AL67: =Economic!L69 -> 72.5 | AM67: =Economic!M69 -> 72.5 | AN67: =Economic!N69 -> 47323.5 | AO67: =Economic!O69 -> -6409 | AP67: =Weather!D67 -> 19.186944 | AQ67: =Weather!E67 -> 55.15 | AR67: =Weather!F67 -> 30.758333 | AS67: =Weather!G67 -> 25.1625 | AT67: =Weather!H67 -> 60.770833 | AU67: =Weather!I67 -> 8.675 | AV67: =Weather!J67 -> 104.28333 | AW67: =Weather!K67 -> 2.4833333 | ... BD67: =Weather!R67 -> 335.60833 | BE67: 0 | BF67: 0 | BG67: 0 | BH67: 0 | BI67: 0 | BJ67: 1 | BK67: 0 | BL67: 0 | BM67: 0 | BN67: 0 | BO67: 0 | BP67: 0 | BQ67: =BQ55 -> 0 | BR67: =BR55 -> 0 | BS67: =BS55 -> 0 | BT67: =1+BT66 -> 66 | BU67: =BU19 -> 30 | BV67: 22 | BW67: 1 | BX67: 0.5 | BY67: 0.75 | BZ67: 0 | CA67: =$BX67*AQ67 -> 27.575 | CB67: =$BX67*AR67 -> 15.379167 | CC67: =$BX67*AS67 -> 12.58125 | CD67: =$BX67*AT67 -> 30.385417 | CE67: =$BX67*AU67 -> 4.3375 | CF67: =$BX67*AV67 -> 52.141667 | CG67: =$BX67*AW67 -> 1.2416667 | CH67: =$BX67*AX67 -> 79.045833 | ... CN67: =$BX67*BD67 -> 167.80417 | CO67: =$BY67*AQ67 -> 41.3625 | CP67: =$BY67*AR67 -> 23.06875 | CQ67: =$BY67*AS67 -> 18.871875 | CR67: =$BY67*AT67 -> 45.578125 | CS67: =$BY67*AU67 -> 6.50625 | CT67: =$BY67*AV67 -> 78.2125 | CU67: =$BY67*AW67 -> 1.8625 | CV67: =$BY67*AX67 -> 118.56875 | ... DB67: =$BY67*BD67 -> 251.70625 | DC67: =F67/G67 -> 696.64598 | DD67: =DC67/BU67 -> 23.221533 | DE67: =F67/BU67 -> 233701.5 | DF67: =J67/K67 -> 1713.9044 | DG67: =DF67/BU67 -> 57.130147 | DH67: =J67/BU67 -> 73412.239 | DI67: =N67/P67 -> 38754.9 | DJ67: =DI67/BU67 -> 1291.83 | DK67: =DI67/BV67 -> 1761.5864 | DL67: =N67/BU67 -> 179564.37 | DM67: =N67/BV67 -> 244860.51 | DN67: 0 | DO67: 0
A68: =EOMONTH(A67,0)+1 -> 44378 | B68: =YEAR(A68) -> 2021 | C68: =MONTH(A68) -> 7 | D68: 6984979 | E68: =IFERROR(VLOOKUP($B68-1,CDM!$J$6:$P$19,2,FALSE)/12,0)+IFERROR(VLOOKUP($B68,CDM!$J$37:$M$48,2,FALSE)/24,0)+IFERROR(VLOOKUP($B68,CDM!$J$37:$M$48,2,FALSE)/2*$C68/78,0) -> 162687.65 | F68: =D68+E68 -> 7147666.7 | G68: 10086 | H68: 2136408 | I68: =IFERROR(VLOOKUP($B68-1,CDM!$J$6:$P$19,3,FALSE)/12,0)+IFERROR(VLOOKUP($B68,CDM!$J$37:$M$47,3,FALSE)/24,0)+IFERROR(VLOOKUP($B68,CDM!$J$37:$M$47,3,FALSE)/2*$C68/78,0) -> 167611.1 | J68: =H68+I68 -> 2304019.1 | K68: 1284 | L68: 5356668 | M68: =IFERROR(VLOOKUP($B68-1,CDM!$J$6:$P$19,4,FALSE)/12,0)+IFERROR(VLOOKUP($B68,CDM!$J$37:$M$47,4,FALSE)/24,0)+IFERROR(VLOOKUP($B68,CDM!$J$37:$M$47,4,FALSE)/2*$C68/78,0) -> 149081.94 | N68: =L68+M68 -> 5505749.9 | O68: 17790.9 | P68: 139 | Q68: 65375 | R68: 235.2 | S68: 2920 | T68: 15787.229 | U68: 41.8 | V68: 171 | W68: 52453 | X68: 19 | Y68: 16538.24 | Z68: 3885.4 | AA68: =L68-Y68 -> 5340129.8 | AB68: =N68-Y68 -> 5489211.7 | AC68: =O68-Z68 -> 13905.5 | AD68: =Economic!H70 -> 817265.5 | AE68: =Economic!I70 -> 821006 | AF68: =Economic!D70 -> 7317 | AG68: =Economic!E70 -> 7392.6 | AH68: =Economic!F70 -> 630.5 | AI68: =Economic!G70 -> 639.6 | AJ68: =Economic!J70 -> 650.6 | AK68: =Economic!K70 -> 661.7 | AL68: =Economic!L70 -> 63.4 | AM68: =Economic!M70 -> 63.9 | AN68: =Economic!N70 -> 47323.5 | AO68: =Economic!O70 -> 17421 | AP68: =Weather!D68 -> 18.637903 | AQ68: =Weather!E68 -> 58.8 | AR68: =Weather!F68 -> 16.575 | AS68: =Weather!G68 -> 23.458333 | AT68: =Weather!H68 -> 43.233333 | AU68: =Weather!I68 -> 7.3083333 | AV68: =Weather!J68 -> 89.083333 | AW68: =Weather!K68 -> 0.32916667 | ... BD68: =Weather!R68 -> 329.775 | BE68: 0 | BF68: 0 | BG68: 0 | BH68: 0 | BI68: 0 | BJ68: 0 | BK68: 1 | BL68: 0 | BM68: 0 | BN68: 0 | BO68: 0 | BP68: 0 | BQ68: =BQ56 -> 0 | BR68: =BR56 -> 0 | BS68: =BS56 -> 0 | BT68: =1+BT67 -> 67 | BU68: =BU20 -> 31 | BV68: 22 | BW68: 1 | BX68: 0.5 | BY68: 0.75 | BZ68: 0 | CA68: =$BX68*AQ68 -> 29.4 | CB68: =$BX68*AR68 -> 8.2875 | CC68: =$BX68*AS68 -> 11.729167 | CD68: =$BX68*AT68 -> 21.616667 | CE68: =$BX68*AU68 -> 3.6541667 | CF68: =$BX68*AV68 -> 44.541667 | CG68: =$BX68*AW68 -> 0.16458333 | CH68: =$BX68*AX68 -> 72.052083 | ... CN68: =$BX68*BD68 -> 164.8875 | CO68: =$BY68*AQ68 -> 44.1 | CP68: =$BY68*AR68 -> 12.43125 | CQ68: =$BY68*AS68 -> 17.59375 | CR68: =$BY68*AT68 -> 32.425 | CS68: =$BY68*AU68 -> 5.48125 | CT68: =$BY68*AV68 -> 66.8125 | CU68: =$BY68*AW68 -> 0.246875 | CV68: =$BY68*AX68 -> 108.07813 | ... DB68: =$BY68*BD68 -> 247.33125 | DC68: =F68/G68 -> 708.67209 | DD68: =DC68/BU68 -> 22.86039 | DE68: =F68/BU68 -> 230569.89 | DF68: =J68/K68 -> 1794.4074 | DG68: =DF68/BU68 -> 57.88411 | DH68: =J68/BU68 -> 74323.197 | DI68: =N68/P68 -> 39609.712 | DJ68: =DI68/BU68 -> 1277.7326 | DK68: =DI68/BV68 -> 1800.4414 | DL68: =N68/BU68 -> 177604.84 | DM68: =N68/BV68 -> 250261.36 | DN68: 0 | DO68: 0
A69: =EOMONTH(A68,0)+1 -> 44409 | B69: =YEAR(A69) -> 2021 | C69: =MONTH(A69) -> 8 | D69: 8202587 | E69: =IFERROR(VLOOKUP($B69-1,CDM!$J$6:$P$19,2,FALSE)/12,0)+IFERROR(VLOOKUP($B69,CDM!$J$37:$M$48,2,FALSE)/24,0)+IFERROR(VLOOKUP($B69,CDM!$J$37:$M$48,2,FALSE)/2*$C69/78,0) -> 162749.16 | F69: =D69+E69 -> 8365336.2 | G69: 10096 | H69: 2418277 | I69: =IFERROR(VLOOKUP($B69-1,CDM!$J$6:$P$19,3,FALSE)/12,0)+IFERROR(VLOOKUP($B69,CDM!$J$37:$M$47,3,FALSE)/24,0)+IFERROR(VLOOKUP($B69,CDM!$J$37:$M$47,3,FALSE)/2*$C69/78,0) -> 168447.01 | J69: =H69+I69 -> 2586724 | K69: 1283 | L69: 7370478.3 | M69: =IFERROR(VLOOKUP($B69-1,CDM!$J$6:$P$19,4,FALSE)/12,0)+IFERROR(VLOOKUP($B69,CDM!$J$37:$M$47,4,FALSE)/24,0)+IFERROR(VLOOKUP($B69,CDM!$J$37:$M$47,4,FALSE)/2*$C69/78,0) -> 150086.54 | N69: =L69+M69 -> 7520564.8 | O69: 17684.35 | P69: 140 | Q69: 73605 | R69: 235.2 | S69: 2920 | T69: 15500.229 | U69: 41.8 | V69: 171 | W69: 51739 | X69: 19 | Y69: 0.48 | Z69: 1.9 | AA69: =L69-Y69 -> 7370477.8 | AB69: =N69-Y69 -> 7520564.3 | AC69: =O69-Z69 -> 17682.45 | AD69: =Economic!H71 -> 817265.5 | AE69: =Economic!I71 -> 821006 | AF69: =Economic!D71 -> 7405.9 | AG69: =Economic!E71 -> 7474.7 | AH69: =Economic!F71 -> 625.2 | AI69: =Economic!G71 -> 632.4 | AJ69: =Economic!J71 -> 501.6 | AK69: =Economic!K71 -> 503.2 | AL69: =Economic!L71 -> 46 | AM69: =Economic!M71 -> 45.8 | AN69: =Economic!N71 -> 47323.5 | AO69: =Economic!O71 -> 17421 | AP69: =Weather!D69 -> 21.164651 | AQ69: =Weather!E69 -> 27.104167 | AR69: =Weather!F69 -> 63.208333 | AS69: =Weather!G69 -> 8.2208333 | AT69: =Weather!H69 -> 106.325 | AU69: =Weather!I69 -> 0.98333333 | AV69: =Weather!J69 -> 161.0875 | AW69: =Weather!K69 -> 0 | ... BD69: =Weather!R69 -> 408.10417 | BE69: 0 | BF69: 0 | BG69: 0 | BH69: 0 | BI69: 0 | BJ69: 0 | BK69: 0 | BL69: 1 | BM69: 0 | BN69: 0 | BO69: 0 | BP69: 0 | BQ69: =BQ57 -> 0 | BR69: =BR57 -> 0 | BS69: =BS57 -> 0 | BT69: =1+BT68 -> 68 | BU69: =BU21 -> 31 | BV69: 20 | BW69: 1 | BX69: 0.5 | BY69: 0.75 | BZ69: 0 | CA69: =$BX69*AQ69 -> 13.552083 | CB69: =$BX69*AR69 -> 31.604167 | CC69: =$BX69*AS69 -> 4.1104167 | CD69: =$BX69*AT69 -> 53.1625 | CE69: =$BX69*AU69 -> 0.49166667 | CF69: =$BX69*AV69 -> 80.54375 | CG69: =$BX69*AW69 -> 0 | CH69: =$BX69*AX69 -> 111.05208 | ... CN69: =$BX69*BD69 -> 204.05208 | CO69: =$BY69*AQ69 -> 20.328125 | CP69: =$BY69*AR69 -> 47.40625 | CQ69: =$BY69*AS69 -> 6.165625 | CR69: =$BY69*AT69 -> 79.74375 | CS69: =$BY69*AU69 -> 0.7375 | CT69: =$BY69*AV69 -> 120.81562 | CU69: =$BY69*AW69 -> 0 | CV69: =$BY69*AX69 -> 166.57812 | ... DB69: =$BY69*BD69 -> 306.07812 | DC69: =F69/G69 -> 828.57926 | DD69: =DC69/BU69 -> 26.728363 | DE69: =F69/BU69 -> 269849.55 | DF69: =J69/K69 -> 2016.1528 | DG69: =DF69/BU69 -> 65.037186 | DH69: =J69/BU69 -> 83442.71 | DI69: =N69/P69 -> 53718.32 | DJ69: =DI69/BU69 -> 1732.849 | DK69: =DI69/BV69 -> 2685.916 | DL69: =N69/BU69 -> 242598.86 | DM69: =N69/BV69 -> 376028.24 | DN69: 0 | DO69: 0
A70: =EOMONTH(A69,0)+1 -> 44440 | B70: =YEAR(A70) -> 2021 | C70: =MONTH(A70) -> 9 | D70: 5475601 | E70: =IFERROR(VLOOKUP($B70-1,CDM!$J$6:$P$19,2,FALSE)/12,0)+IFERROR(VLOOKUP($B70,CDM!$J$37:$M$48,2,FALSE)/24,0)+IFERROR(VLOOKUP($B70,CDM!$J$37:$M$48,2,FALSE)/2*$C70/78,0) -> 162810.67 | F70: =D70+E70 -> 5638411.7 | G70: 10107 | H70: 1914965 | I70: =IFERROR(VLOOKUP($B70-1,CDM!$J$6:$P$19,3,FALSE)/12,0)+IFERROR(VLOOKUP($B70,CDM!$J$37:$M$47,3,FALSE)/24,0)+IFERROR(VLOOKUP($B70,CDM!$J$37:$M$47,3,FALSE)/2*$C70/78,0) -> 169282.92 | J70: =H70+I70 -> 2084247.9 | K70: 1282 | L70: 6987412.2 | M70: =IFERROR(VLOOKUP($B70-1,CDM!$J$6:$P$19,4,FALSE)/12,0)+IFERROR(VLOOKUP($B70,CDM!$J$37:$M$47,4,FALSE)/24,0)+IFERROR(VLOOKUP($B70,CDM!$J$37:$M$47,4,FALSE)/2*$C70/78,0) -> 151091.14 | N70: =L70+M70 -> 7138503.4 | O70: 11665.05 | P70: 140 | Q70: 81268 | R70: 235.2 | S70: 2920 | T70: 17588.247 | U70: 41.9 | V70: 171 | W70: 49597 | X70: 19 | Y70: 10168.96 | Z70: 1680 | AA70: =L70-Y70 -> 6977243.3 | AB70: =N70-Y70 -> 7128334.4 | AC70: =O70-Z70 -> 9985.05 | AD70: =Economic!H72 -> 817265.5 | AE70: =Economic!I72 -> 821006 | AF70: =Economic!D72 -> 7482 | AG70: =Economic!E72 -> 7507 | AH70: =Economic!F72 -> 617.8 | AI70: =Economic!G72 -> 619.9 | AJ70: =Economic!J72 -> 416.8 | AK70: =Economic!K72 -> 408.2 | AL70: =Economic!L72 -> 28.2 | AM70: =Economic!M72 -> 27.9 | AN70: =Economic!N72 -> 47323.5 | AO70: =Economic!O72 -> 17421 | AP70: =Weather!D70 -> 14.518333 | AQ70: =Weather!E70 -> 164.45 | AR70: =Weather!F70 -> 0 | AS70: =Weather!G70 -> 105.075 | AT70: =Weather!H70 -> 0.625 | AU70: =Weather!I70 -> 56.5625 | AV70: =Weather!J70 -> 12.1125 | AW70: =Weather!K70 -> 23.820833 | ... BD70: =Weather!R70 -> 195.55 | BE70: 0 | BF70: 0 | BG70: 0 | BH70: 0 | BI70: 0 | BJ70: 0 | BK70: 0 | BL70: 0 | BM70: 1 | BN70: 0 | BO70: 0 | BP70: 0 | BQ70: =BQ58 -> 0 | BR70: =BR58 -> 1 | BS70: =BS58 -> 1 | BT70: =1+BT69 -> 69 | BU70: =BU22 -> 30 | BV70: 21 | BW70: 1 | BX70: 0.5 | BY70: 0.75 | BZ70: 0 | CA70: =$BX70*AQ70 -> 82.225 | CB70: =$BX70*AR70 -> 0 | CC70: =$BX70*AS70 -> 52.5375 | CD70: =$BX70*AT70 -> 0.3125 | CE70: =$BX70*AU70 -> 28.28125 | CF70: =$BX70*AV70 -> 6.05625 | CG70: =$BX70*AW70 -> 11.910417 | CH70: =$BX70*AX70 -> 19.685417 | ... CN70: =$BX70*BD70 -> 97.775 | CO70: =$BY70*AQ70 -> 123.3375 | CP70: =$BY70*AR70 -> 0 | CQ70: =$BY70*AS70 -> 78.80625 | CR70: =$BY70*AT70 -> 0.46875 | CS70: =$BY70*AU70 -> 42.421875 | CT70: =$BY70*AV70 -> 9.084375 | CU70: =$BY70*AW70 -> 17.865625 | CV70: =$BY70*AX70 -> 29.528125 | ... DB70: =$BY70*BD70 -> 146.6625 | DC70: =F70/G70 -> 557.87194 | DD70: =DC70/BU70 -> 18.595731 | DE70: =F70/BU70 -> 187947.06 | DF70: =J70/K70 -> 1625.7784 | DG70: =DF70/BU70 -> 54.192614 | DH70: =J70/BU70 -> 69474.931 | DI70: =N70/P70 -> 50989.31 | DJ70: =DI70/BU70 -> 1699.6437 | DK70: =DI70/BV70 -> 2428.0624 | DL70: =N70/BU70 -> 237950.11 | DM70: =N70/BV70 -> 339928.73 | DN70: 0 | DO70: 0
A71: =EOMONTH(A70,0)+1 -> 44470 | B71: =YEAR(A71) -> 2021 | C71: =MONTH(A71) -> 10 | D71: 5828517 | E71: =IFERROR(VLOOKUP($B71-1,CDM!$J$6:$P$19,2,FALSE)/12,0)+IFERROR(VLOOKUP($B71,CDM!$J$37:$M$48,2,FALSE)/24,0)+IFERROR(VLOOKUP($B71,CDM!$J$37:$M$48,2,FALSE)/2*$C71/78,0) -> 162872.18 | F71: =D71+E71 -> 5991389.2 | G71: 10112 | H71: 1980105 | I71: =IFERROR(VLOOKUP($B71-1,CDM!$J$6:$P$19,3,FALSE)/12,0)+IFERROR(VLOOKUP($B71,CDM!$J$37:$M$47,3,FALSE)/24,0)+IFERROR(VLOOKUP($B71,CDM!$J$37:$M$47,3,FALSE)/2*$C71/78,0) -> 170118.83 | J71: =H71+I71 -> 2150223.8 | K71: 1280 | L71: 5384511.6 | M71: =IFERROR(VLOOKUP($B71-1,CDM!$J$6:$P$19,4,FALSE)/12,0)+IFERROR(VLOOKUP($B71,CDM!$J$37:$M$47,4,FALSE)/24,0)+IFERROR(VLOOKUP($B71,CDM!$J$37:$M$47,4,FALSE)/2*$C71/78,0) -> 152095.74 | N71: =L71+M71 -> 5536607.4 | O71: 12860.15 | P71: 141 | Q71: 94750 | R71: 235.2 | S71: 2920 | T71: 16879.313 | U71: 44.4 | V71: 171 | W71: 50605 | X71: 19 | Y71: 1736 | Z71: 3115.5 | AA71: =L71-Y71 -> 5382775.6 | AB71: =N71-Y71 -> 5534871.4 | AC71: =O71-Z71 -> 9744.65 | AD71: =Economic!H73 -> 817265.5 | AE71: =Economic!I73 -> 840399 | AF71: =Economic!D73 -> 7537.7 | AG71: =Economic!E73 -> 7547.1 | AH71: =Economic!F73 -> 613.5 | AI71: =Economic!G73 -> 610.3 | AJ71: =Economic!J73 -> 351.1 | AK71: =Economic!K73 -> 336.4 | AL71: =Economic!L73 -> 22.3 | AM71: =Economic!M73 -> 22 | AN71: =Economic!N73 -> 47323.5 | AO71: =Economic!O73 -> 19393 | AP71: =Weather!D71 -> 10.492608 | AQ71: =Weather!E71 -> 294.72917 | AR71: =Weather!F71 -> 0 | AS71: =Weather!G71 -> 232.72917 | AT71: =Weather!H71 -> 0 | AU71: =Weather!I71 -> 177.02917 | AV71: =Weather!J71 -> 6.3 | AW71: =Weather!K71 -> 126.5 | ... BD71: =Weather!R71 -> 107.975 | BE71: 0 | BF71: 0 | BG71: 0 | BH71: 0 | BI71: 0 | BJ71: 0 | BK71: 0 | BL71: 0 | BM71: 0 | BN71: 1 | BO71: 0 | BP71: 0 | BQ71: =BQ59 -> 0 | BR71: =BR59 -> 1 | BS71: =BS59 -> 1 | BT71: =1+BT70 -> 70 | BU71: =BU23 -> 31 | BV71: 21 | BW71: 1 | BX71: 0.5 | BY71: 0.75 | BZ71: 0 | CA71: =$BX71*AQ71 -> 147.36458 | CB71: =$BX71*AR71 -> 0 | CC71: =$BX71*AS71 -> 116.36458 | CD71: =$BX71*AT71 -> 0 | CE71: =$BX71*AU71 -> 88.514583 | CF71: =$BX71*AV71 -> 3.15 | CG71: =$BX71*AW71 -> 63.25 | CH71: =$BX71*AX71 -> 8.8854167 | ... CN71: =$BX71*BD71 -> 53.9875 | CO71: =$BY71*AQ71 -> 221.04687 | CP71: =$BY71*AR71 -> 0 | CQ71: =$BY71*AS71 -> 174.54688 | CR71: =$BY71*AT71 -> 0 | CS71: =$BY71*AU71 -> 132.77188 | CT71: =$BY71*AV71 -> 4.725 | CU71: =$BY71*AW71 -> 94.875 | CV71: =$BY71*AX71 -> 13.328125 | ... DB71: =$BY71*BD71 -> 80.98125 | DC71: =F71/G71 -> 592.50289 | DD71: =DC71/BU71 -> 19.112996 | DE71: =F71/BU71 -> 193270.62 | DF71: =J71/K71 -> 1679.8624 | DG71: =DF71/BU71 -> 54.189109 | DH71: =J71/BU71 -> 69362.059 | DI71: =N71/P71 -> 39266.719 | DJ71: =DI71/BU71 -> 1266.6684 | DK71: =DI71/BV71 -> 1869.8438 | DL71: =N71/BU71 -> 178600.24 | DM71: =N71/BV71 -> 263647.97 | DN71: 0 | DO71: 0
A72: =EOMONTH(A71,0)+1 -> 44501 | B72: =YEAR(A72) -> 2021 | C72: =MONTH(A72) -> 11 | D72: 6840196 | E72: =IFERROR(VLOOKUP($B72-1,CDM!$J$6:$P$19,2,FALSE)/12,0)+IFERROR(VLOOKUP($B72,CDM!$J$37:$M$48,2,FALSE)/24,0)+IFERROR(VLOOKUP($B72,CDM!$J$37:$M$48,2,FALSE)/2*$C72/78,0) -> 162933.69 | F72: =D72+E72 -> 7003129.7 | G72: 10114 | H72: 2325439 | I72: =IFERROR(VLOOKUP($B72-1,CDM!$J$6:$P$19,3,FALSE)/12,0)+IFERROR(VLOOKUP($B72,CDM!$J$37:$M$47,3,FALSE)/24,0)+IFERROR(VLOOKUP($B72,CDM!$J$37:$M$47,3,FALSE)/2*$C72/78,0) -> 170954.74 | J72: =H72+I72 -> 2496393.7 | K72: 1279 | L72: 5436796 | M72: =IFERROR(VLOOKUP($B72-1,CDM!$J$6:$P$19,4,FALSE)/12,0)+IFERROR(VLOOKUP($B72,CDM!$J$37:$M$47,4,FALSE)/24,0)+IFERROR(VLOOKUP($B72,CDM!$J$37:$M$47,4,FALSE)/2*$C72/78,0) -> 153100.34 | N72: =L72+M72 -> 5589896.3 | O72: 17997.6 | P72: 141 | Q72: 100923 | R72: 235.2 | S72: 2920 | T72: 15893.188 | U72: 44.1 | V72: 171 | W72: 50101 | X72: 19 | Y72: 50588.8 | Z72: 4483.2 | AA72: =L72-Y72 -> 5386207.2 | AB72: =N72-Y72 -> 5539307.5 | AC72: =O72-Z72 -> 13514.4 | AD72: =Economic!H74 -> 817265.5 | AE72: =Economic!I74 -> 840399 | AF72: =Economic!D74 -> 7604 | AG72: =Economic!E74 -> 7604.8 | AH72: =Economic!F74 -> 614.2 | AI72: =Economic!G74 -> 610 | AJ72: =Economic!J74 -> 332.2 | AK72: =Economic!K74 -> 321.8 | AL72: =Economic!L74 -> 21.5 | AM72: =Economic!M74 -> 21.1 | AN72: =Economic!N74 -> 47323.5 | AO72: =Economic!O74 -> 19393 | AP72: =Weather!D72 -> 0.52263889 | AQ72: =Weather!E72 -> 584.32083 | AR72: =Weather!F72 -> 0 | AS72: =Weather!G72 -> 524.32083 | AT72: =Weather!H72 -> 0 | AU72: =Weather!I72 -> 464.32083 | AV72: =Weather!J72 -> 0 | AW72: =Weather!K72 -> 404.32083 | ... BD72: =Weather!R72 -> 0 | BE72: 0 | BF72: 0 | BG72: 0 | BH72: 0 | BI72: 0 | BJ72: 0 | BK72: 0 | BL72: 0 | BM72: 0 | BN72: 0 | BO72: 1 | BP72: 0 | BQ72: =BQ60 -> 0 | BR72: =BR60 -> 1 | BS72: =BS60 -> 1 | BT72: =1+BT71 -> 71 | BU72: =BU24 -> 30 | BV72: 21 | BW72: 1 | BX72: 0.5 | BY72: 0.75 | BZ72: 0 | CA72: =$BX72*AQ72 -> 292.16042 | CB72: =$BX72*AR72 -> 0 | CC72: =$BX72*AS72 -> 262.16042 | CD72: =$BX72*AT72 -> 0 | CE72: =$BX72*AU72 -> 232.16042 | CF72: =$BX72*AV72 -> 0 | CG72: =$BX72*AW72 -> 202.16042 | CH72: =$BX72*AX72 -> 0 | ... CN72: =$BX72*BD72 -> 0 | CO72: =$BY72*AQ72 -> 438.24063 | CP72: =$BY72*AR72 -> 0 | CQ72: =$BY72*AS72 -> 393.24063 | CR72: =$BY72*AT72 -> 0 | CS72: =$BY72*AU72 -> 348.24063 | CT72: =$BY72*AV72 -> 0 | CU72: =$BY72*AW72 -> 303.24063 | CV72: =$BY72*AX72 -> 0 | ... DB72: =$BY72*BD72 -> 0 | DC72: =F72/G72 -> 692.41939 | DD72: =DC72/BU72 -> 23.080646 | DE72: =F72/BU72 -> 233437.66 | DF72: =J72/K72 -> 1951.8325 | DG72: =DF72/BU72 -> 65.061083 | DH72: =J72/BU72 -> 83213.125 | DI72: =N72/P72 -> 39644.655 | DJ72: =DI72/BU72 -> 1321.4885 | DK72: =DI72/BV72 -> 1887.8407 | DL72: =N72/BU72 -> 186329.88 | DM72: =N72/BV72 -> 266185.54 | DN72: 0 | DO72: 0
A73: =EOMONTH(A72,0)+1 -> 44531 | B73: =YEAR(A73) -> 2021 | C73: =MONTH(A73) -> 12 | D73: 8470209.6 | E73: =IFERROR(VLOOKUP($B73-1,CDM!$J$6:$P$19,2,FALSE)/12,0)+IFERROR(VLOOKUP($B73,CDM!$J$37:$M$48,2,FALSE)/24,0)+IFERROR(VLOOKUP($B73,CDM!$J$37:$M$48,2,FALSE)/2*$C73/78,0) -> 162995.2 | F73: =D73+E73 -> 8633204.8 | G73: 10127 | H73: 2777821.6 | I73: =IFERROR(VLOOKUP($B73-1,CDM!$J$6:$P$19,3,FALSE)/12,0)+IFERROR(VLOOKUP($B73,CDM!$J$37:$M$47,3,FALSE)/24,0)+IFERROR(VLOOKUP($B73,CDM!$J$37:$M$47,3,FALSE)/2*$C73/78,0) -> 171790.66 | J73: =H73+I73 -> 2949612.3 | K73: 1281 | L73: 5885929.4 | M73: =IFERROR(VLOOKUP($B73-1,CDM!$J$6:$P$19,4,FALSE)/12,0)+IFERROR(VLOOKUP($B73,CDM!$J$37:$M$47,4,FALSE)/24,0)+IFERROR(VLOOKUP($B73,CDM!$J$37:$M$47,4,FALSE)/2*$C73/78,0) -> 154104.94 | N73: =L73+M73 -> 6040034.4 | O73: 19484 | P73: 141 | Q73: 109309.55 | R73: 235.2 | S73: 2920 | T73: 15783.54 | U73: 44.1 | V73: 171 | W73: 52578.61 | X73: 19 | Y73: 19046.72 | Z73: 8870.4 | AA73: =L73-Y73 -> 5866882.7 | AB73: =N73-Y73 -> 6020987.7 | AC73: =O73-Z73 -> 10613.6 | AD73: =Economic!H75 -> 817265.5 | AE73: =Economic!I75 -> 840399 | AF73: =Economic!D75 -> 7658.5 | AG73: =Economic!E75 -> 7662.8 | AH73: =Economic!F75 -> 616.4 | AI73: =Economic!G75 -> 613.2 | AJ73: =Economic!J75 -> 368.7 | AK73: =Economic!K75 -> 362.2 | AL73: =Economic!L75 -> 19.7 | AM73: =Economic!M75 -> 18.8 | AN73: =Economic!N75 -> 47323.5 | AO73: =Economic!O75 -> 19393 | AP73: =Weather!D73 -> -4.6518145 | AQ73: =Weather!E73 -> 764.20625 | AR73: =Weather!F73 -> 0 | AS73: =Weather!G73 -> 702.20625 | AT73: =Weather!H73 -> 0 | AU73: =Weather!I73 -> 640.20625 | AV73: =Weather!J73 -> 0 | AW73: =Weather!K73 -> 578.20625 | ... BD73: =Weather!R73 -> 0.1547619 | BE73: 0 | BF73: 0 | BG73: 0 | BH73: 0 | BI73: 0 | BJ73: 0 | BK73: 0 | BL73: 0 | BM73: 0 | BN73: 0 | BO73: 0 | BP73: 1 | BQ73: =BQ61 -> 0 | BR73: =BR61 -> 0 | BS73: =BS61 -> 0 | BT73: =1+BT72 -> 72 | BU73: =BU25 -> 31 | BV73: 21 | BW73: 1 | BX73: 0.5 | BY73: 0.75 | BZ73: 0 | CA73: =$BX73*AQ73 -> 382.10312 | CB73: =$BX73*AR73 -> 0 | CC73: =$BX73*AS73 -> 351.10312 | CD73: =$BX73*AT73 -> 0 | CE73: =$BX73*AU73 -> 320.10313 | CF73: =$BX73*AV73 -> 0 | CG73: =$BX73*AW73 -> 289.10313 | CH73: =$BX73*AX73 -> 0 | ... CN73: =$BX73*BD73 -> 0.077380952 | CO73: =$BY73*AQ73 -> 573.15469 | CP73: =$BY73*AR73 -> 0 | CQ73: =$BY73*AS73 -> 526.65469 | CR73: =$BY73*AT73 -> 0 | CS73: =$BY73*AU73 -> 480.15469 | CT73: =$BY73*AV73 -> 0 | CU73: =$BY73*AW73 -> 433.65469 | CV73: =$BY73*AX73 -> 0 | ... DB73: =$BY73*BD73 -> 0.11607143 | DC73: =F73/G73 -> 852.49381 | DD73: =DC73/BU73 -> 27.4998 | DE73: =F73/BU73 -> 278490.48 | DF73: =J73/K73 -> 2302.5857 | DG73: =DF73/BU73 -> 74.276959 | DH73: =J73/BU73 -> 95148.784 | DI73: =N73/P73 -> 42837.123 | DJ73: =DI73/BU73 -> 1381.8427 | DK73: =DI73/BV73 -> 2039.863 | DL73: =N73/BU73 -> 194839.82 | DM73: =N73/BV73 -> 287620.68 | DN73: 0 | DO73: 0
A74: =EOMONTH(A73,0)+1 -> 44562 | B74: =YEAR(A74) -> 2022 | C74: =MONTH(A74) -> 1 | D74: 10369340 | E74: =IFERROR(VLOOKUP($B74-1,CDM!$J$6:$P$19,2,FALSE)/12,0)+IFERROR(VLOOKUP($B74,CDM!$J$37:$M$48,2,FALSE)/24,0)+IFERROR(VLOOKUP($B74,CDM!$J$37:$M$48,2,FALSE)/2*$C74/78,0) -> 163485.53 | F74: =D74+E74 -> 10532826 | G74: 10147 | H74: 3325611 | I74: =IFERROR(VLOOKUP($B74-1,CDM!$J$6:$P$19,3,FALSE)/12,0)+IFERROR(VLOOKUP($B74,CDM!$J$37:$M$47,3,FALSE)/24,0)+IFERROR(VLOOKUP($B74,CDM!$J$37:$M$47,3,FALSE)/2*$C74/78,0) -> 186815.47 | J74: =H74+I74 -> 3512426.5 | K74: 1283 | L74: 6999063 | M74: =IFERROR(VLOOKUP($B74-1,CDM!$J$6:$P$19,4,FALSE)/12,0)+IFERROR(VLOOKUP($B74,CDM!$J$37:$M$47,4,FALSE)/24,0)+IFERROR(VLOOKUP($B74,CDM!$J$37:$M$47,4,FALSE)/2*$C74/78,0) -> 169508.61 | N74: =L74+M74 -> 7168571.6 | O74: 19204.8 | P74: 141 | Q74: 106508 | R74: 235.2 | S74: 2920 | T74: 16295 | U74: 45.1 | V74: 177 | W74: 50605 | X74: 19 | Y74: 551178.4 | Z74: 4608 | AA74: =L74-Y74 -> 6447884.6 | AB74: =N74-Y74 -> 6617393.2 | AC74: =O74-Z74 -> 14596.8 | AD74: =Economic!H76 -> 850461.9 | AE74: =Economic!I76 -> 847546 | AF74: =Economic!D76 -> 7643.6 | AG74: =Economic!E76 -> 7611.7 | AH74: =Economic!F76 -> 618.2 | AI74: =Economic!G76 -> 610.2 | AJ74: =Economic!J76 -> 409 | AK74: =Economic!K76 -> 404.5 | AL74: =Economic!L76 -> 13 | AM74: =Economic!M76 -> 11.7 | AN74: =Economic!N76 -> 33196.4 | AO74: =Economic!O76 -> 7147 | AP74: =Weather!D74 -> -16.084946 | AQ74: =Weather!E74 -> 1118.6333 | AR74: =Weather!F74 -> 0 | AS74: =Weather!G74 -> 1056.6333 | AT74: =Weather!H74 -> 0 | AU74: =Weather!I74 -> 994.63333 | AV74: =Weather!J74 -> 0 | AW74: =Weather!K74 -> 932.63333 | ... BD74: =Weather!R74 -> 0 | BE74: =BE62 -> 1 | BF74: =BF62 -> 0 | BG74: =BG62 -> 0 | BH74: =BH62 -> 0 | BI74: =BI62 -> 0 | BJ74: =BJ62 -> 0 | BK74: =BK62 -> 0 | BL74: =BL62 -> 0 | ... BS74: =BS62 -> 0 | BT74: =1+BT73 -> 73 | BU74: =BU26 -> 31 | BV74: 22 | BW74: 0.5 | BX74: 0.25 | BY74: 0.5 | BZ74: 0 | CA74: =$BX74*AQ74 -> 279.65833 | CB74: =$BX74*AR74 -> 0 | CC74: =$BX74*AS74 -> 264.15833 | CD74: =$BX74*AT74 -> 0 | CE74: =$BX74*AU74 -> 248.65833 | CF74: =$BX74*AV74 -> 0 | CG74: =$BX74*AW74 -> 233.15833 | CH74: =$BX74*AX74 -> 0 | ... CN74: =$BX74*BD74 -> 0 | CO74: =$BY74*AQ74 -> 559.31667 | CP74: =$BY74*AR74 -> 0 | CQ74: =$BY74*AS74 -> 528.31667 | CR74: =$BY74*AT74 -> 0 | CS74: =$BY74*AU74 -> 497.31667 | CT74: =$BY74*AV74 -> 0 | CU74: =$BY74*AW74 -> 466.31667 | CV74: =$BY74*AX74 -> 0 | ... DB74: =$BY74*BD74 -> 0 | DC74: =F74/G74 -> 1038.0236 | DD74: =DC74/BU74 -> 33.484632 | DE74: =F74/BU74 -> 339768.57 | DF74: =J74/K74 -> 2737.6668 | DG74: =DF74/BU74 -> 88.311831 | DH74: =J74/BU74 -> 113304.08 | DI74: =N74/P74 -> 50840.933 | DJ74: =DI74/BU74 -> 1640.0301 | DK74: =DI74/BV74 -> 2310.9515 | DL74: =N74/BU74 -> 231244.25 | DM74: =N74/BV74 -> 325844.16 | DN74: 0 | DO74: 0
A75: =EOMONTH(A74,0)+1 -> 44593 | B75: =YEAR(A75) -> 2022 | C75: =MONTH(A75) -> 2 | D75: 8422722 | E75: =IFERROR(VLOOKUP($B75-1,CDM!$J$6:$P$19,2,FALSE)/12,0)+IFERROR(VLOOKUP($B75,CDM!$J$37:$M$48,2,FALSE)/24,0)+IFERROR(VLOOKUP($B75,CDM!$J$37:$M$48,2,FALSE)/2*$C75/78,0) -> 163596.01 | F75: =D75+E75 -> 8586318 | G75: 10147 | H75: 2875971 | I75: =IFERROR(VLOOKUP($B75-1,CDM!$J$6:$P$19,3,FALSE)/12,0)+IFERROR(VLOOKUP($B75,CDM!$J$37:$M$47,3,FALSE)/24,0)+IFERROR(VLOOKUP($B75,CDM!$J$37:$M$47,3,FALSE)/2*$C75/78,0) -> 189431.78 | J75: =H75+I75 -> 3065402.8 | K75: 1283 | L75: 6347335 | M75: =IFERROR(VLOOKUP($B75-1,CDM!$J$6:$P$19,4,FALSE)/12,0)+IFERROR(VLOOKUP($B75,CDM!$J$37:$M$47,4,FALSE)/24,0)+IFERROR(VLOOKUP($B75,CDM!$J$37:$M$47,4,FALSE)/2*$C75/78,0) -> 172299.14 | N75: =L75+M75 -> 6519634.1 | O75: 21259.4 | P75: 142 | Q75: 88675 | R75: 235.1 | S75: 2920 | T75: 15789 | U75: 43.4 | V75: 177 | W75: 46196 | X75: 19 | Y75: 642655.2 | Z75: 7171.2 | AA75: =L75-Y75 -> 5704679.8 | AB75: =N75-Y75 -> 5876978.9 | AC75: =O75-Z75 -> 14088.2 | AD75: =Economic!H77 -> 850461.9 | AE75: =Economic!I77 -> 847546 | AF75: =Economic!D77 -> 7668.9 | AG75: =Economic!E77 -> 7606.7 | AH75: =Economic!F77 -> 623.3 | AI75: =Economic!G77 -> 616.5 | AJ75: =Economic!J77 -> 459.4 | AK75: =Economic!K77 -> 455.4 | AL75: =Economic!L77 -> 6.9 | AM75: =Economic!M77 -> 5.6 | AN75: =Economic!N77 -> 33196.4 | AO75: =Economic!O77 -> 7147 | AP75: =Weather!D75 -> -10.063095 | AQ75: =Weather!E75 -> 841.76667 | AR75: =Weather!F75 -> 0 | AS75: =Weather!G75 -> 785.76667 | AT75: =Weather!H75 -> 0 | AU75: =Weather!I75 -> 729.76667 | AV75: =Weather!J75 -> 0 | AW75: =Weather!K75 -> 673.76667 | ... BD75: =Weather!R75 -> 0 | BE75: =BE63 -> 0 | BF75: =BF63 -> 1 | BG75: =BG63 -> 0 | BH75: =BH63 -> 0 | BI75: =BI63 -> 0 | BJ75: =BJ63 -> 0 | BK75: =BK63 -> 0 | BL75: =BL63 -> 0 | ... BS75: =BS63 -> 0 | BT75: =1+BT74 -> 74 | BU75: =BU27 -> 29 | BV75: 19 | BW75: 0.5 | BX75: 0.25 | BY75: 0.5 | BZ75: 0 | CA75: =$BX75*AQ75 -> 210.44167 | CB75: =$BX75*AR75 -> 0 | CC75: =$BX75*AS75 -> 196.44167 | CD75: =$BX75*AT75 -> 0 | CE75: =$BX75*AU75 -> 182.44167 | CF75: =$BX75*AV75 -> 0 | CG75: =$BX75*AW75 -> 168.44167 | CH75: =$BX75*AX75 -> 0 | ... CN75: =$BX75*BD75 -> 0 | CO75: =$BY75*AQ75 -> 420.88333 | CP75: =$BY75*AR75 -> 0 | CQ75: =$BY75*AS75 -> 392.88333 | CR75: =$BY75*AT75 -> 0 | CS75: =$BY75*AU75 -> 364.88333 | CT75: =$BY75*AV75 -> 0 | CU75: =$BY75*AW75 -> 336.88333 | CV75: =$BY75*AX75 -> 0 | ... DB75: =$BY75*BD75 -> 0 | DC75: =F75/G75 -> 846.19277 | DD75: =DC75/BU75 -> 29.179061 | DE75: =F75/BU75 -> 296079.93 | DF75: =J75/K75 -> 2389.2461 | DG75: =DF75/BU75 -> 82.387797 | DH75: =J75/BU75 -> 105703.54 | DI75: =N75/P75 -> 45912.916 | DJ75: =DI75/BU75 -> 1583.204 | DK75: =DI75/BV75 -> 2416.4693 | DL75: =N75/BU75 -> 224814.97 | DM75: =N75/BV75 -> 343138.64 | DN75: 0 | DO75: 0
A76: =EOMONTH(A75,0)+1 -> 44621 | B76: =YEAR(A76) -> 2022 | C76: =MONTH(A76) -> 3 | D76: 7906665 | E76: =IFERROR(VLOOKUP($B76-1,CDM!$J$6:$P$19,2,FALSE)/12,0)+IFERROR(VLOOKUP($B76,CDM!$J$37:$M$48,2,FALSE)/24,0)+IFERROR(VLOOKUP($B76,CDM!$J$37:$M$48,2,FALSE)/2*$C76/78,0) -> 163706.5 | F76: =D76+E76 -> 8070371.5 | G76: 10148 | H76: 2798112 | I76: =IFERROR(VLOOKUP($B76-1,CDM!$J$6:$P$19,3,FALSE)/12,0)+IFERROR(VLOOKUP($B76,CDM!$J$37:$M$47,3,FALSE)/24,0)+IFERROR(VLOOKUP($B76,CDM!$J$37:$M$47,3,FALSE)/2*$C76/78,0) -> 192048.09 | J76: =H76+I76 -> 2990160.1 | K76: 1281 | L76: 5854399 | M76: =IFERROR(VLOOKUP($B76-1,CDM!$J$6:$P$19,4,FALSE)/12,0)+IFERROR(VLOOKUP($B76,CDM!$J$37:$M$47,4,FALSE)/24,0)+IFERROR(VLOOKUP($B76,CDM!$J$37:$M$47,4,FALSE)/2*$C76/78,0) -> 175089.67 | N76: =L76+M76 -> 6029488.7 | O76: 16225.3 | P76: 142 | Q76: 88166 | R76: 235.2 | S76: 2920 | T76: 16008 | U76: 44 | V76: 177 | W76: 49219 | X76: 19 | Y76: 14180.8 | Z76: 2249.6 | AA76: =L76-Y76 -> 5840218.2 | AB76: =N76-Y76 -> 6015307.9 | AC76: =O76-Z76 -> 13975.7 | AD76: =Economic!H78 -> 850461.9 | AE76: =Economic!I78 -> 847546 | AF76: =Economic!D78 -> 7681.1 | AG76: =Economic!E78 -> 7595.3 | AH76: =Economic!F78 -> 630.4 | AI76: =Economic!G78 -> 621.8 | AJ76: =Economic!J78 -> 443.7 | AK76: =Economic!K78 -> 441.6 | AL76: =Economic!L78 -> 8.1 | AM76: =Economic!M78 -> 6.2 | AN76: =Economic!N78 -> 33196.4 | AO76: =Economic!O78 -> 7147 | AP76: =Weather!D76 -> -2.730914 | AQ76: =Weather!E76 -> 704.65833 | AR76: =Weather!F76 -> 0 | AS76: =Weather!G76 -> 642.65833 | AT76: =Weather!H76 -> 0 | AU76: =Weather!I76 -> 580.65833 | AV76: =Weather!J76 -> 0 | AW76: =Weather!K76 -> 518.65833 | ... BD76: =Weather!R76 -> 0 | BE76: =BE64 -> 0 | BF76: =BF64 -> 0 | BG76: =BG64 -> 1 | BH76: =BH64 -> 0 | BI76: =BI64 -> 0 | BJ76: =BJ64 -> 0 | BK76: =BK64 -> 0 | BL76: =BL64 -> 0 | ... BS76: =BS64 -> 1 | BT76: =1+BT75 -> 75 | BU76: =BU28 -> 31 | BV76: 22 | BW76: 0.5 | BX76: 0.25 | BY76: 0.5 | BZ76: 0 | CA76: =$BX76*AQ76 -> 176.16458 | CB76: =$BX76*AR76 -> 0 | CC76: =$BX76*AS76 -> 160.66458 | CD76: =$BX76*AT76 -> 0 | CE76: =$BX76*AU76 -> 145.16458 | CF76: =$BX76*AV76 -> 0 | CG76: =$BX76*AW76 -> 129.66458 | CH76: =$BX76*AX76 -> 0 | ... CN76: =$BX76*BD76 -> 0 | CO76: =$BY76*AQ76 -> 352.32917 | CP76: =$BY76*AR76 -> 0 | CQ76: =$BY76*AS76 -> 321.32917 | CR76: =$BY76*AT76 -> 0 | CS76: =$BY76*AU76 -> 290.32917 | CT76: =$BY76*AV76 -> 0 | CU76: =$BY76*AW76 -> 259.32917 | CV76: =$BY76*AX76 -> 0 | ... DB76: =$BY76*BD76 -> 0 | DC76: =F76/G76 -> 795.2672 | DD76: =DC76/BU76 -> 25.65378 | DE76: =F76/BU76 -> 260334.56 | DF76: =J76/K76 -> 2334.2389 | DG76: =DF76/BU76 -> 75.298031 | DH76: =J76/BU76 -> 96456.777 | DI76: =N76/P76 -> 42461.188 | DJ76: =DI76/BU76 -> 1369.7157 | DK76: =DI76/BV76 -> 1930.054 | DL76: =N76/BU76 -> 194499.63 | DM76: =N76/BV76 -> 274067.67 | DN76: 0 | DO76: 0
A77: =EOMONTH(A76,0)+1 -> 44652 | B77: =YEAR(A77) -> 2022 | C77: =MONTH(A77) -> 4 | D77: 6384594 | E77: =IFERROR(VLOOKUP($B77-1,CDM!$J$6:$P$19,2,FALSE)/12,0)+IFERROR(VLOOKUP($B77,CDM!$J$37:$M$48,2,FALSE)/24,0)+IFERROR(VLOOKUP($B77,CDM!$J$37:$M$48,2,FALSE)/2*$C77/78,0) -> 163816.98 | F77: =D77+E77 -> 6548411 | G77: 10144 | H77: 2204226 | I77: =IFERROR(VLOOKUP($B77-1,CDM!$J$6:$P$19,3,FALSE)/12,0)+IFERROR(VLOOKUP($B77,CDM!$J$37:$M$47,3,FALSE)/24,0)+IFERROR(VLOOKUP($B77,CDM!$J$37:$M$47,3,FALSE)/2*$C77/78,0) -> 194664.4 | J77: =H77+I77 -> 2398890.4 | K77: 1277 | L77: 5065990 | M77: =IFERROR(VLOOKUP($B77-1,CDM!$J$6:$P$19,4,FALSE)/12,0)+IFERROR(VLOOKUP($B77,CDM!$J$37:$M$47,4,FALSE)/24,0)+IFERROR(VLOOKUP($B77,CDM!$J$37:$M$47,4,FALSE)/2*$C77/78,0) -> 177880.2 | N77: =L77+M77 -> 5243870.2 | O77: 16492.8 | P77: 143 | Q77: 74448 | R77: 235.2 | S77: 2920 | T77: 15934 | U77: 44.2 | V77: 177 | W77: 48295 | X77: 19 | Y77: 869.6 | Z77: 2185.6 | AA77: =L77-Y77 -> 5065120.4 | AB77: =N77-Y77 -> 5243000.6 | AC77: =O77-Z77 -> 14307.2 | AD77: =Economic!H79 -> 850461.9 | AE77: =Economic!I79 -> 854755 | AF77: =Economic!D79 -> 7758.4 | AG77: =Economic!E79 -> 7694.2 | AH77: =Economic!F79 -> 641.1 | AI77: =Economic!G79 -> 636.8 | AJ77: =Economic!J79 -> 482.3 | AK77: =Economic!K79 -> 481 | AL77: =Economic!L79 -> 15.4 | AM77: =Economic!M79 -> 13.1 | AN77: =Economic!N79 -> 33196.4 | AO77: =Economic!O79 -> 7209 | AP77: =Weather!D77 -> 4.6259722 | AQ77: =Weather!E77 -> 461.22083 | AR77: =Weather!F77 -> 0 | AS77: =Weather!G77 -> 401.22083 | AT77: =Weather!H77 -> 0 | AU77: =Weather!I77 -> 341.22083 | AV77: =Weather!J77 -> 0 | AW77: =Weather!K77 -> 281.22083 | ... BD77: =Weather!R77 -> 4.1458333 | BE77: =BE65 -> 0 | BF77: =BF65 -> 0 | BG77: =BG65 -> 0 | BH77: =BH65 -> 1 | BI77: =BI65 -> 0 | BJ77: =BJ65 -> 0 | BK77: =BK65 -> 0 | BL77: =BL65 -> 0 | ... BS77: =BS65 -> 1 | BT77: =1+BT76 -> 76 | BU77: =BU29 -> 30 | BV77: 21 | BW77: 0.5 | BX77: 0.25 | BY77: 0.5 | BZ77: 0 | CA77: =$BX77*AQ77 -> 115.30521 | CB77: =$BX77*AR77 -> 0 | CC77: =$BX77*AS77 -> 100.30521 | CD77: =$BX77*AT77 -> 0 | CE77: =$BX77*AU77 -> 85.305208 | CF77: =$BX77*AV77 -> 0 | CG77: =$BX77*AW77 -> 70.305208 | CH77: =$BX77*AX77 -> 0 | ... CN77: =$BX77*BD77 -> 1.0364583 | CO77: =$BY77*AQ77 -> 230.61042 | CP77: =$BY77*AR77 -> 0 | CQ77: =$BY77*AS77 -> 200.61042 | CR77: =$BY77*AT77 -> 0 | CS77: =$BY77*AU77 -> 170.61042 | CT77: =$BY77*AV77 -> 0 | CU77: =$BY77*AW77 -> 140.61042 | CV77: =$BY77*AX77 -> 0 | ... DB77: =$BY77*BD77 -> 2.0729167 | DC77: =F77/G77 -> 645.54525 | DD77: =DC77/BU77 -> 21.518175 | DE77: =F77/BU77 -> 218280.37 | DF77: =J77/K77 -> 1878.5359 | DG77: =DF77/BU77 -> 62.617865 | DH77: =J77/BU77 -> 79963.013 | DI77: =N77/P77 -> 36670.421 | DJ77: =DI77/BU77 -> 1222.3474 | DK77: =DI77/BV77 -> 1746.2105 | DL77: =N77/BU77 -> 174795.67 | DM77: =N77/BV77 -> 249708.1 | DN77: 0 | DO77: 0
A78: =EOMONTH(A77,0)+1 -> 44682 | B78: =YEAR(A78) -> 2022 | C78: =MONTH(A78) -> 5 | D78: 5916567 | E78: =IFERROR(VLOOKUP($B78-1,CDM!$J$6:$P$19,2,FALSE)/12,0)+IFERROR(VLOOKUP($B78,CDM!$J$37:$M$48,2,FALSE)/24,0)+IFERROR(VLOOKUP($B78,CDM!$J$37:$M$48,2,FALSE)/2*$C78/78,0) -> 163927.47 | F78: =D78+E78 -> 6080494.5 | G78: 10146 | H78: 1995213 | I78: =IFERROR(VLOOKUP($B78-1,CDM!$J$6:$P$19,3,FALSE)/12,0)+IFERROR(VLOOKUP($B78,CDM!$J$37:$M$47,3,FALSE)/24,0)+IFERROR(VLOOKUP($B78,CDM!$J$37:$M$47,3,FALSE)/2*$C78/78,0) -> 197280.71 | J78: =H78+I78 -> 2192493.7 | K78: 1274 | L78: 5103265 | M78: =IFERROR(VLOOKUP($B78-1,CDM!$J$6:$P$19,4,FALSE)/12,0)+IFERROR(VLOOKUP($B78,CDM!$J$37:$M$47,4,FALSE)/24,0)+IFERROR(VLOOKUP($B78,CDM!$J$37:$M$47,4,FALSE)/2*$C78/78,0) -> 180670.73 | N78: =L78+M78 -> 5283935.7 | O78: 17498.8 | P78: 143 | Q78: 67648 | R78: 235.2 | S78: 2920 | T78: 15964 | U78: 37 | V78: 177 | W78: 49303 | X78: 19 | Y78: 4842.4 | Z78: 3094.4 | AA78: =L78-Y78 -> 5098422.6 | AB78: =N78-Y78 -> 5279093.3 | AC78: =O78-Z78 -> 14404.4 | AD78: =Economic!H80 -> 850461.9 | AE78: =Economic!I80 -> 854755 | AF78: =Economic!D80 -> 7776.1 | AG78: =Economic!E80 -> 7765 | AH78: =Economic!F80 -> 647.2 | AI78: =Economic!G80 -> 647.5 | AJ78: =Economic!J80 -> 510.4 | AK78: =Economic!K80 -> 517.7 | AL78: =Economic!L80 -> 21.1 | AM78: =Economic!M80 -> 22.4 | AN78: =Economic!N80 -> 33196.4 | AO78: =Economic!O80 -> 7209 | AP78: =Weather!D78 -> 14.666129 | AQ78: =Weather!E78 -> 173.55833 | AR78: =Weather!F78 -> 8.2083333 | AS78: =Weather!G78 -> 126.5875 | AT78: =Weather!H78 -> 23.2375 | AU78: =Weather!I78 -> 87.670833 | AV78: =Weather!J78 -> 46.320833 | AW78: =Weather!K78 -> 53.670833 | ... BD78: =Weather!R78 -> 206.65 | BE78: =BE66 -> 0 | BF78: =BF66 -> 0 | BG78: =BG66 -> 0 | BH78: =BH66 -> 0 | BI78: =BI66 -> 1 | BJ78: =BJ66 -> 0 | BK78: =BK66 -> 0 | BL78: =BL66 -> 0 | ... BS78: =BS66 -> 1 | BT78: =1+BT77 -> 77 | BU78: =BU30 -> 31 | BV78: 20 | BW78: 0.5 | BX78: 0.25 | BY78: 0.5 | BZ78: 0 | CA78: =$BX78*AQ78 -> 43.389583 | CB78: =$BX78*AR78 -> 2.0520833 | CC78: =$BX78*AS78 -> 31.646875 | CD78: =$BX78*AT78 -> 5.809375 | CE78: =$BX78*AU78 -> 21.917708 | CF78: =$BX78*AV78 -> 11.580208 | CG78: =$BX78*AW78 -> 13.417708 | CH78: =$BX78*AX78 -> 18.580208 | ... CN78: =$BX78*BD78 -> 51.6625 | CO78: =$BY78*AQ78 -> 86.779167 | CP78: =$BY78*AR78 -> 4.1041667 | CQ78: =$BY78*AS78 -> 63.29375 | CR78: =$BY78*AT78 -> 11.61875 | CS78: =$BY78*AU78 -> 43.835417 | CT78: =$BY78*AV78 -> 23.160417 | CU78: =$BY78*AW78 -> 26.835417 | CV78: =$BY78*AX78 -> 37.160417 | ... DB78: =$BY78*BD78 -> 103.325 | DC78: =F78/G78 -> 599.29967 | DD78: =DC78/BU78 -> 19.332247 | DE78: =F78/BU78 -> 196144.98 | DF78: =J78/K78 -> 1720.9527 | DG78: =DF78/BU78 -> 55.514603 | DH78: =J78/BU78 -> 70725.604 | DI78: =N78/P78 -> 36950.599 | DJ78: =DI78/BU78 -> 1191.9548 | DK78: =DI78/BV78 -> 1847.53 | DL78: =N78/BU78 -> 170449.54 | DM78: =N78/BV78 -> 264196.79 | DN78: 0 | DO78: 0
A79: =EOMONTH(A78,0)+1 -> 44713 | B79: =YEAR(A79) -> 2022 | C79: =MONTH(A79) -> 6 | D79: 6146052 | E79: =IFERROR(VLOOKUP($B79-1,CDM!$J$6:$P$19,2,FALSE)/12,0)+IFERROR(VLOOKUP($B79,CDM!$J$37:$M$48,2,FALSE)/24,0)+IFERROR(VLOOKUP($B79,CDM!$J$37:$M$48,2,FALSE)/2*$C79/78,0) -> 164037.95 | F79: =D79+E79 -> 6310089.9 | G79: 10146 | H79: 2054424 | I79: =IFERROR(VLOOKUP($B79-1,CDM!$J$6:$P$19,3,FALSE)/12,0)+IFERROR(VLOOKUP($B79,CDM!$J$37:$M$47,3,FALSE)/24,0)+IFERROR(VLOOKUP($B79,CDM!$J$37:$M$47,3,FALSE)/2*$C79/78,0) -> 199897.02 | J79: =H79+I79 -> 2254321 | K79: 1276 | L79: 5086755 | M79: =IFERROR(VLOOKUP($B79-1,CDM!$J$6:$P$19,4,FALSE)/12,0)+IFERROR(VLOOKUP($B79,CDM!$J$37:$M$47,4,FALSE)/24,0)+IFERROR(VLOOKUP($B79,CDM!$J$37:$M$47,4,FALSE)/2*$C79/78,0) -> 183461.25 | N79: =L79+M79 -> 5270216.3 | O79: =(30789.2+2022)*N79/(N79+N80) -> 15669.898 | P79: 143 | Q79: 60965 | R79: 235.2 | S79: 2920 | T79: 18402 | U79: 51.1 | V79: 177 | W79: 47749 | X79: 19 | Y79: 557.6 | Z79: 2230.4 | AA79: =L79-Y79 -> 5086197.4 | AB79: =N79-Y79 -> 5269658.7 | AC79: =O79-Z79 -> 13439.498 | AD79: =Economic!H81 -> 850461.9 | AE79: =Economic!I81 -> 854755 | AF79: =Economic!D81 -> 7782.8 | AG79: =Economic!E81 -> 7838.7 | AH79: =Economic!F81 -> 643.2 | AI79: =Economic!G81 -> 650.3 | AJ79: =Economic!J81 -> 532.8 | AK79: =Economic!K81 -> 542.9 | AL79: =Economic!L81 -> 15 | AM79: =Economic!M81 -> 17.7 | AN79: =Economic!N81 -> 33196.4 | AO79: =Economic!O81 -> 7209 | AP79: =Weather!D79 -> 17.072917 | AQ79: =Weather!E79 -> 101.1375 | AR79: =Weather!F79 -> 13.325 | AS79: =Weather!G79 -> 54.516667 | AT79: =Weather!H79 -> 26.704167 | AU79: =Weather!I79 -> 20.395833 | AV79: =Weather!J79 -> 52.583333 | AW79: =Weather!K79 -> 4.2375 | ... BD79: =Weather!R79 -> 272.1875 | BE79: =BE67 -> 0 | BF79: =BF67 -> 0 | BG79: =BG67 -> 0 | BH79: =BH67 -> 0 | BI79: =BI67 -> 0 | BJ79: =BJ67 -> 1 | BK79: =BK67 -> 0 | BL79: =BL67 -> 0 | ... BS79: =BS67 -> 0 | BT79: =1+BT78 -> 78 | BU79: =BU31 -> 30 | BV79: 22 | BW79: 0.5 | BX79: 0.25 | BY79: 0.5 | BZ79: 0 | CA79: =$BX79*AQ79 -> 25.284375 | CB79: =$BX79*AR79 -> 3.33125 | CC79: =$BX79*AS79 -> 13.629167 | CD79: =$BX79*AT79 -> 6.6760417 | CE79: =$BX79*AU79 -> 5.0989583 | CF79: =$BX79*AV79 -> 13.145833 | CG79: =$BX79*AW79 -> 1.059375 | CH79: =$BX79*AX79 -> 24.10625 | ... CN79: =$BX79*BD79 -> 68.046875 | CO79: =$BY79*AQ79 -> 50.56875 | CP79: =$BY79*AR79 -> 6.6625 | CQ79: =$BY79*AS79 -> 27.258333 | CR79: =$BY79*AT79 -> 13.352083 | CS79: =$BY79*AU79 -> 10.197917 | CT79: =$BY79*AV79 -> 26.291667 | CU79: =$BY79*AW79 -> 2.11875 | CV79: =$BY79*AX79 -> 48.2125 | ... DB79: =$BY79*BD79 -> 136.09375 | DC79: =F79/G79 -> 621.92883 | DD79: =DC79/BU79 -> 20.730961 | DE79: =F79/BU79 -> 210336.33 | DF79: =J79/K79 -> 1766.7093 | DG79: =DF79/BU79 -> 58.890309 | DH79: =J79/BU79 -> 75144.034 | DI79: =N79/P79 -> 36854.659 | DJ79: =DI79/BU79 -> 1228.4886 | DK79: =DI79/BV79 -> 1675.2118 | DL79: =N79/BU79 -> 175673.88 | DM79: =N79/BV79 -> 239555.28 | DN79: 0 | DO79: 0
A80: =EOMONTH(A79,0)+1 -> 44743 | B80: =YEAR(A80) -> 2022 | C80: =MONTH(A80) -> 7 | D80: 7301085 | E80: =IFERROR(VLOOKUP($B80-1,CDM!$J$6:$P$19,2,FALSE)/12,0)+IFERROR(VLOOKUP($B80,CDM!$J$37:$M$48,2,FALSE)/24,0)+IFERROR(VLOOKUP($B80,CDM!$J$37:$M$48,2,FALSE)/2*$C80/78,0) -> 164148.43 | F80: =D80+E80 -> 7465233.4 | G80: 10144 | H80: 2232269 | I80: =IFERROR(VLOOKUP($B80-1,CDM!$J$6:$P$19,3,FALSE)/12,0)+IFERROR(VLOOKUP($B80,CDM!$J$37:$M$47,3,FALSE)/24,0)+IFERROR(VLOOKUP($B80,CDM!$J$37:$M$47,3,FALSE)/2*$C80/78,0) -> 202513.33 | J80: =H80+I80 -> 2434782.3 | K80: 1277 | L80: 5578838 | M80: =IFERROR(VLOOKUP($B80-1,CDM!$J$6:$P$19,4,FALSE)/12,0)+IFERROR(VLOOKUP($B80,CDM!$J$37:$M$47,4,FALSE)/24,0)+IFERROR(VLOOKUP($B80,CDM!$J$37:$M$47,4,FALSE)/2*$C80/78,0) -> 186251.78 | N80: =L80+M80 -> 5765089.8 | O80: =(30789.2+2022)*N80/(N79+N80) -> 17141.302 | P80: 143 | Q80: 65375 | R80: 235.2 | S80: 2920 | T80: 13526 | U80: 44.1 | V80: 177 | W80: 50815 | X80: 19 | Y80: 2800.8 | Z80: 2588.8 | AA80: =L80-Y80 -> 5576037.2 | AB80: =N80-Y80 -> 5762289 | AC80: =O80-Z80 -> 14552.502 | AD80: =Economic!H82 -> 850461.9 | AE80: =Economic!I82 -> 856819 | AF80: =Economic!D82 -> 7784.1 | AG80: =Economic!E82 -> 7872.1 | AH80: =Economic!F82 -> 639.4 | AI80: =Economic!G82 -> 651.8 | AJ80: =Economic!J82 -> 467.1 | AK80: =Economic!K82 -> 479.5 | AL80: =Economic!L82 -> 8.9 | AM80: =Economic!M82 -> 12.2 | AN80: =Economic!N82 -> 33196.4 | AO80: =Economic!O82 -> 2064 | AP80: =Weather!D80 -> 20.028024 | AQ80: =Weather!E80 -> 24.766667 | AR80: =Weather!F80 -> 25.635417 | AS80: =Weather!G80 -> 4.4583333 | AT80: =Weather!H80 -> 67.327083 | AU80: =Weather!I80 -> 0.47916667 | AV80: =Weather!J80 -> 125.34792 | AW80: =Weather!K80 -> 0 | ... BD80: =Weather!R80 -> 372.86875 | BE80: =BE68 -> 0 | BF80: =BF68 -> 0 | BG80: =BG68 -> 0 | BH80: =BH68 -> 0 | BI80: =BI68 -> 0 | BJ80: =BJ68 -> 0 | BK80: =BK68 -> 1 | BL80: =BL68 -> 0 | ... BS80: =BS68 -> 0 | BT80: =1+BT79 -> 79 | BU80: =BU32 -> 31 | BV80: 22 | BW80: 0.5 | BX80: 0.25 | BY80: 0.5 | BZ80: 0 | CA80: =$BX80*AQ80 -> 6.1916667 | CB80: =$BX80*AR80 -> 6.4088542 | CC80: =$BX80*AS80 -> 1.1145833 | CD80: =$BX80*AT80 -> 16.831771 | CE80: =$BX80*AU80 -> 0.11979167 | CF80: =$BX80*AV80 -> 31.336979 | CG80: =$BX80*AW80 -> 0 | CH80: =$BX80*AX80 -> 46.717187 | ... CN80: =$BX80*BD80 -> 93.217187 | CO80: =$BY80*AQ80 -> 12.383333 | CP80: =$BY80*AR80 -> 12.817708 | CQ80: =$BY80*AS80 -> 2.2291667 | CR80: =$BY80*AT80 -> 33.663542 | CS80: =$BY80*AU80 -> 0.23958333 | CT80: =$BY80*AV80 -> 62.673958 | CU80: =$BY80*AW80 -> 0 | CV80: =$BY80*AX80 -> 93.434375 | ... DB80: =$BY80*BD80 -> 186.43437 | DC80: =F80/G80 -> 735.92601 | DD80: =DC80/BU80 -> 23.739549 | DE80: =F80/BU80 -> 240813.98 | DF80: =J80/K80 -> 1906.6424 | DG80: =DF80/BU80 -> 61.504593 | DH80: =J80/BU80 -> 78541.366 | DI80: =N80/P80 -> 40315.313 | DJ80: =DI80/BU80 -> 1300.494 | DK80: =DI80/BV80 -> 1832.5142 | DL80: =N80/BU80 -> 185970.64 | DM80: =N80/BV80 -> 262049.54 | DN80: 0 | DO80: 0
A81: =EOMONTH(A80,0)+1 -> 44774 | B81: =YEAR(A81) -> 2022 | C81: =MONTH(A81) -> 8 | D81: 7261489 | E81: =IFERROR(VLOOKUP($B81-1,CDM!$J$6:$P$19,2,FALSE)/12,0)+IFERROR(VLOOKUP($B81,CDM!$J$37:$M$48,2,FALSE)/24,0)+IFERROR(VLOOKUP($B81,CDM!$J$37:$M$48,2,FALSE)/2*$C81/78,0) -> 164258.92 | F81: =D81+E81 -> 7425747.9 | G81: 10153 | H81: 2251714 | I81: =IFERROR(VLOOKUP($B81-1,CDM!$J$6:$P$19,3,FALSE)/12,0)+IFERROR(VLOOKUP($B81,CDM!$J$37:$M$47,3,FALSE)/24,0)+IFERROR(VLOOKUP($B81,CDM!$J$37:$M$47,3,FALSE)/2*$C81/78,0) -> 205129.64 | J81: =H81+I81 -> 2456843.6 | K81: 1278 | L81: 5611154 | M81: =IFERROR(VLOOKUP($B81-1,CDM!$J$6:$P$19,4,FALSE)/12,0)+IFERROR(VLOOKUP($B81,CDM!$J$37:$M$47,4,FALSE)/24,0)+IFERROR(VLOOKUP($B81,CDM!$J$37:$M$47,4,FALSE)/2*$C81/78,0) -> 189042.31 | N81: =L81+M81 -> 5800196.3 | O81: 14205.6 | P81: 142 | Q81: 73605 | R81: 235.2 | S81: 2920 | T81: 15964 | U81: 36.1 | V81: 177 | W81: 49933 | X81: 19 | Y81: 13204 | Z81: 3110.4 | AA81: =L81-Y81 -> 5597950 | AB81: =N81-Y81 -> 5786992.3 | AC81: =O81-Z81 -> 11095.2 | AD81: =Economic!H83 -> 850461.9 | AE81: =Economic!I83 -> 856819 | AF81: =Economic!D83 -> 7778 | AG81: =Economic!E83 -> 7852.4 | AH81: =Economic!F83 -> 638.5 | AI81: =Economic!G83 -> 646.8 | AJ81: =Economic!J83 -> 372.1 | AK81: =Economic!K83 -> 377.7 | AL81: =Economic!L83 -> 13.3 | AM81: =Economic!M83 -> 14.4 | AN81: =Economic!N83 -> 33196.4 | AO81: =Economic!O83 -> 2064 | AP81: =Weather!D81 -> 19.217473 | AQ81: =Weather!E81 -> 43.375 | AR81: =Weather!F81 -> 19.116667 | AS81: =Weather!G81 -> 15.441667 | AT81: =Weather!H81 -> 53.183333 | AU81: =Weather!I81 -> 1.5 | AV81: =Weather!J81 -> 101.24167 | AW81: =Weather!K81 -> 0 | ... BD81: =Weather!R81 -> 347.74167 | BE81: =BE69 -> 0 | BF81: =BF69 -> 0 | BG81: =BG69 -> 0 | BH81: =BH69 -> 0 | BI81: =BI69 -> 0 | BJ81: =BJ69 -> 0 | BK81: =BK69 -> 0 | BL81: =BL69 -> 1 | ... BS81: =BS69 -> 0 | BT81: =1+BT80 -> 80 | BU81: =BU33 -> 31 | BV81: 20 | BW81: 0.5 | BX81: 0.25 | BY81: 0.5 | BZ81: 0 | CA81: =$BX81*AQ81 -> 10.84375 | CB81: =$BX81*AR81 -> 4.7791667 | CC81: =$BX81*AS81 -> 3.8604167 | CD81: =$BX81*AT81 -> 13.295833 | CE81: =$BX81*AU81 -> 0.375 | CF81: =$BX81*AV81 -> 25.310417 | CG81: =$BX81*AW81 -> 0 | CH81: =$BX81*AX81 -> 40.435417 | ... CN81: =$BX81*BD81 -> 86.935417 | CO81: =$BY81*AQ81 -> 21.6875 | CP81: =$BY81*AR81 -> 9.5583333 | CQ81: =$BY81*AS81 -> 7.7208333 | CR81: =$BY81*AT81 -> 26.591667 | CS81: =$BY81*AU81 -> 0.75 | CT81: =$BY81*AV81 -> 50.620833 | CU81: =$BY81*AW81 -> 0 | CV81: =$BY81*AX81 -> 80.870833 | ... DB81: =$BY81*BD81 -> 173.87083 | DC81: =F81/G81 -> 731.38461 | DD81: =DC81/BU81 -> 23.593052 | DE81: =F81/BU81 -> 239540.26 | DF81: =J81/K81 -> 1922.4129 | DG81: =DF81/BU81 -> 62.013318 | DH81: =J81/BU81 -> 79253.021 | DI81: =N81/P81 -> 40846.453 | DJ81: =DI81/BU81 -> 1317.6275 | DK81: =DI81/BV81 -> 2042.3226 | DL81: =N81/BU81 -> 187103.11 | DM81: =N81/BV81 -> 290009.82 | DN81: 0 | DO81: 0
A82: =EOMONTH(A81,0)+1 -> 44805 | B82: =YEAR(A82) -> 2022 | C82: =MONTH(A82) -> 9 | D82: 5648625 | E82: =IFERROR(VLOOKUP($B82-1,CDM!$J$6:$P$19,2,FALSE)/12,0)+IFERROR(VLOOKUP($B82,CDM!$J$37:$M$48,2,FALSE)/24,0)+IFERROR(VLOOKUP($B82,CDM!$J$37:$M$48,2,FALSE)/2*$C82/78,0) -> 164369.4 | F82: =D82+E82 -> 5812994.4 | G82: 10201 | H82: 1940936 | I82: =IFERROR(VLOOKUP($B82-1,CDM!$J$6:$P$19,3,FALSE)/12,0)+IFERROR(VLOOKUP($B82,CDM!$J$37:$M$47,3,FALSE)/24,0)+IFERROR(VLOOKUP($B82,CDM!$J$37:$M$47,3,FALSE)/2*$C82/78,0) -> 207745.95 | J82: =H82+I82 -> 2148682 | K82: 1279 | L82: 5005186 | M82: =IFERROR(VLOOKUP($B82-1,CDM!$J$6:$P$19,4,FALSE)/12,0)+IFERROR(VLOOKUP($B82,CDM!$J$37:$M$47,4,FALSE)/24,0)+IFERROR(VLOOKUP($B82,CDM!$J$37:$M$47,4,FALSE)/2*$C82/78,0) -> 191832.84 | N82: =L82+M82 -> 5197018.8 | O82: 14007.2 | P82: 141 | Q82: 81268 | R82: 235.2 | S82: 2920 | T82: 15815 | U82: 51.7 | V82: 177 | W82: 48757 | X82: 19 | Y82: 16 | Z82: 60.8 | AA82: =L82-Y82 -> 5005170 | AB82: =N82-Y82 -> 5197002.8 | AC82: =O82-Z82 -> 13946.4 | AD82: =Economic!H84 -> 850461.9 | AE82: =Economic!I84 -> 856819 | AF82: =Economic!D84 -> 7770.7 | AG82: =Economic!E84 -> 7793.8 | AH82: =Economic!F84 -> 646.3 | AI82: =Economic!G84 -> 648.8 | AJ82: =Economic!J84 -> 288.7 | AK82: =Economic!K84 -> 286.8 | AL82: =Economic!L84 -> 28.5 | AM82: =Economic!M84 -> 28.9 | AN82: =Economic!N84 -> 33196.4 | AO82: =Economic!O84 -> 2064 | AP82: =Weather!D82 -> 13.805694 | AQ82: =Weather!E82 -> 186.05 | AR82: =Weather!F82 -> 0.22083333 | AS82: =Weather!G82 -> 130.77917 | AT82: =Weather!H82 -> 4.95 | AU82: =Weather!I82 -> 86.958333 | AV82: =Weather!J82 -> 21.129167 | AW82: =Weather!K82 -> 47.7875 | ... BD82: =Weather!R82 -> 175.09167 | BE82: =BE70 -> 0 | BF82: =BF70 -> 0 | BG82: =BG70 -> 0 | BH82: =BH70 -> 0 | BI82: =BI70 -> 0 | BJ82: =BJ70 -> 0 | BK82: =BK70 -> 0 | BL82: =BL70 -> 0 | ... BS82: =BS70 -> 1 | BT82: =1+BT81 -> 81 | BU82: =BU34 -> 30 | BV82: 21 | BW82: 0.5 | BX82: 0.25 | BY82: 0.5 | BZ82: 0 | CA82: =$BX82*AQ82 -> 46.5125 | CB82: =$BX82*AR82 -> 0.055208333 | CC82: =$BX82*AS82 -> 32.694792 | CD82: =$BX82*AT82 -> 1.2375 | CE82: =$BX82*AU82 -> 21.739583 | CF82: =$BX82*AV82 -> 5.2822917 | CG82: =$BX82*AW82 -> 11.946875 | CH82: =$BX82*AX82 -> 10.489583 | ... CN82: =$BX82*BD82 -> 43.772917 | CO82: =$BY82*AQ82 -> 93.025 | CP82: =$BY82*AR82 -> 0.11041667 | CQ82: =$BY82*AS82 -> 65.389583 | CR82: =$BY82*AT82 -> 2.475 | CS82: =$BY82*AU82 -> 43.479167 | CT82: =$BY82*AV82 -> 10.564583 | CU82: =$BY82*AW82 -> 23.89375 | CV82: =$BY82*AX82 -> 20.979167 | ... DB82: =$BY82*BD82 -> 87.545833 | DC82: =F82/G82 -> 569.84554 | DD82: =DC82/BU82 -> 18.994851 | DE82: =F82/BU82 -> 193766.48 | DF82: =J82/K82 -> 1679.9703 | DG82: =DF82/BU82 -> 55.999008 | DH82: =J82/BU82 -> 71622.732 | DI82: =N82/P82 -> 36858.29 | DJ82: =DI82/BU82 -> 1228.6097 | DK82: =DI82/BV82 -> 1755.1567 | DL82: =N82/BU82 -> 173233.96 | DM82: =N82/BV82 -> 247477.09 | DN82: 0 | DO82: 0
A83: =EOMONTH(A82,0)+1 -> 44835 | B83: =YEAR(A83) -> 2022 | C83: =MONTH(A83) -> 10 | D83: 5895519 | E83: =IFERROR(VLOOKUP($B83-1,CDM!$J$6:$P$19,2,FALSE)/12,0)+IFERROR(VLOOKUP($B83,CDM!$J$37:$M$48,2,FALSE)/24,0)+IFERROR(VLOOKUP($B83,CDM!$J$37:$M$48,2,FALSE)/2*$C83/78,0) -> 164479.89 | F83: =D83+E83 -> 6059998.9 | G83: 10208 | H83: 2045554 | I83: =IFERROR(VLOOKUP($B83-1,CDM!$J$6:$P$19,3,FALSE)/12,0)+IFERROR(VLOOKUP($B83,CDM!$J$37:$M$47,3,FALSE)/24,0)+IFERROR(VLOOKUP($B83,CDM!$J$37:$M$47,3,FALSE)/2*$C83/78,0) -> 210362.26 | J83: =H83+I83 -> 2255916.3 | K83: 1276 | L83: 5081850 | M83: =IFERROR(VLOOKUP($B83-1,CDM!$J$6:$P$19,4,FALSE)/12,0)+IFERROR(VLOOKUP($B83,CDM!$J$37:$M$47,4,FALSE)/24,0)+IFERROR(VLOOKUP($B83,CDM!$J$37:$M$47,4,FALSE)/2*$C83/78,0) -> 194623.37 | N83: =L83+M83 -> 5276473.4 | O83: 17107.2 | P83: 141 | Q83: 85201 | R83: 235.1 | S83: 2920 | T83: 15814 | U83: 43.1 | V83: 177 | W83: 49682 | X83: 19 | Y83: 11505.6 | Z83: 1385.6 | AA83: =L83-Y83 -> 5070344.4 | AB83: =N83-Y83 -> 5264967.8 | AC83: =O83-Z83 -> 15721.6 | AD83: =Economic!H85 -> 850461.9 | AE83: =Economic!I85 -> 856887 | AF83: =Economic!D85 -> 7776.1 | AG83: =Economic!E85 -> 7778.7 | AH83: =Economic!F85 -> 646.9 | AI83: =Economic!G85 -> 644.8 | AJ83: =Economic!J85 -> 238.4 | AK83: =Economic!K85 -> 231.6 | AL83: =Economic!L85 -> 33.4 | AM83: =Economic!M85 -> 34.5 | AN83: =Economic!N85 -> 33196.4 | AO83: =Economic!O85 -> 68 | AP83: =Weather!D83 -> 7.5287634 | AQ83: =Weather!E83 -> 386.60833 | AR83: =Weather!F83 -> 0 | AS83: =Weather!G83 -> 324.60833 | AT83: =Weather!H83 -> 0 | AU83: =Weather!I83 -> 262.60833 | AV83: =Weather!J83 -> 0 | AW83: =Weather!K83 -> 201.3 | ... BD83: =Weather!R83 -> 41.641667 | BE83: =BE71 -> 0 | BF83: =BF71 -> 0 | BG83: =BG71 -> 0 | BH83: =BH71 -> 0 | BI83: =BI71 -> 0 | BJ83: =BJ71 -> 0 | BK83: =BK71 -> 0 | BL83: =BL71 -> 0 | ... BS83: =BS71 -> 1 | BT83: =1+BT82 -> 82 | BU83: =BU35 -> 31 | BV83: 21 | BW83: 0.5 | BX83: 0.25 | BY83: 0.5 | BZ83: 0 | CA83: =$BX83*AQ83 -> 96.652083 | CB83: =$BX83*AR83 -> 0 | CC83: =$BX83*AS83 -> 81.152083 | CD83: =$BX83*AT83 -> 0 | CE83: =$BX83*AU83 -> 65.652083 | CF83: =$BX83*AV83 -> 0 | CG83: =$BX83*AW83 -> 50.325 | CH83: =$BX83*AX83 -> 0.17291667 | ... CN83: =$BX83*BD83 -> 10.410417 | CO83: =$BY83*AQ83 -> 193.30417 | CP83: =$BY83*AR83 -> 0 | CQ83: =$BY83*AS83 -> 162.30417 | CR83: =$BY83*AT83 -> 0 | CS83: =$BY83*AU83 -> 131.30417 | CT83: =$BY83*AV83 -> 0 | CU83: =$BY83*AW83 -> 100.65 | CV83: =$BY83*AX83 -> 0.34583333 | ... DB83: =$BY83*BD83 -> 20.820833 | DC83: =F83/G83 -> 593.65193 | DD83: =DC83/BU83 -> 19.150062 | DE83: =F83/BU83 -> 195483.84 | DF83: =J83/K83 -> 1767.9595 | DG83: =DF83/BU83 -> 57.03095 | DH83: =J83/BU83 -> 72771.492 | DI83: =N83/P83 -> 37421.797 | DJ83: =DI83/BU83 -> 1207.1547 | DK83: =DI83/BV83 -> 1781.9903 | DL83: =N83/BU83 -> 170208.82 | DM83: =N83/BV83 -> 251260.64 | DN83: 0 | DO83: 0
A84: =EOMONTH(A83,0)+1 -> 44866 | B84: =YEAR(A84) -> 2022 | C84: =MONTH(A84) -> 11 | D84: 6641506 | E84: =IFERROR(VLOOKUP($B84-1,CDM!$J$6:$P$19,2,FALSE)/12,0)+IFERROR(VLOOKUP($B84,CDM!$J$37:$M$48,2,FALSE)/24,0)+IFERROR(VLOOKUP($B84,CDM!$J$37:$M$48,2,FALSE)/2*$C84/78,0) -> 164590.37 | F84: =D84+E84 -> 6806096.4 | G84: 10218 | H84: 2336241 | I84: =IFERROR(VLOOKUP($B84-1,CDM!$J$6:$P$19,3,FALSE)/12,0)+IFERROR(VLOOKUP($B84,CDM!$J$37:$M$47,3,FALSE)/24,0)+IFERROR(VLOOKUP($B84,CDM!$J$37:$M$47,3,FALSE)/2*$C84/78,0) -> 212978.58 | J84: =H84+I84 -> 2549219.6 | K84: 1275 | L84: 6293895.8 | M84: =IFERROR(VLOOKUP($B84-1,CDM!$J$6:$P$19,4,FALSE)/12,0)+IFERROR(VLOOKUP($B84,CDM!$J$37:$M$47,4,FALSE)/24,0)+IFERROR(VLOOKUP($B84,CDM!$J$37:$M$47,4,FALSE)/2*$C84/78,0) -> 197413.9 | N84: =L84+M84 -> 6491309.7 | O84: 16044.2 | P84: 141 | Q84: 100923 | R84: 235.2 | S84: 2920 | T84: 13310 | U84: 36.1 | V84: 177 | W84: 48589 | X84: 19 | Y84: 1080057.8 | Z84: 6844.8 | AA84: =L84-Y84 -> 5213838 | AB84: =N84-Y84 -> 5411251.9 | AC84: =O84-Z84 -> 9199.4 | AD84: =Economic!H86 -> 850461.9 | AE84: =Economic!I86 -> 856887 | AF84: =Economic!D86 -> 7791.7 | AG84: =Economic!E86 -> 7783.8 | AH84: =Economic!F86 -> 649.7 | AI84: =Economic!G86 -> 645.6 | AJ84: =Economic!J86 -> 187.7 | AK84: =Economic!K86 -> 179 | AL84: =Economic!L86 -> 35.5 | AM84: =Economic!M86 -> 35.6 | AN84: =Economic!N86 -> 33196.4 | AO84: =Economic!O86 -> 68 | AP84: =Weather!D84 -> 2.99625 | AQ84: =Weather!E84 -> 510.1125 | AR84: =Weather!F84 -> 0 | AS84: =Weather!G84 -> 451.0125 | AT84: =Weather!H84 -> 0.9 | AU84: =Weather!I84 -> 393.0125 | AV84: =Weather!J84 -> 2.9 | AW84: =Weather!K84 -> 337.95417 | ... BD84: =Weather!R84 -> 39.625 | BE84: =BE72 -> 0 | BF84: =BF72 -> 0 | BG84: =BG72 -> 0 | BH84: =BH72 -> 0 | BI84: =BI72 -> 0 | BJ84: =BJ72 -> 0 | BK84: =BK72 -> 0 | BL84: =BL72 -> 0 | ... BS84: =BS72 -> 1 | BT84: =1+BT83 -> 83 | BU84: =BU36 -> 30 | BV84: 21 | BW84: 0.5 | BX84: 0.25 | BY84: 0.5 | BZ84: 0 | CA84: =$BX84*AQ84 -> 127.52813 | CB84: =$BX84*AR84 -> 0 | CC84: =$BX84*AS84 -> 112.75313 | CD84: =$BX84*AT84 -> 0.225 | CE84: =$BX84*AU84 -> 98.253125 | CF84: =$BX84*AV84 -> 0.725 | CG84: =$BX84*AW84 -> 84.488542 | CH84: =$BX84*AX84 -> 1.9604167 | ... CN84: =$BX84*BD84 -> 9.90625 | CO84: =$BY84*AQ84 -> 255.05625 | CP84: =$BY84*AR84 -> 0 | CQ84: =$BY84*AS84 -> 225.50625 | CR84: =$BY84*AT84 -> 0.45 | CS84: =$BY84*AU84 -> 196.50625 | CT84: =$BY84*AV84 -> 1.45 | CU84: =$BY84*AW84 -> 168.97708 | CV84: =$BY84*AX84 -> 3.9208333 | ... DB84: =$BY84*BD84 -> 19.8125 | DC84: =F84/G84 -> 666.0889 | DD84: =DC84/BU84 -> 22.202963 | DE84: =F84/BU84 -> 226869.88 | DF84: =J84/K84 -> 1999.3879 | DG84: =DF84/BU84 -> 66.646263 | DH84: =J84/BU84 -> 84973.986 | DI84: =N84/P84 -> 46037.657 | DJ84: =DI84/BU84 -> 1534.5886 | DK84: =DI84/BV84 -> 2192.2694 | DL84: =N84/BU84 -> 216376.99 | DM84: =N84/BV84 -> 309109.98 | DN84: 0 | DO84: 0
A85: =EOMONTH(A84,0)+1 -> 44896 | B85: =YEAR(A85) -> 2022 | C85: =MONTH(A85) -> 12 | D85: 8217875 | E85: =IFERROR(VLOOKUP($B85-1,CDM!$J$6:$P$19,2,FALSE)/12,0)+IFERROR(VLOOKUP($B85,CDM!$J$37:$M$48,2,FALSE)/24,0)+IFERROR(VLOOKUP($B85,CDM!$J$37:$M$48,2,FALSE)/2*$C85/78,0) -> 164700.85 | F85: =D85+E85 -> 8382575.9 | G85: 10223 | H85: 2724795 | I85: =IFERROR(VLOOKUP($B85-1,CDM!$J$6:$P$19,3,FALSE)/12,0)+IFERROR(VLOOKUP($B85,CDM!$J$37:$M$47,3,FALSE)/24,0)+IFERROR(VLOOKUP($B85,CDM!$J$37:$M$47,3,FALSE)/2*$C85/78,0) -> 215594.89 | J85: =H85+I85 -> 2940389.9 | K85: 1274 | L85: 6183638.5 | M85: =IFERROR(VLOOKUP($B85-1,CDM!$J$6:$P$19,4,FALSE)/12,0)+IFERROR(VLOOKUP($B85,CDM!$J$37:$M$47,4,FALSE)/24,0)+IFERROR(VLOOKUP($B85,CDM!$J$37:$M$47,4,FALSE)/2*$C85/78,0) -> 200204.43 | N85: =L85+M85 -> 6383842.9 | O85: 19671.66 | P85: 141 | Q85: 109310 | R85: 235.2 | S85: 2920 | T85: 17897 | U85: 52.4 | V85: 177 | W85: 49639 | X85: 19 | Y85: 518047.52 | Z85: 6552.96 | AA85: =L85-Y85 -> 5665591 | AB85: =N85-Y85 -> 5865795.4 | AC85: =O85-Z85 -> 13118.7 | AD85: =Economic!H87 -> 850461.9 | AE85: =Economic!I87 -> 856887 | AF85: =Economic!D87 -> 7829.3 | AG85: =Economic!E87 -> 7828.5 | AH85: =Economic!F87 -> 650.5 | AI85: =Economic!G87 -> 647 | AJ85: =Economic!J87 -> 170.8 | AK85: =Economic!K87 -> 165.7 | AL85: =Economic!L87 -> 34.1 | AM85: =Economic!M87 -> 33.8 | AN85: =Economic!N87 -> 33196.4 | AO85: =Economic!O87 -> 68 | AP85: =Weather!D85 -> -3.3372312 | AQ85: =Weather!E85 -> 723.45417 | AR85: =Weather!F85 -> 0 | AS85: =Weather!G85 -> 661.45417 | AT85: =Weather!H85 -> 0 | AU85: =Weather!I85 -> 599.45417 | AV85: =Weather!J85 -> 0 | AW85: =Weather!K85 -> 537.45417 | ... BD85: =Weather!R85 -> 0 | BE85: =BE73 -> 0 | BF85: =BF73 -> 0 | BG85: =BG73 -> 0 | BH85: =BH73 -> 0 | BI85: =BI73 -> 0 | BJ85: =BJ73 -> 0 | BK85: =BK73 -> 0 | BL85: =BL73 -> 0 | ... BS85: =BS73 -> 0 | BT85: =1+BT84 -> 84 | BU85: =BU37 -> 31 | BV85: 21 | BW85: 0.5 | BX85: 0.25 | BY85: 0.5 | BZ85: 0 | CA85: =$BX85*AQ85 -> 180.86354 | CB85: =$BX85*AR85 -> 0 | CC85: =$BX85*AS85 -> 165.36354 | CD85: =$BX85*AT85 -> 0 | CE85: =$BX85*AU85 -> 149.86354 | CF85: =$BX85*AV85 -> 0 | CG85: =$BX85*AW85 -> 134.36354 | CH85: =$BX85*AX85 -> 0 | ... CN85: =$BX85*BD85 -> 0 | CO85: =$BY85*AQ85 -> 361.72708 | CP85: =$BY85*AR85 -> 0 | CQ85: =$BY85*AS85 -> 330.72708 | CR85: =$BY85*AT85 -> 0 | CS85: =$BY85*AU85 -> 299.72708 | CT85: =$BY85*AV85 -> 0 | CU85: =$BY85*AW85 -> 268.72708 | CV85: =$BY85*AX85 -> 0 | ... DB85: =$BY85*BD85 -> 0 | DC85: =F85/G85 -> 819.97221 | DD85: =DC85/BU85 -> 26.450716 | DE85: =F85/BU85 -> 270405.67 | DF85: =J85/K85 -> 2307.9983 | DG85: =DF85/BU85 -> 74.451559 | DH85: =J85/BU85 -> 94851.287 | DI85: =N85/P85 -> 45275.482 | DJ85: =DI85/BU85 -> 1460.4994 | DK85: =DI85/BV85 -> 2155.9753 | DL85: =N85/BU85 -> 205930.42 | DM85: =N85/BV85 -> 303992.52 | DN85: 0 | DO85: 0
A86: =EOMONTH(A85,0)+1 -> 44927 | B86: =YEAR(A86) -> 2023 | C86: =MONTH(A86) -> 1 | D86: 8575549 | E86: =IFERROR(VLOOKUP($B86-1,CDM!$J$6:$P$19,2,FALSE)/12,0)+IFERROR(VLOOKUP($B86,CDM!$J$37:$M$48,2,FALSE)/24,0)+IFERROR(VLOOKUP($B86,CDM!$J$37:$M$48,2,FALSE)/2*$C86/78,0) -> 165005.54 | F86: =D86+E86 -> 8740554.5 | G86: 10225 | H86: 2915245 | I86: =IFERROR(VLOOKUP($B86-1,CDM!$J$6:$P$19,3,FALSE)/12,0)+IFERROR(VLOOKUP($B86,CDM!$J$37:$M$47,3,FALSE)/24,0)+IFERROR(VLOOKUP($B86,CDM!$J$37:$M$47,3,FALSE)/2*$C86/78,0) -> 213253.54 | J86: =H86+I86 -> 3128498.5 | K86: 1276 | L86: 5917191.6 | M86: =IFERROR(VLOOKUP($B86-1,CDM!$J$6:$P$19,4,FALSE)/12,0)+IFERROR(VLOOKUP($B86,CDM!$J$37:$M$47,4,FALSE)/24,0)+IFERROR(VLOOKUP($B86,CDM!$J$37:$M$47,4,FALSE)/2*$C86/78,0) -> 199614.52 | N86: =L86+M86 -> 6116806.1 | O86: 14518.3 | P86: 141 | Q86: 106509 | R86: 235.3 | S86: 2920 | T86: 16143 | U86: 41 | V86: 177 | W86: 49556 | X86: 19 | Y86: 5321.6 | Z86: 1350.4 | AA86: =L86-Y86 -> 5911870 | AB86: =N86-Y86 -> 6111484.5 | AC86: =O86-Z86 -> 13167.9 | AD86: =Economic!H88 -> 865859.6 | AE86: =Economic!I88 -> 867096 | AF86: =Economic!D88 -> 7861.3 | AG86: =Economic!E88 -> 7829.1 | AH86: =Economic!F88 -> 655.5 | AI86: =Economic!G88 -> 652.2 | AJ86: =Economic!J88 -> 217.7 | AK86: =Economic!K88 -> 217.4 | AL86: =Economic!L88 -> 37.3 | AM86: =Economic!M88 -> 42 | AN86: =Economic!N88 -> 15397.7 | AO86: =Economic!O88 -> 10209 | AP86: =Weather!D86 -> -6.5091398 | AQ86: =Weather!E86 -> 821.78333 | AR86: =Weather!F86 -> 0 | AS86: =Weather!G86 -> 759.78333 | AT86: =Weather!H86 -> 0 | AU86: =Weather!I86 -> 697.78333 | AV86: =Weather!J86 -> 0 | AW86: =Weather!K86 -> 635.78333 | ... BD86: =Weather!R86 -> 0 | BE86: =BE74 -> 1 | BF86: =BF74 -> 0 | BG86: =BG74 -> 0 | BH86: =BH74 -> 0 | BI86: =BI74 -> 0 | BJ86: =BJ74 -> 0 | BK86: =BK74 -> 0 | BL86: =BL74 -> 0 | ... BS86: =BS74 -> 0 | BT86: =1+BT85 -> 85 | BU86: =BU38 -> 31 | BV86: 20 | BW86: 0 | BX86: 0 | BY86: 0.25 | BZ86: 0 | CA86: =$BX86*AQ86 -> 0 | CB86: =$BX86*AR86 -> 0 | CC86: =$BX86*AS86 -> 0 | CD86: =$BX86*AT86 -> 0 | CE86: =$BX86*AU86 -> 0 | CF86: =$BX86*AV86 -> 0 | CG86: =$BX86*AW86 -> 0 | CH86: =$BX86*AX86 -> 0 | ... CN86: =$BX86*BD86 -> 0 | CO86: =$BY86*AQ86 -> 205.44583 | CP86: =$BY86*AR86 -> 0 | CQ86: =$BY86*AS86 -> 189.94583 | CR86: =$BY86*AT86 -> 0 | CS86: =$BY86*AU86 -> 174.44583 | CT86: =$BY86*AV86 -> 0 | CU86: =$BY86*AW86 -> 158.94583 | CV86: =$BY86*AX86 -> 0 | ... DB86: =$BY86*BD86 -> 0 | DC86: =F86/G86 -> 854.82196 | DD86: =DC86/BU86 -> 27.574902 | DE86: =F86/BU86 -> 281953.37 | DF86: =J86/K86 -> 2451.8014 | DG86: =DF86/BU86 -> 79.090367 | DH86: =J86/BU86 -> 100919.31 | DI86: =N86/P86 -> 43381.604 | DJ86: =DI86/BU86 -> 1399.4066 | DK86: =DI86/BV86 -> 2169.0802 | DL86: =N86/BU86 -> 197316.33 | DM86: =N86/BV86 -> 305840.31 | DN86: 0 | DO86: 0
A87: =EOMONTH(A86,0)+1 -> 44958 | B87: =YEAR(A87) -> 2023 | C87: =MONTH(A87) -> 2 | D87: 8066206 | E87: =IFERROR(VLOOKUP($B87-1,CDM!$J$6:$P$19,2,FALSE)/12,0)+IFERROR(VLOOKUP($B87,CDM!$J$37:$M$48,2,FALSE)/24,0)+IFERROR(VLOOKUP($B87,CDM!$J$37:$M$48,2,FALSE)/2*$C87/78,0) -> 165127.19 | F87: =D87+E87 -> 8231333.2 | G87: 10255 | H87: 2743185 | I87: =IFERROR(VLOOKUP($B87-1,CDM!$J$6:$P$19,3,FALSE)/12,0)+IFERROR(VLOOKUP($B87,CDM!$J$37:$M$47,3,FALSE)/24,0)+IFERROR(VLOOKUP($B87,CDM!$J$37:$M$47,3,FALSE)/2*$C87/78,0) -> 214859.99 | J87: =H87+I87 -> 2958045 | K87: 1278 | L87: 5494938.4 | M87: =IFERROR(VLOOKUP($B87-1,CDM!$J$6:$P$19,4,FALSE)/12,0)+IFERROR(VLOOKUP($B87,CDM!$J$37:$M$47,4,FALSE)/24,0)+IFERROR(VLOOKUP($B87,CDM!$J$37:$M$47,4,FALSE)/2*$C87/78,0) -> 201582.25 | N87: =L87+M87 -> 5696520.6 | O87: 17598.9 | P87: 140 | Q87: 88675 | R87: 235.2 | S87: 2900 | T87: 15454 | U87: 44.4 | V87: 177 | W87: 46741 | X87: 19 | Y87: 84355.36 | Z87: 3417.6 | AA87: =L87-Y87 -> 5410583 | AB87: =N87-Y87 -> 5612165.3 | AC87: =O87-Z87 -> 14181.3 | AD87: =Economic!H89 -> 865859.6 | AE87: =Economic!I89 -> 867096 | AF87: =Economic!D89 -> 7898.9 | AG87: =Economic!E89 -> 7839 | AH87: =Economic!F89 -> 654.4 | AI87: =Economic!G89 -> 652.8 | AJ87: =Economic!J89 -> 230 | AK87: =Economic!K89 -> 232.3 | AL87: =Economic!L89 -> 31.1 | AM87: =Economic!M89 -> 36.3 | AN87: =Economic!N89 -> 15397.7 | AO87: =Economic!O89 -> 10209 | AP87: =Weather!D87 -> -8.3235119 | AQ87: =Weather!E87 -> 793.05833 | AR87: =Weather!F87 -> 0 | AS87: =Weather!G87 -> 737.05833 | AT87: =Weather!H87 -> 0 | AU87: =Weather!I87 -> 681.05833 | AV87: =Weather!J87 -> 0 | AW87: =Weather!K87 -> 625.05833 | ... BD87: =Weather!R87 -> 0 | BE87: =BE75 -> 0 | BF87: =BF75 -> 1 | BG87: =BG75 -> 0 | BH87: =BH75 -> 0 | BI87: =BI75 -> 0 | BJ87: =BJ75 -> 0 | BK87: =BK75 -> 0 | BL87: =BL75 -> 0 | ... BS87: =BS75 -> 0 | BT87: =1+BT86 -> 86 | BU87: =BU39 -> 28 | BV87: 19 | BW87: 0 | BX87: 0 | BY87: 0.25 | BZ87: 0 | CA87: =$BX87*AQ87 -> 0 | CB87: =$BX87*AR87 -> 0 | CC87: =$BX87*AS87 -> 0 | CD87: =$BX87*AT87 -> 0 | CE87: =$BX87*AU87 -> 0 | CF87: =$BX87*AV87 -> 0 | CG87: =$BX87*AW87 -> 0 | CH87: =$BX87*AX87 -> 0 | ... CN87: =$BX87*BD87 -> 0 | CO87: =$BY87*AQ87 -> 198.26458 | CP87: =$BY87*AR87 -> 0 | CQ87: =$BY87*AS87 -> 184.26458 | CR87: =$BY87*AT87 -> 0 | CS87: =$BY87*AU87 -> 170.26458 | CT87: =$BY87*AV87 -> 0 | CU87: =$BY87*AW87 -> 156.26458 | CV87: =$BY87*AX87 -> 0 | ... DB87: =$BY87*BD87 -> 0 | DC87: =F87/G87 -> 802.66535 | DD87: =DC87/BU87 -> 28.66662 | DE87: =F87/BU87 -> 293976.19 | DF87: =J87/K87 -> 2314.5892 | DG87: =DF87/BU87 -> 82.6639 | DH87: =J87/BU87 -> 105644.46 | DI87: =N87/P87 -> 40689.433 | DJ87: =DI87/BU87 -> 1453.194 | DK87: =DI87/BV87 -> 2141.5491 | DL87: =N87/BU87 -> 203447.16 | DM87: =N87/BV87 -> 299816.87 | DN87: 0 | DO87: 0
A88: =EOMONTH(A87,0)+1 -> 44986 | B88: =YEAR(A88) -> 2023 | C88: =MONTH(A88) -> 3 | D88: 7766103 | E88: =IFERROR(VLOOKUP($B88-1,CDM!$J$6:$P$19,2,FALSE)/12,0)+IFERROR(VLOOKUP($B88,CDM!$J$37:$M$48,2,FALSE)/24,0)+IFERROR(VLOOKUP($B88,CDM!$J$37:$M$48,2,FALSE)/2*$C88/78,0) -> 165248.84 | F88: =D88+E88 -> 7931351.8 | G88: 10268 | H88: 2745244 | I88: =IFERROR(VLOOKUP($B88-1,CDM!$J$6:$P$19,3,FALSE)/12,0)+IFERROR(VLOOKUP($B88,CDM!$J$37:$M$47,3,FALSE)/24,0)+IFERROR(VLOOKUP($B88,CDM!$J$37:$M$47,3,FALSE)/2*$C88/78,0) -> 216466.44 | J88: =H88+I88 -> 2961710.4 | K88: 1270 | L88: 5514762.6 | M88: =IFERROR(VLOOKUP($B88-1,CDM!$J$6:$P$19,4,FALSE)/12,0)+IFERROR(VLOOKUP($B88,CDM!$J$37:$M$47,4,FALSE)/24,0)+IFERROR(VLOOKUP($B88,CDM!$J$37:$M$47,4,FALSE)/2*$C88/78,0) -> 203549.98 | N88: =L88+M88 -> 5718312.6 | O88: 18506.7 | P88: 140 | Q88: 86741 | R88: 231.4 | S88: 2900 | T88: 14689 | U88: 40 | V88: 177 | W88: 49765 | X88: 19 | Y88: 1277.6 | Z88: 1216 | AA88: =L88-Y88 -> 5513485 | AB88: =N88-Y88 -> 5717035 | AC88: =O88-Z88 -> 17290.7 | AD88: =Economic!H90 -> 865859.6 | AE88: =Economic!I90 -> 867096 | AF88: =Economic!D90 -> 7931.4 | AG88: =Economic!E90 -> 7848.5 | AH88: =Economic!F90 -> 656.8 | AI88: =Economic!G90 -> 654.2 | AJ88: =Economic!J90 -> 250.3 | AK88: =Economic!K90 -> 253.2 | AL88: =Economic!L90 -> 26.4 | AM88: =Economic!M90 -> 32.4 | AN88: =Economic!N90 -> 15397.7 | AO88: =Economic!O90 -> 10209 | AP88: =Weather!D88 -> -2.2612903 | AQ88: =Weather!E88 -> 690.1 | AR88: =Weather!F88 -> 0 | AS88: =Weather!G88 -> 628.1 | AT88: =Weather!H88 -> 0 | AU88: =Weather!I88 -> 566.1 | AV88: =Weather!J88 -> 0 | AW88: =Weather!K88 -> 504.1 | ... BD88: =Weather!R88 -> 0 | BE88: =BE76 -> 0 | BF88: =BF76 -> 0 | BG88: =BG76 -> 1 | BH88: =BH76 -> 0 | BI88: =BI76 -> 0 | BJ88: =BJ76 -> 0 | BK88: =BK76 -> 0 | BL88: =BL76 -> 0 | ... BS88: =BS76 -> 1 | BT88: =1+BT87 -> 87 | BU88: =BU40 -> 31 | BV88: 23 | BW88: 0 | BX88: 0 | BY88: 0.25 | BZ88: 0 | CA88: =$BX88*AQ88 -> 0 | CB88: =$BX88*AR88 -> 0 | CC88: =$BX88*AS88 -> 0 | CD88: =$BX88*AT88 -> 0 | CE88: =$BX88*AU88 -> 0 | CF88: =$BX88*AV88 -> 0 | CG88: =$BX88*AW88 -> 0 | CH88: =$BX88*AX88 -> 0 | ... CN88: =$BX88*BD88 -> 0 | CO88: =$BY88*AQ88 -> 172.525 | CP88: =$BY88*AR88 -> 0 | CQ88: =$BY88*AS88 -> 157.025 | CR88: =$BY88*AT88 -> 0 | CS88: =$BY88*AU88 -> 141.525 | CT88: =$BY88*AV88 -> 0 | CU88: =$BY88*AW88 -> 126.025 | CV88: =$BY88*AX88 -> 0 | ... DB88: =$BY88*BD88 -> 0 | DC88: =F88/G88 -> 772.43395 | DD88: =DC88/BU88 -> 24.917224 | DE88: =F88/BU88 -> 255850.06 | DF88: =J88/K88 -> 2332.0555 | DG88: =DF88/BU88 -> 75.227596 | DH88: =J88/BU88 -> 95539.046 | DI88: =N88/P88 -> 40845.09 | DJ88: =DI88/BU88 -> 1317.5835 | DK88: =DI88/BV88 -> 1775.8735 | DL88: =N88/BU88 -> 184461.7 | DM88: =N88/BV88 -> 248622.29 | DN88: 0 | DO88: 0
A89: =EOMONTH(A88,0)+1 -> 45017 | B89: =YEAR(A89) -> 2023 | C89: =MONTH(A89) -> 4 | D89: 6316390 | E89: =IFERROR(VLOOKUP($B89-1,CDM!$J$6:$P$19,2,FALSE)/12,0)+IFERROR(VLOOKUP($B89,CDM!$J$37:$M$48,2,FALSE)/24,0)+IFERROR(VLOOKUP($B89,CDM!$J$37:$M$48,2,FALSE)/2*$C89/78,0) -> 165370.49 | F89: =D89+E89 -> 6481760.5 | G89: 10271 | H89: 2192824 | I89: =IFERROR(VLOOKUP($B89-1,CDM!$J$6:$P$19,3,FALSE)/12,0)+IFERROR(VLOOKUP($B89,CDM!$J$37:$M$47,3,FALSE)/24,0)+IFERROR(VLOOKUP($B89,CDM!$J$37:$M$47,3,FALSE)/2*$C89/78,0) -> 218072.89 | J89: =H89+I89 -> 2410896.9 | K89: 1269 | L89: 5095749.7 | M89: =IFERROR(VLOOKUP($B89-1,CDM!$J$6:$P$19,4,FALSE)/12,0)+IFERROR(VLOOKUP($B89,CDM!$J$37:$M$47,4,FALSE)/24,0)+IFERROR(VLOOKUP($B89,CDM!$J$37:$M$47,4,FALSE)/2*$C89/78,0) -> 205517.72 | N89: =L89+M89 -> 5301267.4 | O89: 19532.8 | P89: 139 | Q89: 73245 | R89: 231.4 | S89: 2900 | T89: 14471 | U89: 40.4 | V89: 174 | W89: 48757 | X89: 19 | Y89: 5946.72 | Z89: 5584 | AA89: =L89-Y89 -> 5089803 | AB89: =N89-Y89 -> 5295320.7 | AC89: =O89-Z89 -> 13948.8 | AD89: =Economic!H91 -> 865859.6 | AE89: =Economic!I91 -> 873385 | AF89: =Economic!D91 -> 7962 | AG89: =Economic!E91 -> 7899.3 | AH89: =Economic!F91 -> 657.9 | AI89: =Economic!G91 -> 653.7 | AJ89: =Economic!J91 -> 203.6 | AK89: =Economic!K91 -> 205.1 | AL89: =Economic!L91 -> 16.8 | AM89: =Economic!M91 -> 16.9 | AN89: =Economic!N91 -> 15397.7 | AO89: =Economic!O91 -> 6289 | AP89: =Weather!D89 -> 5.9763889 | AQ89: =Weather!E89 -> 420.70833 | AR89: =Weather!F89 -> 0 | AS89: =Weather!G89 -> 360.70833 | AT89: =Weather!H89 -> 0 | AU89: =Weather!I89 -> 300.70833 | AV89: =Weather!J89 -> 0 | AW89: =Weather!K89 -> 242.45833 | ... BD89: =Weather!R89 -> 37.320833 | BE89: =BE77 -> 0 | BF89: =BF77 -> 0 | BG89: =BG77 -> 0 | BH89: =BH77 -> 1 | BI89: =BI77 -> 0 | BJ89: =BJ77 -> 0 | BK89: =BK77 -> 0 | BL89: =BL77 -> 0 | ... BS89: =BS77 -> 1 | BT89: =1+BT88 -> 88 | BU89: =BU41 -> 30 | BV89: 21 | BW89: 0 | BX89: 0 | BY89: 0.25 | BZ89: 0 | CA89: =$BX89*AQ89 -> 0 | CB89: =$BX89*AR89 -> 0 | CC89: =$BX89*AS89 -> 0 | CD89: =$BX89*AT89 -> 0 | CE89: =$BX89*AU89 -> 0 | CF89: =$BX89*AV89 -> 0 | CG89: =$BX89*AW89 -> 0 | CH89: =$BX89*AX89 -> 0 | ... CN89: =$BX89*BD89 -> 0 | CO89: =$BY89*AQ89 -> 105.17708 | CP89: =$BY89*AR89 -> 0 | CQ89: =$BY89*AS89 -> 90.177083 | CR89: =$BY89*AT89 -> 0 | CS89: =$BY89*AU89 -> 75.177083 | CT89: =$BY89*AV89 -> 0 | CU89: =$BY89*AW89 -> 60.614583 | CV89: =$BY89*AX89 -> 0.4375 | ... DB89: =$BY89*BD89 -> 9.3302083 | DC89: =F89/G89 -> 631.07394 | DD89: =DC89/BU89 -> 21.035798 | DE89: =F89/BU89 -> 216058.68 | DF89: =J89/K89 -> 1899.8399 | DG89: =DF89/BU89 -> 63.327998 | DH89: =J89/BU89 -> 80363.23 | DI89: =N89/P89 -> 38138.615 | DJ89: =DI89/BU89 -> 1271.2872 | DK89: =DI89/BV89 -> 1816.1245 | DL89: =N89/BU89 -> 176708.91 | DM89: =N89/BV89 -> 252441.31 | DN89: 0 | DO89: 0
A90: =EOMONTH(A89,0)+1 -> 45047 | B90: =YEAR(A90) -> 2023 | C90: =MONTH(A90) -> 5 | D90: 5770423 | E90: =IFERROR(VLOOKUP($B90-1,CDM!$J$6:$P$19,2,FALSE)/12,0)+IFERROR(VLOOKUP($B90,CDM!$J$37:$M$48,2,FALSE)/24,0)+IFERROR(VLOOKUP($B90,CDM!$J$37:$M$48,2,FALSE)/2*$C90/78,0) -> 165492.13 | F90: =D90+E90 -> 5935915.1 | G90: 10275 | H90: 2095158 | I90: =IFERROR(VLOOKUP($B90-1,CDM!$J$6:$P$19,3,FALSE)/12,0)+IFERROR(VLOOKUP($B90,CDM!$J$37:$M$47,3,FALSE)/24,0)+IFERROR(VLOOKUP($B90,CDM!$J$37:$M$47,3,FALSE)/2*$C90/78,0) -> 219679.34 | J90: =H90+I90 -> 2314837.3 | K90: 1269 | L90: 4991533 | M90: =IFERROR(VLOOKUP($B90-1,CDM!$J$6:$P$19,4,FALSE)/12,0)+IFERROR(VLOOKUP($B90,CDM!$J$37:$M$47,4,FALSE)/24,0)+IFERROR(VLOOKUP($B90,CDM!$J$37:$M$47,4,FALSE)/2*$C90/78,0) -> 207485.45 | N90: =L90+M90 -> 5199018.4 | O90: 18735 | P90: 139 | Q90: 66555 | R90: 231.4 | S90: 2900 | T90: 14420 | U90: 39.6 | V90: 174 | W90: 49849 | X90: 19 | Y90: 5086.4 | Z90: 4633.6 | AA90: =L90-Y90 -> 4986446.6 | AB90: =N90-Y90 -> 5193932 | AC90: =O90-Z90 -> 14101.4 | AD90: =Economic!H92 -> 865859.6 | AE90: =Economic!I92 -> 873385 | AF90: =Economic!D92 -> 7978.4 | AG90: =Economic!E92 -> 7966.2 | AH90: =Economic!F92 -> 663.7 | AI90: =Economic!G92 -> 664 | AJ90: =Economic!J92 -> 202.3 | AK90: =Economic!K92 -> 201.2 | AL90: =Economic!L92 -> 16.5 | AM90: =Economic!M92 -> 16.5 | AN90: =Economic!N92 -> 15397.7 | AO90: =Economic!O92 -> 6289 | AP90: =Weather!D90 -> 12.488239 | AQ90: =Weather!E90 -> 234.95208 | AR90: =Weather!F90 -> 2.0875 | AS90: =Weather!G90 -> 177.1375 | AT90: =Weather!H90 -> 6.2729167 | AU90: =Weather!I90 -> 126.95833 | AV90: =Weather!J90 -> 18.09375 | AW90: =Weather!K90 -> 80.341667 | ... BD90: =Weather!R90 -> 147.42708 | BE90: =BE78 -> 0 | BF90: =BF78 -> 0 | BG90: =BG78 -> 0 | BH90: =BH78 -> 0 | BI90: =BI78 -> 1 | BJ90: =BJ78 -> 0 | BK90: =BK78 -> 0 | BL90: =BL78 -> 0 | ... BS90: =BS78 -> 1 | BT90: =1+BT89 -> 89 | BU90: =BU42 -> 31 | BV90: 20 | BW90: 0 | BX90: 0 | BY90: 0.25 | BZ90: 0 | CA90: =$BX90*AQ90 -> 0 | CB90: =$BX90*AR90 -> 0 | CC90: =$BX90*AS90 -> 0 | CD90: =$BX90*AT90 -> 0 | CE90: =$BX90*AU90 -> 0 | CF90: =$BX90*AV90 -> 0 | CG90: =$BX90*AW90 -> 0 | CH90: =$BX90*AX90 -> 0 | ... CN90: =$BX90*BD90 -> 0 | CO90: =$BY90*AQ90 -> 58.738021 | CP90: =$BY90*AR90 -> 0.521875 | CQ90: =$BY90*AS90 -> 44.284375 | CR90: =$BY90*AT90 -> 1.5682292 | CS90: =$BY90*AU90 -> 31.739583 | CT90: =$BY90*AV90 -> 4.5234375 | CU90: =$BY90*AW90 -> 20.085417 | CV90: =$BY90*AX90 -> 8.3692708 | ... DB90: =$BY90*BD90 -> 36.856771 | DC90: =F90/G90 -> 577.70464 | DD90: =DC90/BU90 -> 18.635633 | DE90: =F90/BU90 -> 191481.13 | DF90: =J90/K90 -> 1824.1429 | DG90: =DF90/BU90 -> 58.843319 | DH90: =J90/BU90 -> 74672.172 | DI90: =N90/P90 -> 37403.01 | DJ90: =DI90/BU90 -> 1206.5487 | DK90: =DI90/BV90 -> 1870.1505 | DL90: =N90/BU90 -> 167710.27 | DM90: =N90/BV90 -> 259950.92 | DN90: 0 | DO90: 0
A91: =EOMONTH(A90,0)+1 -> 45078 | B91: =YEAR(A91) -> 2023 | C91: =MONTH(A91) -> 6 | D91: 6451557 | E91: =IFERROR(VLOOKUP($B91-1,CDM!$J$6:$P$19,2,FALSE)/12,0)+IFERROR(VLOOKUP($B91,CDM!$J$37:$M$48,2,FALSE)/24,0)+IFERROR(VLOOKUP($B91,CDM!$J$37:$M$48,2,FALSE)/2*$C91/78,0) -> 165613.78 | F91: =D91+E91 -> 6617170.8 | G91: 10280 | H91: 2188263 | I91: =IFERROR(VLOOKUP($B91-1,CDM!$J$6:$P$19,3,FALSE)/12,0)+IFERROR(VLOOKUP($B91,CDM!$J$37:$M$47,3,FALSE)/24,0)+IFERROR(VLOOKUP($B91,CDM!$J$37:$M$47,3,FALSE)/2*$C91/78,0) -> 221285.79 | J91: =H91+I91 -> 2409548.8 | K91: 1269 | L91: 5225442.7 | M91: =IFERROR(VLOOKUP($B91-1,CDM!$J$6:$P$19,4,FALSE)/12,0)+IFERROR(VLOOKUP($B91,CDM!$J$37:$M$47,4,FALSE)/24,0)+IFERROR(VLOOKUP($B91,CDM!$J$37:$M$47,4,FALSE)/2*$C91/78,0) -> 209453.18 | N91: =L91+M91 -> 5434895.9 | O91: 15196.14 | P91: 139 | Q91: 59980 | R91: 231.4 | S91: 2900 | T91: 14412 | U91: 39.5 | V91: 174 | W91: 48925 | X91: 19 | Y91: 19736.8 | Z91: 960 | AA91: =L91-Y91 -> 5205705.9 | AB91: =N91-Y91 -> 5415159.1 | AC91: =O91-Z91 -> 14236.14 | AD91: =Economic!H93 -> 865859.6 | AE91: =Economic!I93 -> 873385 | AF91: =Economic!D93 -> 8001.1 | AG91: =Economic!E93 -> 8058.5 | AH91: =Economic!F93 -> 672 | AI91: =Economic!G93 -> 678.8 | AJ91: =Economic!J93 -> 218.3 | AK91: =Economic!K93 -> 219.8 | AL91: =Economic!L93 -> 28.8 | AM91: =Economic!M93 -> 28.5 | AN91: =Economic!N93 -> 15397.7 | AO91: =Economic!O93 -> 6289 | AP91: =Weather!D91 -> 17.874167 | AQ91: =Weather!E91 -> 79.325 | AR91: =Weather!F91 -> 15.55 | AS91: =Weather!G91 -> 38.2375 | AT91: =Weather!H91 -> 34.4625 | AU91: =Weather!I91 -> 12.866667 | AV91: =Weather!J91 -> 69.091667 | AW91: =Weather!K91 -> 2.4 | ... BD91: =Weather!R91 -> 296.225 | BE91: =BE79 -> 0 | BF91: =BF79 -> 0 | BG91: =BG79 -> 0 | BH91: =BH79 -> 0 | BI91: =BI79 -> 0 | BJ91: =BJ79 -> 1 | BK91: =BK79 -> 0 | BL91: =BL79 -> 0 | ... BS91: =BS79 -> 0 | BT91: =1+BT90 -> 90 | BU91: =BU43 -> 30 | BV91: 22 | BW91: 0 | BX91: 0 | BY91: 0.25 | BZ91: 0 | CA91: =$BX91*AQ91 -> 0 | CB91: =$BX91*AR91 -> 0 | CC91: =$BX91*AS91 -> 0 | CD91: =$BX91*AT91 -> 0 | CE91: =$BX91*AU91 -> 0 | CF91: =$BX91*AV91 -> 0 | CG91: =$BX91*AW91 -> 0 | CH91: =$BX91*AX91 -> 0 | ... CN91: =$BX91*BD91 -> 0 | CO91: =$BY91*AQ91 -> 19.83125 | CP91: =$BY91*AR91 -> 3.8875 | CQ91: =$BY91*AS91 -> 9.559375 | CR91: =$BY91*AT91 -> 8.615625 | CS91: =$BY91*AU91 -> 3.2166667 | CT91: =$BY91*AV91 -> 17.272917 | CU91: =$BY91*AW91 -> 0.6 | CV91: =$BY91*AX91 -> 29.65625 | ... DB91: =$BY91*BD91 -> 74.05625 | DC91: =F91/G91 -> 643.69366 | DD91: =DC91/BU91 -> 21.456455 | DE91: =F91/BU91 -> 220572.36 | DF91: =J91/K91 -> 1898.7776 | DG91: =DF91/BU91 -> 63.292587 | DH91: =J91/BU91 -> 80318.293 | DI91: =N91/P91 -> 39099.971 | DJ91: =DI91/BU91 -> 1303.3324 | DK91: =DI91/BV91 -> 1777.2714 | DL91: =N91/BU91 -> 181163.2 | DM91: =N91/BV91 -> 247040.72 | DN91: 0 | DO91: 0
A92: =EOMONTH(A91,0)+1 -> 45108 | B92: =YEAR(A92) -> 2023 | C92: =MONTH(A92) -> 7 | D92: 7904084 | E92: =IFERROR(VLOOKUP($B92-1,CDM!$J$6:$P$19,2,FALSE)/12,0)+IFERROR(VLOOKUP($B92,CDM!$J$37:$M$48,2,FALSE)/24,0)+IFERROR(VLOOKUP($B92,CDM!$J$37:$M$48,2,FALSE)/2*$C92/78,0) -> 165735.43 | F92: =D92+E92 -> 8069819.4 | G92: 10278 | H92: 2456082 | I92: =IFERROR(VLOOKUP($B92-1,CDM!$J$6:$P$19,3,FALSE)/12,0)+IFERROR(VLOOKUP($B92,CDM!$J$37:$M$47,3,FALSE)/24,0)+IFERROR(VLOOKUP($B92,CDM!$J$37:$M$47,3,FALSE)/2*$C92/78,0) -> 222892.24 | J92: =H92+I92 -> 2678974.2 | K92: 1268 | L92: 5699824 | M92: =IFERROR(VLOOKUP($B92-1,CDM!$J$6:$P$19,4,FALSE)/12,0)+IFERROR(VLOOKUP($B92,CDM!$J$37:$M$47,4,FALSE)/24,0)+IFERROR(VLOOKUP($B92,CDM!$J$37:$M$47,4,FALSE)/2*$C92/78,0) -> 211420.92 | N92: =L92+M92 -> 5911244.9 | O92: 15950.6 | P92: 139 | Q92: 64318 | R92: 231.4 | S92: 2900 | T92: 14411 | U92: 39.5 | V92: 172 | W92: 49849 | X92: 19 | Y92: 1885.6 | Z92: 1491.2 | AA92: =L92-Y92 -> 5697938.4 | AB92: =N92-Y92 -> 5909359.3 | AC92: =O92-Z92 -> 14459.4 | AD92: =Economic!H94 -> 865859.6 | AE92: =Economic!I94 -> 876964 | AF92: =Economic!D94 -> 8016.3 | AG92: =Economic!E94 -> 8107 | AH92: =Economic!F94 -> 677.8 | AI92: =Economic!G94 -> 690.2 | AJ92: =Economic!J94 -> 232.2 | AK92: =Economic!K94 -> 234.9 | AL92: =Economic!L94 -> 38.4 | AM92: =Economic!M94 -> 38.4 | AN92: =Economic!N94 -> 15397.7 | AO92: =Economic!O94 -> 3579 | AP92: =Weather!D92 -> 20.245833 | AQ92: =Weather!E92 -> 27.016667 | AR92: =Weather!F92 -> 34.6375 | AS92: =Weather!G92 -> 6.4541667 | AT92: =Weather!H92 -> 76.075 | AU92: =Weather!I92 -> 0.38333333 | AV92: =Weather!J92 -> 132.00417 | AW92: =Weather!K92 -> 0 | ... BD92: =Weather!R92 -> 379.62083 | BE92: =BE80 -> 0 | BF92: =BF80 -> 0 | BG92: =BG80 -> 0 | BH92: =BH80 -> 0 | BI92: =BI80 -> 0 | BJ92: =BJ80 -> 0 | BK92: =BK80 -> 1 | BL92: =BL80 -> 0 | ... BS92: =BS80 -> 0 | BT92: =1+BT91 -> 91 | BU92: =BU44 -> 31 | BV92: 21 | BW92: 0 | BX92: 0 | BY92: 0.25 | BZ92: 0 | CA92: =$BX92*AQ92 -> 0 | CB92: =$BX92*AR92 -> 0 | CC92: =$BX92*AS92 -> 0 | CD92: =$BX92*AT92 -> 0 | CE92: =$BX92*AU92 -> 0 | CF92: =$BX92*AV92 -> 0 | CG92: =$BX92*AW92 -> 0 | CH92: =$BX92*AX92 -> 0 | ... CN92: =$BX92*BD92 -> 0 | CO92: =$BY92*AQ92 -> 6.7541667 | CP92: =$BY92*AR92 -> 8.659375 | CQ92: =$BY92*AS92 -> 1.6135417 | CR92: =$BY92*AT92 -> 19.01875 | CS92: =$BY92*AU92 -> 0.095833333 | CT92: =$BY92*AV92 -> 33.001042 | CU92: =$BY92*AW92 -> 0 | CV92: =$BY92*AX92 -> 48.405208 | ... DB92: =$BY92*BD92 -> 94.905208 | DC92: =F92/G92 -> 785.15464 | DD92: =DC92/BU92 -> 25.327569 | DE92: =F92/BU92 -> 260316.76 | DF92: =J92/K92 -> 2112.7557 | DG92: =DF92/BU92 -> 68.15341 | DH92: =J92/BU92 -> 86418.524 | DI92: =N92/P92 -> 42526.942 | DJ92: =DI92/BU92 -> 1371.8368 | DK92: =DI92/BV92 -> 2025.0925 | DL92: =N92/BU92 -> 190685.32 | DM92: =N92/BV92 -> 281487.85 | DN92: 0 | DO92: 0
... A121: =EOMONTH(A120,0)+1 -> 45992 | B121: =YEAR(A121) -> 2025 | C121: =MONTH(A121) -> 12 | D121: 9796058 | E121: =IFERROR(VLOOKUP($B121-1,CDM!$J$6:$P$19,2,FALSE)/12,0)+IFERROR(VLOOKUP($B121,CDM!$J$37:$M$48,2,FALSE)/24,0)+IFERROR(VLOOKUP($B121,CDM!$J$37:$M$48,2,FALSE)/2*$C121/78,0) -> 186543.57 | F121: =D121+E121 -> 9982601.6 | G121: 10411 | H121: 3164060 | I121: =IFERROR(VLOOKUP($B121-1,CDM!$J$6:$P$19,3,FALSE)/12,0)+IFERROR(VLOOKUP($B121,CDM!$J$37:$M$47,3,FALSE)/24,0)+IFERROR(VLOOKUP($B121,CDM!$J$37:$M$47,3,FALSE)/2*$C121/78,0) -> 285797.12 | J121: =H121+I121 -> 3449857.1 | K121: 1273 | L121: 10274882 | M121: =IFERROR(VLOOKUP($B121-1,CDM!$J$6:$P$19,4,FALSE)/12,0)+IFERROR(VLOOKUP($B121,CDM!$J$37:$M$47,4,FALSE)/24,0)+IFERROR(VLOOKUP($B121,CDM!$J$37:$M$47,4,FALSE)/2*$C121/78,0) -> 282021.03 | N121: =L121+M121 -> 10556903 | O121: 24640.2 | P121: 135 | Q121: 115943 | R121: 249.4 | S121: 2983 | T121: 13634 | U121: 37.9 | V121: 177 | W121: 49547 | X121: 19 | Y121: 4442053.6 | Z121: 11526.4 | AA121: =L121-Y121 -> 5832828.4 | AB121: =N121-Y121 -> 6114849.4 | AC121: =O121-Z121 -> 13113.8 | AD121: =Economic!H123 -> 887796.6 | AE121: =Economic!I123 -> 904589.31 | AF121: =Economic!D123 -> 8261.1 | AG121: =Economic!E123 -> 8248.1 | AH121: =Economic!F123 -> 670.8 | AI121: =Economic!G123 -> 665.2 | AJ121: =Economic!J123 -> 73.4 | AK121: =Economic!K123 -> 71.5 | AL121: =Economic!L123 -> -37.6 | AM121: =Economic!M123 -> -37.1 | AN121: =Economic!N123 -> 11176.901 | AO121: =Economic!O123 -> 3161.8055 | AP121: =Weather!D121 -> -9.5466398 | AQ121: =Weather!E121 -> 915.94583 | AR121: =Weather!F121 -> 0 | AS121: =Weather!G121 -> 853.94583 | AT121: =Weather!H121 -> 0 | AU121: =Weather!I121 -> 791.94583 | AV121: =Weather!J121 -> 0 | AW121: =Weather!K121 -> 729.94583 | ... BD121: =Weather!R121 -> 0 | BE121: =BE109 -> 0 | BF121: =BF109 -> 0 | BG121: =BG109 -> 0 | BH121: =BH109 -> 0 | BI121: =BI109 -> 0 | BJ121: =BJ109 -> 0 | BK121: =BK109 -> 0 | BL121: =BL109 -> 0 | ... BS121: =BS109 -> 0 | BT121: =1+BT120 -> 120 | BU121: =BU73 -> 31 | BV121: 19 | BW121: 0 | BX121: 0 | BY121: 0.25 | BZ121: 0 | CA121: =$BX121*AQ121 -> 0 | CB121: =$BX121*AR121 -> 0 | CC121: =$BX121*AS121 -> 0 | CD121: =$BX121*AT121 -> 0 | CE121: =$BX121*AU121 -> 0 | CF121: =$BX121*AV121 -> 0 | CG121: =$BX121*AW121 -> 0 | CH121: =$BX121*AX121 -> 0 | ... CN121: =$BX121*BD121 -> 0 | CO121: =$BY121*AQ121 -> 228.98646 | CP121: =$BY121*AR121 -> 0 | CQ121: =$BY121*AS121 -> 213.48646 | CR121: =$BY121*AT121 -> 0 | CS121: =$BY121*AU121 -> 197.98646 | CT121: =$BY121*AV121 -> 0 | CU121: =$BY121*AW121 -> 182.48646 | CV121: =$BY121*AX121 -> 0 | ... DB121: =$BY121*BD121 -> 0 | DC121: =F121/G121 -> 958.85137 | DD121: =DC121/BU121 -> 30.930689 | DE121: =F121/BU121 -> 322019.41 | DF121: =J121/K121 -> 2710.0213 | DG121: =DF121/BU121 -> 87.420042 | DH121: =J121/BU121 -> 111285.71 | DI121: =N121/P121 -> 78199.282 | DJ121: =DI121/BU121 -> 2522.5575 | DK121: =DI121/BV121 -> 4115.7517 | DL121: =N121/BU121 -> 340545.26 | DM121: =N121/BV121 -> 555626.48 | DN121: 0 | DO121: 1

Sheet Monthly Data (2020-)
A1: Date | B1: Year | C1: Month | D1: Residential_kWh | E1: Res_CDM | F1: Res_NoCDM | G1: Residential_Customers | H1: GS_lt_50_kWh | I1: GS_lt_50_CDM | J1: GS_lt_50_NoCDM | K1: GS_lt_50_Customers | L1: GS_gt_50_kWh | M1: GS_gt_50_CDM | N1: GS_gt_50_NoCDM | O1: GS_gt_50_kW | P1: GS_gt_50_Customers | Q1: Streetlights_kWh | R1: Streetlights_kW | S1: Streetlights_Connections | T1: SentinelLights_kWh | U1: SentinelLights_kW | V1: SentinelLights_Connections | W1: USL_kWh | X1: USL_Customers | Y1: LargekWh | Z1: LargekW | AA1: GSgtxLCkWh | AB1: GSgtxLCkWh_NoCDM | AC1: GSgtxLCkW | AD1: ON GDP | AE1: OEA_GDP | AF1: Ont_FTEAdj | AG1: Ont_FTE | AH1: Ott_FTEAdj | AI1: Ott_FTE | AJ1: Ont_FTEAdjChange | AK1: Ont_FTEChange | AL1: Tor_FTEAdjChange | AM1: Tor_FTEChange | AN1: ON GDPChange | AO1: OEA_GDPChange | AP1: MeanTemp | AQ1: HDD20 | AR1: CDD20 | AS1: HDD18 | AT1: CDD18 | AU1: HDD16 | AV1: CDD16 | AW1: HDD14 | AX1: CDD14 | AY1: HDD12 | AZ1: CDD12 | BA1: HDD10 | BB1: CDD10 | BC1: HDD8 | BD1: CDD8 | BE1: Jan | BF1: Feb | BG1: Mar | BH1: Apr | BI1: May | BJ1: Jun | BK1: Jul | BL1: Aug | BM1: Sept | BN1: Oct | BO1: Nov | BP1: Dec | BQ1: Spring | BR1: Fall | BS1: Shoulder | BT1: Trend | BU1: Month Days | BV1: Peak Days | BW1: COVID | BX1: COVID_AM | BY1: COVID_WFH | BZ1: COVID2020 | CA1: CovHDD20 | CB1: CovCDD20 | CC1: CovHDD18 | CD1: CovCDD18 | CE1: CovHDD16 | CF1: CovCDD16 | CG1: CovHDD14 | CH1: CovCDD14 | CI1: CovHDD12 | CJ1: CovCDD12 | CK1: CovHDD10 | CL1: CovCDD10 | CM1: CovHDD8 | CN1: CovCDD8 | CO1: CWFHHDD20 | CP1: CWFHCDD20 | CQ1: CWFHHDD18 | CR1: CWFHCDD18 | CS1: CWFHHDD16 | CT1: CWFHCDD16 | CU1: CWFHHDD14 | CV1: CWFHCDD14 | CW1: CWFHHDD12 | CX1: CWFHCDD12 | CY1: CWFHHDD10 | CZ1: CWFHCDD10 | DA1: CWFHHDD8 | DB1: CWFHCDD8 | DC1: AvgRes | DD1: AvgResD | DE1: ResD | DF1: AvgGSlt50 | DG1: AvgGSlt50D | DH1: GSlt50D | DI1: AvgGSgt50 | DJ1: AvgGSgt50MD | DK1: AvgGSgt50PD | DL1: GSgt50MD | DM1: GSgt50PD
A2: ='Monthly Data'!A50 -> 43831 | B2: ='Monthly Data'!B50 -> 2020 | C2: ='Monthly Data'!C50 -> 1 | D2: ='Monthly Data'!D50 -> 8252808 | E2: ='Monthly Data'!E50 -> 161846.17 | F2: ='Monthly Data'!F50 -> 8414654.2 | G2: ='Monthly Data'!G50 -> 9912 | H2: ='Monthly Data'!H50 -> 2851727 | ... DM2: ='Monthly Data'!DM50 -> 298950.73
A3: ='Monthly Data'!A51 -> 43862 | B3: ='Monthly Data'!B51 -> 2020 | C3: ='Monthly Data'!C51 -> 2 | D3: ='Monthly Data'!D51 -> 7653590 | E3: ='Monthly Data'!E51 -> 161848.19 | F3: ='Monthly Data'!F51 -> 7815438.2 | G3: ='Monthly Data'!G51 -> 9916 | H3: ='Monthly Data'!H51 -> 2655070 | ... DM3: ='Monthly Data'!DM51 -> 318107.66
A4: ='Monthly Data'!A52 -> 43891 | B4: ='Monthly Data'!B52 -> 2020 | C4: ='Monthly Data'!C52 -> 3 | D4: ='Monthly Data'!D52 -> 7390200 | E4: ='Monthly Data'!E52 -> 161850.21 | F4: ='Monthly Data'!F52 -> 7552050.2 | G4: ='Monthly Data'!G52 -> 9928 | H4: ='Monthly Data'!H52 -> 2392130 | ... DM4: ='Monthly Data'!DM52 -> 273645.44
A5: ='Monthly Data'!A53 -> 43922 | B5: ='Monthly Data'!B53 -> 2020 | C5: ='Monthly Data'!C53 -> 4 | D5: ='Monthly Data'!D53 -> 6556759 | E5: ='Monthly Data'!E53 -> 161852.23 | F5: ='Monthly Data'!F53 -> 6718611.2 | G5: ='Monthly Data'!G53 -> 9943 | H5: ='Monthly Data'!H53 -> 1855781 | ... DM5: ='Monthly Data'!DM53 -> 244527.9
A6: ='Monthly Data'!A54 -> 43952 | B6: ='Monthly Data'!B54 -> 2020 | C6: ='Monthly Data'!C54 -> 5 | D6: ='Monthly Data'!D54 -> 6323124 | E6: ='Monthly Data'!E54 -> 161854.25 | F6: ='Monthly Data'!F54 -> 6484978.2 | G6: ='Monthly Data'!G54 -> 9945 | H6: ='Monthly Data'!H54 -> 1785317 | ... DM6: ='Monthly Data'!DM54 -> 221836.25
A7: ='Monthly Data'!A55 -> 43983 | B7: ='Monthly Data'!B55 -> 2020 | C7: ='Monthly Data'!C55 -> 6 | D7: ='Monthly Data'!D55 -> 6629679 | E7: ='Monthly Data'!E55 -> 161856.27 | F7: ='Monthly Data'!F55 -> 6791535.3 | G7: ='Monthly Data'!G55 -> 9949 | H7: ='Monthly Data'!H55 -> 1892488 | ... DM7: ='Monthly Data'!DM55 -> 246305.43
A8: ='Monthly Data'!A56 -> 44013 | B8: ='Monthly Data'!B56 -> 2020 | C8: ='Monthly Data'!C56 -> 7 | D8: ='Monthly Data'!D56 -> 8725974 | E8: ='Monthly Data'!E56 -> 161858.29 | F8: ='Monthly Data'!F56 -> 8887832.3 | G8: ='Monthly Data'!G56 -> 9955 | H8: ='Monthly Data'!H56 -> 2323074 | ... DM8: ='Monthly Data'!DM56 -> 279933.6
A9: ='Monthly Data'!A57 -> 44044 | B9: ='Monthly Data'!B57 -> 2020 | C9: ='Monthly Data'!C57 -> 8 | D9: ='Monthly Data'!D57 -> 6819648 | E9: ='Monthly Data'!E57 -> 161860.3 | F9: ='Monthly Data'!F57 -> 6981508.3 | G9: ='Monthly Data'!G57 -> 9965 | H9: ='Monthly Data'!H57 -> 2013319 | ... DM9: ='Monthly Data'!DM57 -> 258081.79
A10: ='Monthly Data'!A58 -> 44075 | B10: ='Monthly Data'!B58 -> 2020 | C10: ='Monthly Data'!C58 -> 9 | D10: ='Monthly Data'!D58 -> 5431156 | E10: ='Monthly Data'!E58 -> 161862.32 | F10: ='Monthly Data'!F58 -> 5593018.3 | G10: ='Monthly Data'!G58 -> 9980 | H10: ='Monthly Data'!H58 -> 1782342 | ... DM10: ='Monthly Data'!DM58 -> 255466.42
A11: ='Monthly Data'!A59 -> 44105 | B11: ='Monthly Data'!B59 -> 2020 | C11: ='Monthly Data'!C59 -> 10 | D11: ='Monthly Data'!D59 -> 6120244 | E11: ='Monthly Data'!E59 -> 161864.34 | F11: ='Monthly Data'!F59 -> 6282108.3 | G11: ='Monthly Data'!G59 -> 9996 | H11: ='Monthly Data'!H59 -> 1924819 | ... DM11: ='Monthly Data'!DM59 -> 233973.21
A12: ='Monthly Data'!A60 -> 44136 | B12: ='Monthly Data'!B60 -> 2020 | C12: ='Monthly Data'!C60 -> 11 | D12: ='Monthly Data'!D60 -> 6617422 | E12: ='Monthly Data'!E60 -> 161866.36 | F12: ='Monthly Data'!F60 -> 6779288.4 | G12: ='Monthly Data'!G60 -> 10001 | H12: ='Monthly Data'!H60 -> 2153940 | ... DM12: ='Monthly Data'!DM60 -> 243006.1
A13: ='Monthly Data'!A61 -> 44166 | B13: ='Monthly Data'!B61 -> 2020 | C13: ='Monthly Data'!C61 -> 12 | D13: ='Monthly Data'!D61 -> 8621253 | E13: ='Monthly Data'!E61 -> 161868.38 | F13: ='Monthly Data'!F61 -> 8783121.4 | G13: ='Monthly Data'!G61 -> 10019 | H13: ='Monthly Data'!H61 -> 2603393 | ... DM13: ='Monthly Data'!DM61 -> 333058.09
... A73: ='Monthly Data'!A121 -> 45992 | B73: ='Monthly Data'!B121 -> 2025 | C73: ='Monthly Data'!C121 -> 12 | D73: ='Monthly Data'!D121 -> 9796058 | E73: ='Monthly Data'!E121 -> 186543.57 | F73: ='Monthly Data'!F121 -> 9982601.6 | G73: ='Monthly Data'!G121 -> 10411 | H73: ='Monthly Data'!H121 -> 3164060 | ... DM73: ='Monthly Data'!DM121 -> 555626.48

Sheet Economic
A2: Date | B2: Year | D2: Ont_FTEAdj | E2: Ont_FTE | F2: Ott_FTEAdj | G2: Ott_FTE | H2: ON GDP | I2: OEA_GDP | J2: =D2 -> Ont_FTEAdj | K2: =E2 -> Ont_FTE | L2: =F2 -> Ott_FTEAdj | M2: =G2 -> Ott_FTE | N2: =H2 -> ON GDP | O2: =I2 -> OEA_GDP
D3: StatsCan 14-10-0459-01 | H3: StatsCan 36-10-0402-01 | I3: Ontario Economic Accounts Table 15 | J3: Change | K3: Change | L3: Change | M3: Change | N3: Change | O3: Change
A4: 42370 | B4: =YEAR(A4) -> 2016 | C4: Q1 | D4: 6882.9 | E4: 6848.3 | F4: 554.5 | G4: 552 | H4: 743976.2 | I4: 743835
A5: 42401 | B5: =YEAR(A5) -> 2016 | C5: Q1 | D5: 6899.5 | E5: 6829.1 | F5: 557.6 | G5: 554.2 | H5: 743976.2 | I5: 743835
A6: 42430 | B6: =YEAR(A6) -> 2016 | C6: Q1 | D6: 6908.6 | E6: 6808.7 | F6: 559.7 | G6: 555.6 | H6: 743976.2 | I6: 743835
A7: 42461 | B7: =YEAR(A7) -> 2016 | C7: Q2 | D7: 6909 | E7: 6823.1 | F7: 556.9 | G7: 555.4 | H7: 743976.2 | I7: 740829 | S7: Latest Figures as of March 31, 2026
A8: 42491 | B8: =YEAR(A8) -> 2016 | C8: Q2 | D8: 6919.1 | E8: 6889.6 | F8: 561.4 | G8: 562.4 | H8: 743976.2 | I8: 740829
A9: 42522 | B9: =YEAR(A9) -> 2016 | C9: Q2 | D9: 6930 | E9: 6973 | F9: 564.4 | G9: 568.2 | H9: 743976.2 | I9: 740829 | S9: BMO | T9: RBC | U9: Scotia | V9: TD | W9: Average Used
A10: 42552 | B10: =YEAR(A10) -> 2016 | C10: Q3 | D10: 6933.8 | E10: 7021.7 | F10: 570.7 | G10: 576.4 | H10: 743976.2 | I10: 746710 | S10: 46136 | T10: 46082 | U10: 46105 | V10: 46099
A11: 42583 | B11: =YEAR(A11) -> 2016 | C11: Q3 | D11: 6931.2 | E11: 7018.7 | F11: 571.8 | G11: 574.1 | H11: 743976.2 | I11: 746710 | Q11: GDP | R11: 2025 | S11: 0.013 | T11: 0.012 | U11: 0.012 | V11: 0.014 | W11: =AVERAGE(S11:V11) -> 0.01275
A12: 42614 | B12: =YEAR(A12) -> 2016 | C12: Q3 | D12: 6929.7 | E12: 6973.4 | F12: 569.2 | G12: 567.2 | H12: 743976.2 | I12: 746710 | R12: 2026 | S12: 0.008 | T12: 0.009 | U12: 0.008 | V12: 0.009 | W12: =AVERAGE(S12:V12) -> 0.0085
A13: 42644 | B13: =YEAR(A13) -> 2016 | C13: Q4 | D13: 6942 | E13: 6966.9 | F13: 571 | G13: 568.3 | H13: 743976.2 | I13: 745246 | R13: 2027 | S13: 0.022 | T13: 0.013 | U13: 0.017 | V13: 0.018 | W13: =AVERAGE(S13:V13) -> 0.0175
A14: 42675 | B14: =YEAR(A14) -> 2016 | C14: Q4 | D14: 6959 | E14: 6964.3 | F14: 572.9 | G14: 571 | H14: 743976.2 | I14: 745246
A15: 42705 | B15: =YEAR(A15) -> 2016 | C15: Q4 | D15: 6974.4 | E15: 6983 | F15: 574.5 | G15: 575.2 | H15: 743976.2 | I15: 745246 | S15: 46136 | T15: 46082 | U15: 46105 | V15: 46099
A16: 42736 | B16: =YEAR(A16) -> 2017 | C16: =C4 -> Q1 | D16: 6998.9 | E16: 6968.1 | F16: 576.2 | G16: 576.7 | H16: 764464.8 | I16: 756670 | J16: =D16-D4 -> 116 | K16: =E16-E4 -> 119.8 | L16: =F16-F4 -> 21.7 | M16: =G16-G4 -> 24.7 | N16: =H16-H4 -> 20488.6 | O16: =I16-I13 -> 11424 | R16: 2025 | S16: 0.01 | T16: 0.01 | U16: 0.01 | V16: 0.01 | W16: =AVERAGE(S16:V16) -> 0.01
A17: 42767 | B17: =YEAR(A17) -> 2017 | C17: =C5 -> Q1 | D17: 7017.3 | E17: 6948.4 | F17: 577.2 | G17: 576.9 | H17: 764464.8 | I17: 756670 | J17: =D17-D5 -> 117.8 | K17: =E17-E5 -> 119.3 | L17: =F17-F5 -> 19.6 | M17: =G17-G5 -> 22.7 | N17: =H17-H5 -> 20488.6 | O17: =I17-I14 -> 11424 | Q17: FTE | R17: 2026 | S17: -0.001 | T17: 0 | U17: 0.002 | V17: -0.002 | W17: =AVERAGE(S17:V17) -> -0.00025
A18: 42795 | B18: =YEAR(A18) -> 2017 | C18: =C6 -> Q1 | D18: 7035.4 | E18: 6933.2 | F18: 578.4 | G18: 577.1 | H18: 764464.8 | I18: 756670 | J18: =D18-D6 -> 126.8 | K18: =E18-E6 -> 124.5 | L18: =F18-F6 -> 18.7 | M18: =G18-G6 -> 21.5 | N18: =H18-H6 -> 20488.6 | O18: =I18-I15 -> 11424 | R18: 2027 | S18: 0.006 | T18: 0.001 | U18: 0.009 | V18: 0.005 | W18: =AVERAGE(S18:V18) -> 0.00525
A19: 42826 | B19: =YEAR(A19) -> 2017 | C19: =C7 -> Q2 | D19: 7041.8 | E19: 6951.9 | F19: 578.2 | G19: 576.1 | H19: 764464.8 | I19: 764676 | J19: =D19-D7 -> 132.8 | K19: =E19-E7 -> 128.8 | L19: =F19-F7 -> 21.3 | M19: =G19-G7 -> 20.7 | N19: =H19-H7 -> 20488.6 | O19: =I19-I16 -> 8006
A20: 42856 | B20: =YEAR(A20) -> 2017 | C20: =C8 -> Q2 | D20: 7055.9 | E20: 7023.7 | F20: 574 | G20: 574.8 | H20: 764464.8 | I20: 764676 | J20: =D20-D8 -> 136.8 | K20: =E20-E8 -> 134.1 | L20: =F20-F8 -> 12.6 | M20: =G20-G8 -> 12.4 | N20: =H20-H8 -> 20488.6 | O20: =I20-I17 -> 8006
A21: 42887 | B21: =YEAR(A21) -> 2017 | C21: =C9 -> Q2 | D21: 7071 | E21: 7112.9 | F21: 572.7 | G21: 576.8 | H21: 764464.8 | I21: 764676 | J21: =D21-D9 -> 141 | K21: =E21-E9 -> 139.9 | L21: =F21-F9 -> 8.3 | M21: =G21-G9 -> 8.6 | N21: =H21-H9 -> 20488.6 | O21: =I21-I18 -> 8006 | S21: https://economics.bmo.com/media/filer_public/d7/2d/d72d512a-a8b7-4078-90ba-62d488135772/outlookprovincial.pdf | T21: https://www.rbc.com/en/economics/wp-content/uploads/sites/23/2025/12/Provincial-Forecast-Tables-Q4-20251.pdf | U21: https://www.scotiabank.com/ca/en/about/economics/economics-publications/post.other-publications.global-outlook-and-forecast-tables.scotiabank%27s-forecast-tables.2026.march-24--2026.html | V21: https://economics.td.com/provincial-economic-forecast#on
A22: 42917 | B22: =YEAR(A22) -> 2017 | C22: =C10 -> Q3 | D22: 7099.1 | E22: 7186.7 | F22: 569.1 | G22: 575 | H22: 764464.8 | I22: 765009 | J22: =D22-D10 -> 165.3 | K22: =E22-E10 -> 165 | L22: =F22-F10 -> -1.6 | M22: =G22-G10 -> -1.4 | N22: =H22-H10 -> 20488.6 | O22: =I22-I19 -> 333
A23: 42948 | B23: =YEAR(A23) -> 2017 | C23: =C11 -> Q3 | D23: 7118 | E23: 7207.6 | F23: 570 | G23: 572.9 | H23: 764464.8 | I23: 765009 | J23: =D23-D11 -> 186.8 | K23: =E23-E11 -> 188.9 | L23: =F23-F11 -> -1.8 | M23: =G23-G11 -> -1.2 | N23: =H23-H11 -> 20488.6 | O23: =I23-I20 -> 333
A24: 42979 | B24: =YEAR(A24) -> 2017 | C24: =C12 -> Q3 | D24: 7143.3 | E24: 7185.7 | F24: 569.9 | G24: 568.1 | H24: 764464.8 | I24: 765009 | J24: =D24-D12 -> 213.6 | K24: =E24-E12 -> 212.3 | L24: =F24-F12 -> 0.7 | M24: =G24-G12 -> 0.9 | N24: =H24-H12 -> 20488.6 | O24: =I24-I21 -> 333
A25: 43009 | B25: =YEAR(A25) -> 2017 | C25: =C13 -> Q4 | D25: 7158.3 | E25: 7179.8 | F25: 569.1 | G25: 566 | H25: 764464.8 | I25: 771506 | J25: =D25-D13 -> 216.3 | K25: =E25-E13 -> 212.9 | L25: =F25-F13 -> -1.9 | M25: =G25-G13 -> -2.3 | N25: =H25-H13 -> 20488.6 | O25: =I25-I22 -> 6497
A26: 43040 | B26: =YEAR(A26) -> 2017 | C26: =C14 -> Q4 | D26: 7182.2 | E26: 7182.5 | F26: 572.5 | G26: 569.4 | H26: 764464.8 | I26: 771506 | J26: =D26-D14 -> 223.2 | K26: =E26-E14 -> 218.2 | L26: =F26-F14 -> -0.4 | M26: =G26-G14 -> -1.6 | N26: =H26-H14 -> 20488.6 | O26: =I26-I23 -> 6497
A27: 43070 | B27: =YEAR(A27) -> 2017 | C27: =C15 -> Q4 | D27: 7196.8 | E27: 7205 | F27: 576.4 | G27: 576.1 | H27: 764464.8 | I27: 771506 | J27: =D27-D15 -> 222.4 | K27: =E27-E15 -> 222 | L27: =F27-F15 -> 1.9 | M27: =G27-G15 -> 0.9 | N27: =H27-H15 -> 20488.6 | O27: =I27-I24 -> 6497
A28: 43101 | B28: =YEAR(A28) -> 2018 | C28: =C16 -> Q1 | D28: 7195 | E28: 7165 | F28: 580.5 | G28: 579.2 | H28: 789531.6 | I28: 779694 | J28: =D28-D16 -> 196.1 | K28: =E28-E16 -> 196.9 | L28: =F28-F16 -> 4.3 | M28: =G28-G16 -> 2.5 | N28: =H28-H16 -> 25066.8 | O28: =I28-I25 -> 8188
A29: 43132 | B29: =YEAR(A29) -> 2018 | C29: =C17 -> Q1 | D29: 7183.9 | E29: 7116 | F29: 580.2 | G29: 578.7 | H29: 789531.6 | I29: 779694 | J29: =D29-D17 -> 166.6 | K29: =E29-E17 -> 167.6 | L29: =F29-F17 -> 3 | M29: =G29-G17 -> 1.8 | N29: =H29-H17 -> 25066.8 | O29: =I29-I26 -> 8188
A30: 43160 | B30: =YEAR(A30) -> 2018 | C30: =C18 -> Q1 | D30: 7183.7 | E30: 7080.1 | F30: 584 | G30: 581 | H30: 789531.6 | I30: 779694 | J30: =D30-D18 -> 148.3 | K30: =E30-E18 -> 146.9 | L30: =F30-F18 -> 5.6 | M30: =G30-G18 -> 3.9 | N30: =H30-H18 -> 25066.8 | O30: =I30-I27 -> 8188
A31: 43191 | B31: =YEAR(A31) -> 2018 | C31: =C19 -> Q2 | D31: 7196 | E31: 7107.1 | F31: 590.8 | G31: 590.3 | H31: 789531.6 | I31: 785185 | J31: =D31-D19 -> 154.2 | K31: =E31-E19 -> 155.2 | L31: =F31-F19 -> 12.6 | M31: =G31-G19 -> 14.2 | N31: =H31-H19 -> 25066.8 | O31: =I31-I28 -> 5491
A32: 43221 | B32: =YEAR(A32) -> 2018 | C32: =C20 -> Q2 | D32: 7205 | E32: 7172.4 | F32: 593.7 | G32: 595.9 | H32: 789531.6 | I32: 785185 | J32: =D32-D20 -> 149.1 | K32: =E32-E20 -> 148.7 | L32: =F32-F20 -> 19.7 | M32: =G32-G20 -> 21.1 | N32: =H32-H20 -> 25066.8 | O32: =I32-I29 -> 5491
A33: 43252 | B33: =YEAR(A33) -> 2018 | C33: =C21 -> Q2 | D33: 7216.7 | E33: 7258 | F33: 593.7 | G33: 599.9 | H33: 789531.6 | I33: 785185 | J33: =D33-D21 -> 145.7 | K33: =E33-E21 -> 145.1 | L33: =F33-F21 -> 21 | M33: =G33-G21 -> 23.1 | N33: =H33-H21 -> 25066.8 | O33: =I33-I30 -> 5491
... A111: 45627 | B111: =YEAR(A111) -> 2024 | C111: =C99 -> Q4 | D111: 8187.7 | E111: 8176.6 | F111: 708.4 | G111: 702.3 | H111: 876619.7 | I111: 893201 | J111: =D111-D99 -> 135.2 | K111: =E111-E99 -> 127.6 | L111: =F111-F99 -> 17.4 | M111: =G111-G99 -> 14.7 | N111: =H111-H99 -> 10760.1 | O111: =I111-I108 -> 3122
A112: 45658 | B112: =YEAR(A112) -> 2025 | C112: =C100 -> Q1 | D112: 8205.7 | E112: 8161.4 | F112: 707.9 | G112: 701 | H112: =H100*(1+$W$11) -> 887796.6 | I112: =I100*(1+$W$11) -> 897095.98 | J112: =D112-D100 -> 154.7 | K112: =E112-E100 -> 141.7 | L112: =F112-F100 -> 18.8 | M112: =G112-G100 -> 15.9 | N112: =H112-H100 -> 11176.901 | O112: =I112-I109 -> 3894.9755
A113: 45689 | B113: =YEAR(A113) -> 2025 | C113: =C101 -> Q1 | D113: 8230 | E113: 8165.5 | F113: 707.4 | G113: 701.7 | H113: =H101*(1+$W$11) -> 887796.6 | I113: =I101*(1+$W$11) -> 897095.98 | J113: =D113-D101 -> 182.1 | K113: =E113-E101 -> 174.1 | L113: =F113-F101 -> 19.5 | M113: =G113-G101 -> 15.8 | N113: =H113-H101 -> 11176.901 | O113: =I113-I110 -> 3894.9755
A114: 45717 | B114: =YEAR(A114) -> 2025 | C114: =C102 -> Q1 | D114: 8233.8 | E114: 8155.5 | F114: 710 | G114: 705.5 | H114: =H102*(1+$W$11) -> 887796.6 | I114: =I102*(1+$W$11) -> 897095.98 | J114: =D114-D102 -> 167.8 | K114: =E114-E102 -> 166.9 | L114: =F114-F102 -> 27 | M114: =G114-G102 -> 25.3 | N114: =H114-H102 -> 11176.901 | O114: =I114-I111 -> 3894.9755
A115: 45748 | B115: =YEAR(A115) -> 2025 | C115: =C103 -> Q2 | D115: 8220.3 | E115: 8165.3 | F115: 708 | G115: 704.9 | H115: =H103*(1+$W$11) -> 887796.6 | I115: =I103*(1+$W$11) -> 900064.35 | J115: =D115-D103 -> 133.2 | K115: =E115-E103 -> 132 | L115: =F115-F103 -> 29.8 | M115: =G115-G103 -> 29.1 | N115: =H115-H103 -> 11176.901 | O115: =I115-I112 -> 2968.3702
A116: 45778 | B116: =YEAR(A116) -> 2025 | C116: =C104 -> Q2 | D116: 8204.4 | E116: 8198.1 | F116: 703.6 | G116: 705 | H116: =H104*(1+$W$11) -> 887796.6 | I116: =I104*(1+$W$11) -> 900064.35 | J116: =D116-D104 -> 84.7 | K116: =E116-E104 -> 84.5 | L116: =F116-F104 -> 27.1 | M116: =G116-G104 -> 26.8 | N116: =H116-H104 -> 11176.901 | O116: =I116-I113 -> 2968.3702
A117: 45809 | B117: =YEAR(A117) -> 2025 | C117: =C105 -> Q2 | D117: 8200 | E117: 8270 | F117: 694.7 | G117: 699.7 | H117: =H105*(1+$W$11) -> 887796.6 | I117: =I105*(1+$W$11) -> 900064.35 | J117: =D117-D105 -> 59.3 | K117: =E117-E105 -> 67.8 | L117: =F117-F105 -> 15.6 | M117: =G117-G105 -> 12.9 | N117: =H117-H105 -> 11176.901 | O117: =I117-I114 -> 2968.3702
A118: 45839 | B118: =YEAR(A118) -> 2025 | C118: =C106 -> Q3 | D118: 8207.5 | E118: 8308.4 | F118: 692.8 | G118: 704.2 | H118: =H106*(1+$W$11) -> 887796.6 | I118: =I106*(1+$W$11) -> 901427.51 | J118: =D118-D106 -> 46.5 | K118: =E118-E106 -> 55.3 | L118: =F118-F106 -> 10.1 | M118: =G118-G106 -> 7.5 | N118: =H118-H106 -> 11176.901 | O118: =I118-I115 -> 1363.1615
A119: 45870 | B119: =YEAR(A119) -> 2025 | C119: =C107 -> Q3 | D119: 8204.9 | E119: 8291.7 | F119: 687.5 | G119: 697.8 | H119: =H107*(1+$W$11) -> 887796.6 | I119: =I107*(1+$W$11) -> 901427.51 | J119: =D119-D107 -> 37.9 | K119: =E119-E107 -> 46.6 | L119: =F119-F107 -> -2.8 | M119: =G119-G107 -> -4.5 | N119: =H119-H107 -> 11176.901 | O119: =I119-I116 -> 1363.1615
A120: 45901 | B120: =YEAR(A120) -> 2025 | C120: =C108 -> Q3 | D120: 8202.2 | E120: 8234.3 | F120: 678.5 | G120: 682.4 | H120: =H108*(1+$W$11) -> 887796.6 | I120: =I108*(1+$W$11) -> 901427.51 | J120: =D120-D108 -> 19.3 | K120: =E120-E108 -> 17.1 | L120: =F120-F108 -> -21.4 | M120: =G120-G108 -> -21.1 | N120: =H120-H108 -> 11176.901 | O120: =I120-I117 -> 1363.1615
A121: 45931 | B121: =YEAR(A121) -> 2025 | C121: =C109 -> Q4 | D121: 8214.3 | E121: 8223.9 | F121: 670.2 | G121: 667.6 | H121: =H109*(1+$W$11) -> 887796.6 | I121: =I109*(1+$W$11) -> 904589.31 | J121: =D121-D109 -> 29.8 | K121: =E121-E109 -> 26.3 | L121: =F121-F109 -> -36.2 | M121: =G121-G109 -> -35.2 | N121: =H121-H109 -> 11176.901 | O121: =I121-I118 -> 3161.8055
A122: 45962 | B122: =YEAR(A122) -> 2025 | C122: =C110 -> Q4 | D122: 8236.4 | E122: 8231.3 | F122: 665.6 | G122: 658 | H122: =H110*(1+$W$11) -> 887796.6 | I122: =I110*(1+$W$11) -> 904589.31 | J122: =D122-D110 -> 51 | K122: =E122-E110 -> 46.2 | L122: =F122-F110 -> -42.7 | M122: =G122-G110 -> -42.7 | N122: =H122-H110 -> 11176.901 | O122: =I122-I119 -> 3161.8055
A123: 45992 | B123: =YEAR(A123) -> 2025 | C123: =C111 -> Q4 | D123: 8261.1 | E123: 8248.1 | F123: 670.8 | G123: 665.2 | H123: =H111*(1+$W$11) -> 887796.6 | I123: =I111*(1+$W$11) -> 904589.31 | J123: =D123-D111 -> 73.4 | K123: =E123-E111 -> 71.5 | L123: =F123-F111 -> -37.6 | M123: =G123-G111 -> -37.1 | N123: =H123-H111 -> 11176.901 | O123: =I123-I120 -> 3161.8055
A124: 46023 | B124: =YEAR(A124) -> 2026 | C124: =C112 -> Q1 | D124: 8246.3 | E124: 8199.4 | F124: 672.5 | G124: 664.6 | H124: =H112*(1+$W$12) -> 895342.87 | I124: =I112*(1+$W$12) -> 904721.29 | J124: =D124-D112 -> 40.6 | K124: =E124-E112 -> 38 | L124: =F124-F112 -> -35.4 | M124: =G124-G112 -> -36.4 | N124: =H124-H112 -> 7546.2711 | O124: =I124-I121 -> 131.97854
A125: 46054 | B125: =YEAR(A125) -> 2026 | C125: =C113 -> Q1 | D125: 8231.3 | E125: 8158.1 | F125: 677 | G125: 672.1 | H125: =H113*(1+$W$12) -> 895342.87 | I125: =I113*(1+$W$12) -> 904721.29 | J125: =D125-D113 -> 1.3 | K125: =E125-E113 -> -7.4 | L125: =F125-F113 -> -30.4 | M125: =G125-G113 -> -29.6 | N125: =H125-H113 -> 7546.2711 | O125: =I125-I122 -> 131.97854
A126: 46082 | B126: =YEAR(A126) -> 2026 | C126: =C114 -> Q1 | D126: =D114*(1+$W$17) -> 8231.7415 | E126: =E114*(1+$W$17) -> 8153.4611 | F126: =F114*(1+$W$17) -> 709.8225 | G126: =G114*(1+$W$17) -> 705.32362 | H126: =H114*(1+$W$12) -> 895342.87 | I126: =I114*(1+$W$12) -> 904721.29 | J126: =D126-D114 -> -2.05845 | K126: =E126-E114 -> -2.038875 | L126: =F126-F114 -> -0.1775 | M126: =G126-G114 -> -0.176375 | N126: =H126-H114 -> 7546.2711 | O126: =I126-I123 -> 131.97854
A127: 46113 | B127: =YEAR(A127) -> 2026 | C127: =C115 -> Q2 | D127: =D115*(1+$W$17) -> 8218.2449 | E127: =E115*(1+$W$17) -> 8163.2587 | F127: =F115*(1+$W$17) -> 707.823 | G127: =G115*(1+$W$17) -> 704.72378 | H127: =H115*(1+$W$12) -> 895342.87 | I127: =I115*(1+$W$12) -> 907714.89 | J127: =D127-D115 -> -2.055075 | K127: =E127-E115 -> -2.041325 | L127: =F127-F115 -> -0.177 | M127: =G127-G115 -> -0.176225 | N127: =H127-H115 -> 7546.2711 | O127: =I127-I124 -> 2993.6014
A128: 46143 | B128: =YEAR(A128) -> 2026 | C128: =C116 -> Q2 | D128: =D116*(1+$W$17) -> 8202.3489 | E128: =E116*(1+$W$17) -> 8196.0505 | F128: =F116*(1+$W$17) -> 703.4241 | G128: =G116*(1+$W$17) -> 704.82375 | H128: =H116*(1+$W$12) -> 895342.87 | I128: =I116*(1+$W$12) -> 907714.89 | J128: =D128-D116 -> -2.0511 | K128: =E128-E116 -> -2.049525 | L128: =F128-F116 -> -0.1759 | M128: =G128-G116 -> -0.17625 | N128: =H128-H116 -> 7546.2711 | O128: =I128-I125 -> 2993.6014
A129: 46174 | B129: =YEAR(A129) -> 2026 | C129: =C117 -> Q2 | D129: =D117*(1+$W$17) -> 8197.95 | E129: =E117*(1+$W$17) -> 8267.9325 | F129: =F117*(1+$W$17) -> 694.52633 | G129: =G117*(1+$W$17) -> 699.52508 | H129: =H117*(1+$W$12) -> 895342.87 | I129: =I117*(1+$W$12) -> 907714.89 | J129: =D129-D117 -> -2.05 | K129: =E129-E117 -> -2.0675 | L129: =F129-F117 -> -0.173675 | M129: =G129-G117 -> -0.174925 | N129: =H129-H117 -> 7546.2711 | O129: =I129-I126 -> 2993.6014
A130: 46204 | B130: =YEAR(A130) -> 2026 | C130: =C118 -> Q3 | D130: =D118*(1+$W$17) -> 8205.4481 | E130: =E118*(1+$W$17) -> 8306.3229 | F130: =F118*(1+$W$17) -> 692.6268 | G130: =G118*(1+$W$17) -> 704.02395 | H130: =H118*(1+$W$12) -> 895342.87 | I130: =I118*(1+$W$12) -> 909089.64 | J130: =D130-D118 -> -2.051875 | K130: =E130-E118 -> -2.0771 | L130: =F130-F118 -> -0.1732 | M130: =G130-G118 -> -0.17605 | N130: =H130-H118 -> 7546.2711 | O130: =I130-I127 -> 1374.7484
A131: 46235 | B131: =YEAR(A131) -> 2026 | C131: =C119 -> Q3 | D131: =D119*(1+$W$17) -> 8202.8488 | E131: =E119*(1+$W$17) -> 8289.6271 | F131: =F119*(1+$W$17) -> 687.32812 | G131: =G119*(1+$W$17) -> 697.62555 | H131: =H119*(1+$W$12) -> 895342.87 | I131: =I119*(1+$W$12) -> 909089.64 | J131: =D131-D119 -> -2.051225 | K131: =E131-E119 -> -2.072925 | L131: =F131-F119 -> -0.171875 | M131: =G131-G119 -> -0.17445 | N131: =H131-H119 -> 7546.2711 | O131: =I131-I128 -> 1374.7484
A132: 46266 | B132: =YEAR(A132) -> 2026 | C132: =C120 -> Q3 | D132: =D120*(1+$W$17) -> 8200.1495 | E132: =E120*(1+$W$17) -> 8232.2414 | F132: =F120*(1+$W$17) -> 678.33038 | G132: =G120*(1+$W$17) -> 682.2294 | H132: =H120*(1+$W$12) -> 895342.87 | I132: =I120*(1+$W$12) -> 909089.64 | J132: =D132-D120 -> -2.05055 | K132: =E132-E120 -> -2.058575 | L132: =F132-F120 -> -0.169625 | M132: =G132-G120 -> -0.1706 | N132: =H132-H120 -> 7546.2711 | O132: =I132-I129 -> 1374.7484
A133: 46296 | B133: =YEAR(A133) -> 2026 | C133: =C121 -> Q4 | D133: =D121*(1+$W$17) -> 8212.2464 | E133: =E121*(1+$W$17) -> 8221.844 | F133: =F121*(1+$W$17) -> 670.03245 | G133: =G121*(1+$W$17) -> 667.4331 | H133: =H121*(1+$W$12) -> 895342.87 | I133: =I121*(1+$W$12) -> 912278.32 | J133: =D133-D121 -> -2.053575 | K133: =E133-E121 -> -2.055975 | L133: =F133-F121 -> -0.16755 | M133: =G133-G121 -> -0.1669 | N133: =H133-H121 -> 7546.2711 | O133: =I133-I130 -> 3188.6808
A134: 46327 | B134: =YEAR(A134) -> 2026 | C134: =C122 -> Q4 | D134: =D122*(1+$W$17) -> 8234.3409 | E134: =E122*(1+$W$17) -> 8229.2422 | F134: =F122*(1+$W$17) -> 665.4336 | G134: =G122*(1+$W$17) -> 657.8355 | H134: =H122*(1+$W$12) -> 895342.87 | I134: =I122*(1+$W$12) -> 912278.32 | J134: =D134-D122 -> -2.0591 | K134: =E134-E122 -> -2.057825 | L134: =F134-F122 -> -0.1664 | M134: =G134-G122 -> -0.1645 | N134: =H134-H122 -> 7546.2711 | O134: =I134-I131 -> 3188.6808
A135: 46357 | B135: =YEAR(A135) -> 2026 | C135: =C123 -> Q4 | D135: =D123*(1+$W$17) -> 8259.0347 | E135: =E123*(1+$W$17) -> 8246.038 | F135: =F123*(1+$W$17) -> 670.6323 | G135: =G123*(1+$W$17) -> 665.0337 | H135: =H123*(1+$W$12) -> 895342.87 | I135: =I123*(1+$W$12) -> 912278.32 | J135: =D135-D123 -> -2.065275 | K135: =E135-E123 -> -2.062025 | L135: =F135-F123 -> -0.1677 | M135: =G135-G123 -> -0.1663 | N135: =H135-H123 -> 7546.2711 | O135: =I135-I132 -> 3188.6808
A136: 46388 | B136: =YEAR(A136) -> 2027 | C136: =C124 -> Q1 | D136: =D124*(1+$W$18) -> 8289.5931 | E136: =E124*(1+$W$18) -> 8242.4469 | F136: =F124*(1+$W$18) -> 676.03062 | G136: =G124*(1+$W$18) -> 668.08915 | H136: =H124*(1+$W$13) -> 911011.37 | I136: =I124*(1+$W$13) -> 920553.91 | J136: =D136-D124 -> 43.293075 | K136: =E136-E124 -> 43.04685 | L136: =F136-F124 -> 3.530625 | M136: =G136-G124 -> 3.48915 | N136: =H136-H124 -> 15668.5 | O136: =I136-I133 -> 8275.592
A137: 46419 | B137: =YEAR(A137) -> 2027 | C137: =C125 -> Q1 | D137: =D125*(1+$W$18) -> 8274.5143 | E137: =E125*(1+$W$18) -> 8200.93 | F137: =F125*(1+$W$18) -> 680.55425 | G137: =G125*(1+$W$18) -> 675.62852 | H137: =H125*(1+$W$13) -> 911011.37 | I137: =I125*(1+$W$13) -> 920553.91 | J137: =D137-D125 -> 43.214325 | K137: =E137-E125 -> 42.830025 | L137: =F137-F125 -> 3.55425 | M137: =G137-G125 -> 3.528525 | N137: =H137-H125 -> 15668.5 | O137: =I137-I134 -> 8275.592
A138: 46447 | B138: =YEAR(A138) -> 2027 | C138: =C126 -> Q1 | D138: =D126*(1+$W$18) -> 8274.9582 | E138: =E126*(1+$W$18) -> 8196.2668 | F138: =F126*(1+$W$18) -> 713.54907 | G138: =G126*(1+$W$18) -> 709.02657 | H138: =H126*(1+$W$13) -> 911011.37 | I138: =I126*(1+$W$13) -> 920553.91 | J138: =D138-D126 -> 43.216643 | K138: =E138-E126 -> 42.805671 | L138: =F138-F126 -> 3.7265681 | M138: =G138-G126 -> 3.702949 | N138: =H138-H126 -> 15668.5 | O138: =I138-I135 -> 8275.592
A139: 46478 | B139: =YEAR(A139) -> 2027 | C139: =C127 -> Q2 | D139: =D127*(1+$W$18) -> 8261.3907 | E139: =E127*(1+$W$18) -> 8206.1158 | F139: =F127*(1+$W$18) -> 711.53907 | G139: =G127*(1+$W$18) -> 708.42357 | H139: =H127*(1+$W$13) -> 911011.37 | I139: =I127*(1+$W$13) -> 923599.9 | J139: =D139-D127 -> 43.145786 | K139: =E139-E127 -> 42.857108 | L139: =F139-F127 -> 3.7160707 | M139: =G139-G127 -> 3.6997998 | N139: =H139-H127 -> 15668.5 | O139: =I139-I136 -> 3045.9894
A140: 46508 | B140: =YEAR(A140) -> 2027 | C140: =C128 -> Q2 | D140: =D128*(1+$W$18) -> 8245.4112 | E140: =E128*(1+$W$18) -> 8239.0797 | F140: =F128*(1+$W$18) -> 707.11708 | G140: =G128*(1+$W$18) -> 708.52407 | H140: =H128*(1+$W$13) -> 911011.37 | I140: =I128*(1+$W$13) -> 923599.9 | J140: =D140-D128 -> 43.062332 | K140: =E140-E128 -> 43.029265 | L140: =F140-F128 -> 3.6929765 | M140: =G140-G128 -> 3.7003247 | N140: =H140-H128 -> 15668.5 | O140: =I140-I137 -> 3045.9894
A141: 46539 | B141: =YEAR(A141) -> 2027 | C141: =C129 -> Q2 | D141: =D129*(1+$W$18) -> 8240.9892 | E141: =E129*(1+$W$18) -> 8311.3391 | F141: =F129*(1+$W$18) -> 698.17259 | G141: =G129*(1+$W$18) -> 703.19758 | H141: =H129*(1+$W$13) -> 911011.37 | I141: =I129*(1+$W$13) -> 923599.9 | J141: =D141-D129 -> 43.039237 | K141: =E141-E129 -> 43.406646 | L141: =F141-F129 -> 3.6462632 | M141: =G141-G129 -> 3.6725066 | N141: =H141-H129 -> 15668.5 | O141: =I141-I138 -> 3045.9894
A142: 46569 | B142: =YEAR(A142) -> 2027 | C142: =C130 -> Q3 | D142: =D130*(1+$W$18) -> 8248.5267 | E142: =E130*(1+$W$18) -> 8349.9311 | F142: =F130*(1+$W$18) -> 696.26309 | G142: =G130*(1+$W$18) -> 707.72008 | H142: =H130*(1+$W$13) -> 911011.37 | I142: =I130*(1+$W$13) -> 924998.71 | J142: =D142-D130 -> 43.078603 | K142: =E142-E130 -> 43.608195 | L142: =F142-F130 -> 3.6362907 | M142: =G142-G130 -> 3.6961257 | N142: =H142-H130 -> 15668.5 | O142: =I142-I139 -> 1398.8065
A143: 46600 | B143: =YEAR(A143) -> 2027 | C143: =C131 -> Q3 | D143: =D131*(1+$W$18) -> 8245.9137 | E143: =E131*(1+$W$18) -> 8333.1476 | F143: =F131*(1+$W$18) -> 690.9366 | G143: =G131*(1+$W$18) -> 701.28808 | H143: =H131*(1+$W$13) -> 911011.37 | I143: =I131*(1+$W$13) -> 924998.71 | J143: =D143-D131 -> 43.064956 | K143: =E143-E131 -> 43.520542 | L143: =F143-F131 -> 3.6084727 | M143: =G143-G131 -> 3.6625341 | N143: =H143-H131 -> 15668.5 | O143: =I143-I140 -> 1398.8065
A144: 46631 | B144: =YEAR(A144) -> 2027 | C144: =C132 -> Q3 | D144: =D132*(1+$W$18) -> 8243.2002 | E144: =E132*(1+$W$18) -> 8275.4607 | F144: =F132*(1+$W$18) -> 681.89161 | G144: =G132*(1+$W$18) -> 685.8111 | H144: =H132*(1+$W$13) -> 911011.37 | I144: =I132*(1+$W$13) -> 924998.71 | J144: =D144-D132 -> 43.050785 | K144: =E144-E132 -> 43.219267 | L144: =F144-F132 -> 3.5612345 | M144: =G144-G132 -> 3.5817043 | N144: =H144-H132 -> 15668.5 | O144: =I144-I141 -> 1398.8065
A145: 46661 | B145: =YEAR(A145) -> 2027 | C145: =C133 -> Q4 | D145: =D133*(1+$W$18) -> 8255.3607 | E145: =E133*(1+$W$18) -> 8265.0087 | F145: =F133*(1+$W$18) -> 673.55012 | G145: =G133*(1+$W$18) -> 670.93712 | H145: =H133*(1+$W$13) -> 911011.37 | I145: =I133*(1+$W$13) -> 928243.19 | J145: =D145-D133 -> 43.114294 | K145: =E145-E133 -> 43.164681 | L145: =F145-F133 -> 3.5176704 | M145: =G145-G133 -> 3.5040238 | N145: =H145-H133 -> 15668.5 | O145: =I145-I142 -> 3244.4828
A146: 46692 | B146: =YEAR(A146) -> 2027 | C146: =C134 -> Q4 | D146: =D134*(1+$W$18) -> 8277.5712 | E146: =E134*(1+$W$18) -> 8272.4457 | F146: =F134*(1+$W$18) -> 668.92713 | G146: =G134*(1+$W$18) -> 661.28914 | H146: =H134*(1+$W$13) -> 911011.37 | I146: =I134*(1+$W$13) -> 928243.19 | J146: =D146-D134 -> 43.23029 | K146: =E146-E134 -> 43.203521 | L146: =F146-F134 -> 3.4935264 | M146: =G146-G134 -> 3.4536364 | N146: =H146-H134 -> 15668.5 | O146: =I146-I143 -> 3244.4828
A147: 46722 | B147: =YEAR(A147) -> 2027 | C147: =C135 -> Q4 | D147: =D135*(1+$W$18) -> 8302.3947 | E147: =E135*(1+$W$18) -> 8289.3297 | F147: =F135*(1+$W$18) -> 674.15312 | G147: =G135*(1+$W$18) -> 668.52513 | H147: =H135*(1+$W$13) -> 911011.37 | I147: =I135*(1+$W$13) -> 928243.19 | J147: =D147-D135 -> 43.359932 | K147: =E147-E135 -> 43.291699 | L147: =F147-F135 -> 3.5208196 | M147: =G147-G135 -> 3.4914269 | N147: =H147-H135 -> 15668.5 | O147: =I147-I144 -> 3244.4828

Sheet Weather
D1: MeanTemp | E1: HDD20 | F1: CDD20 | G1: HDD18 | H1: CDD18 | I1: HDD16 | J1: CDD16 | K1: HDD14 | L1: CDD14 | M1: HDD12 | N1: CDD12 | O1: HDD10 | P1: CDD10 | Q1: HDD8 | R1: CDD8 | V1: 1 | W1: =V1+1 -> 2 | X1: =W1+1 -> 3 | Y1: =X1+1 -> 4 | Z1: =Y1+1 -> 5 | AA1: =Z1+1 -> 6 | AB1: =AA1+1 -> 7 | AC1: =AB1+1 -> 8 | AD1: =AC1+1 -> 9 | ... AG1: =AF1+1 -> 12 | AJ1: 1 | AK1: =AJ1+1 -> 2 | AL1: =AK1+1 -> 3 | AM1: =AL1+1 -> 4 | AN1: =AM1+1 -> 5 | AO1: =AN1+1 -> 6 | AP1: =AO1+1 -> 7 | AQ1: =AP1+1 -> 8 | AR1: =AQ1+1 -> 9 | ... AU1: =AT1+1 -> 12 | AX1: 1 | AY1: =AX1+1 -> 2 | AZ1: =AY1+1 -> 3 | BA1: =AZ1+1 -> 4 | BB1: =BA1+1 -> 5 | BC1: =BB1+1 -> 6 | BD1: =BC1+1 -> 7 | BE1: =BD1+1 -> 8 | BF1: =BE1+1 -> 9 | ... BI1: =BH1+1 -> 12 | BL1: 1 | BM1: =BL1+1 -> 2 | BN1: =BM1+1 -> 3 | BO1: =BN1+1 -> 4 | BP1: =BO1+1 -> 5 | BQ1: =BP1+1 -> 6 | BR1: =BQ1+1 -> 7 | BS1: =BR1+1 -> 8 | BT1: =BS1+1 -> 9 | ... BW1: =BV1+1 -> 12 | BZ1: 1 | CA1: =BZ1+1 -> 2 | CB1: =CA1+1 -> 3 | CC1: =CB1+1 -> 4 | CD1: =CC1+1 -> 5 | CE1: =CD1+1 -> 6 | CF1: =CE1+1 -> 7 | CG1: =CF1+1 -> 8 | CH1: =CG1+1 -> 9 | ... CK1: =CJ1+1 -> 12 | CN1: 1 | CO1: =CN1+1 -> 2 | CP1: =CO1+1 -> 3 | CQ1: =CP1+1 -> 4 | CR1: =CQ1+1 -> 5 | CS1: =CR1+1 -> 6 | CT1: =CS1+1 -> 7 | CU1: =CT1+1 -> 8 | CV1: =CU1+1 -> 9 | ... CY1: =CX1+1 -> 12 | DB1: 1 | DC1: =DB1+1 -> 2 | DD1: =DC1+1 -> 3 | DE1: =DD1+1 -> 4 | DF1: =DE1+1 -> 5 | DG1: =DF1+1 -> 6 | DH1: =DG1+1 -> 7 | DI1: =DH1+1 -> 8 | DJ1: =DI1+1 -> 9 | ... DM1: =DL1+1 -> 12 | DP1: ='Monthly Data'!F1 -> Res_NoCDM | DQ1: ='Monthly Data'!J1 -> GS_lt_50_NoCDM | DR1: ='Monthly Data'!N1 -> GS_gt_50_NoCDM
A2: 42370 | B2: 2016 | C2: 1 | D2: -8.6215726 | E2: 887.26875 | F2: 0 | G2: 825.26875 | H2: 0 | I2: 763.26875 | J2: 0 | K2: 701.26875 | L2: 0 | M2: 639.26875 | N2: 0 | O2: 577.26875 | P2: 0 | Q2: 515.26875 | R2: 0 | DP2: ='Monthly Data'!F2 -> 18730.361 | DQ2: ='Monthly Data'!J2 -> 17466.899 | DR2: ='Monthly Data'!N2 -> 15958.101
